Workbook

Sheet SUMMARY
B2: SCHEDULED MAINTENANCE OF THEATRE HVAC SYSTEMS IN CLUSTER FOUR (4)
B4: ='SCHED 1A-1_NMB_SB'!B2 -> CONTRACT REF. NO: | D4: SCMU3-24/25-0657-HO | E4: Cluster/District: | F4: NELSON MANDELA AND SARAH BAARTMAN
B6: ='SCHED 1A-1_NMB_SB'!B3 -> ASSET TYPE: | D6: ='SCHED 1A-1_NMB_SB'!D3 -> HVAC THEATRE
B8: SCHEDULE NUMBER | C8: DESCRIPTION | F8: TENDER AMOUNT
B10: 1A-1 | C10: NMB and Sarah Baartman | D10: ='SCHED 1A-1_NMB_SB'!D4 -> FIXED CHARGE AND VALUE RELATED ITEMS APPLICABLE TO ALL WORK
B12: 1A-2 | C12: NMB and Sarah Baartman | D12: ='SCHED 1A-2_NMB_SB'!D5 -> FIXED CHARGE AND VALUE RELATED ITEMS APPLICABLE TO ALL WORK (continued)
B14: 2A-1 | C14: NMB and Sarah Baartman | D14: ='SCHED 2A-1_PS PROV Hosp'!D4 -> PE PROVINCIAL HOSPITAL THEATRE HVAC
B16: 2A-2 | C16: NMB and Sarah Baartman | D16: ='SCHED 2A-2_Motherwell CHC'!D4 -> MOTHERWELL CHC THEATRE HVAC
B18: 2A-3 | C18: NMB and Sarah Baartman | D18: ='SCHED 2A-3_Livingstone Hosp'!D4 -> LIVINGSTONE HOSPITAL THEATRE HVAC
B20: 2A-4 | C20: NMB and Sarah Baartman | D20: ='SCHED 2A_4_Uitenhage Hosp'!D6 -> UITENHAGE HOSPITAL THEATRE HVAC
B22: 2A-5 | C22: NMB and Sarah Baartman | D22: ='SCHED 2A-5_Settlers Hosp'!D6 -> SETTLERS HOSPITAL THEATRE HVAC
B24: 2A-6 | C24: NMB and Sarah Baartman | D24: ='SCHED 2A-6_Andries Vosloo Hosp'!D5 -> ANDRIES VOSLOO HOSPITAL THEATRE HVAC
B26: 2A-7 | C26: NMB and Sarah Baartman | D26: ='SCHED 2A-7_Sundays R Hosp (2)'!D6 -> SUNDAYS RIVER VALLEY HOSPITAL THEATRE HVAC
B28: 2A-8 | C28: NMB and Sarah Baartman | D28: ='SCHED 2A-8_Humansdorp Hosp'!D6 -> HUMANSDORP HOSPITAL THEATRE HVAC
B30: 3 | C30: ='SCHEDULE 3'!D6 -> MAINTENANCE SERVICE SCHEDULE
B32: 4 | C32: ='SCHEDULE 4'!D6 -> TERM REPAIRS SUBJECT TO APPROVAL OF QUOTATION OF THE WORKS
B42: SUBTOTAL AMOUNT OF WORKS (EXCL VAT)
B43: ALLOWANCE FOR VAT AT 15.0%
B44: TOTAL AMOUNT OF WORKS (INCL VAT) - ENTER THIS AMOUNT TO FORM OF OFFER

Sheet SCHED 1A-1_NMB_SB
B1: =SUMMARY!B2 -> SCHEDULED MAINTENANCE OF THEATRE HVAC SYSTEMS IN CLUSTER FOUR (4)
B2: CONTRACT REF. NO: | D2: =SUMMARY!D4 -> SCMU3-24/25-0657-HO | E2: Cluster/District: | G2: =SUMMARY!F4 -> NELSON MANDELA AND SARAH BAARTMAN
B3: ASSET TYPE: | D3: HVAC THEATRE
B4: SCHEDULE 1A-1: | D4: FIXED CHARGE AND VALUE RELATED ITEMS APPLICABLE TO ALL WORK
B6: ITEM Nr. | C6: PAYMENT REFERS | D6: DESCRIPTION | E6: UNIT | F6: QTY | G6: RATE | H6: AMOUNT
B7: 1 | C7: GM 2.5 | D7: COMPLIANCE: Contract conditions, Sureties, traveling, allowance
B8: 1.1 | D8: Port Elizabeth Provincial Hospital | E8: Item | F8: 1
B9: 1.2 | D9: Motherwell CHC | E9: Item | F9: 1
B10: 1.3 | D10: Livingstone Hospital | E10: Item | F10: 1
B11: 1.4 | D11: Uitenhage Hospital | E11: Item | F11: 1
B12: 1.5 | D12: Port Alfred Hospital | E12: Item | F12: 1
B13: 1.6 | D13: Settlers Hospital | E13: Item | F13: 1
B14: 1.7 | D14: Andries Vosloo Hospital | E14: Item | F14: 1
B15: 1.8 | D15: Sundays Valley Hospital | E15: Item | F15: 1
B19: 2 | C19: GM 2.5 & 3.2 | D19: SITE ESTABLISHMENT, STORAGE FACILITIES, DE-ESTABLISHMENT (Cleaning and tiding up after completion)
B20: 2.1 | D20: Port Elizabeth Provincial Hospital | E20: Item | F20: 1
B21: 2.2 | D21: Motherwell CHC | E21: Item | F21: 1
B22: 2.3 | D22: Livingstone Hospital | E22: Item | F22: 1
B23: 2.4 | D23: Uitenhage Hospital | E23: Item | F23: 1
B24: 2.5 | D24: Port Alfred Hospital | E24: Item | F24: 1
B25: 2.6 | D25: Settlers Hospital | E25: Item | F25: 1
B26: 2.7 | D26: Andries Vosloo Hospital | E26: Item | F26: 1
B27: 2.8 | D27: Sundays Valley Hospital | E27: Item | F27: 1
B31: 3 | C31: GM 2.7 | D31: COMPILING OF OPERATING AND MAINTENANCE MANUALS : Compile three sets of O&M Manuals per site, this includes As-built drawings.
B32: 3.1 | D32: Port Elizabeth Provincial Hospital | E32: Item | F32: 1
B33: 3.2 | D33: Motherwell CHC | E33: Item | F33: 1
B34: 3.3 | D34: Livingstone Hospital | E34: Item | F34: 1
B35: 3.4 | D35: Uitenhage Hospital | E35: Item | F35: 1
B36: 3.5 | D36: Port Alfred Hospital | E36: Item | F36: 1
B37: 3.6 | D37: Settlers Hospital | E37: Item | F37: 1
B38: 3.7 | D38: Andries Vosloo Hospital | E38: Item | F38: 1
B39: 3.8 | D39: Sundays Valley Hospital | E39: Item | F39: 1
B43: TOTAL CARRIED FORWARD TO SUMMARY | H43: =SUM(H8:H42) -> 0

Sheet SCHED 1A-2_NMB_SB
B1: ='SCHED 1A-1_NMB_SB'!B1 -> SCHEDULED MAINTENANCE OF THEATRE HVAC SYSTEMS IN CLUSTER FOUR (4)
B2: CONTRACT REF. NO: | D2: ='SCHED 1A-1_NMB_SB'!D2 -> SCMU3-24/25-0657-HO | E2: Cluster/District: | G2: =SUMMARY!F4 -> NELSON MANDELA AND SARAH BAARTMAN
B3: ASSET TYPE: | D3: ='SCHED 1A-1_NMB_SB'!D3 -> HVAC THEATRE
B5: SCHEDULE 1A-2: | D5: FIXED CHARGE AND VALUE RELATED ITEMS APPLICABLE TO ALL WORK (continued)
B7: ITEM Nr. | C7: PAYMENT REFERS | D7: DESCRIPTION | E7: UNIT | F7: QTY | G7: RATE | H7: AMOUNT
B8: 4 | C8: SS 8 & 9 | D8: OPERATOR AND MAINTAINER TRAINING : Provide Operator and Maintainer training
B9: 4.1 | D9: Port Elizabeth Provincial Hospital | E9: Hrs | F9: 4.5
B10: 4.2 | D10: Motherwell CHC | E10: Hrs | F10: 4.5
B11: 4.3 | D11: Livingstone Hospital | E11: Hrs | F11: 4.5
B12: 4.4 | D12: Uitenhage Hospital | E12: Hrs | F12: 4.5
B13: 4.5 | D13: Port Alfred Hospital | E13: Hrs | F13: 4.5
B14: 4.6 | D14: Settlers Hospital | E14: Hrs | F14: 4.5
B15: 4.7 | D15: Andries Vosloo Hospital | E15: Hrs | F15: 4.5
B16: 4.8 | D16: Sundays Valley Hospital | E16: Hrs | F16: 4.5
M20: =5000/29 -> 172.41379 | N20: =M20*11 -> 1896.5517
B21: 5 | C21: GM 2.15 | D21: ENVIRONMENTAL MANAGEMENT PLAN : The Contractor must compile a basic Environmental plan specific to the type of work that he will be performing at the Health Facilities as per C3.2 | E21: Item | F21: 11
B22: 6 | C22: GM 2.15 | D22: OCCUPATIONAL HEALTH AND SAFETY ACT COMPLIANCE COST : The Contractor must comply to the project Health and Safety Specification specific to the type of work that he will be performing on site as per C3.2 | E22: Month | F22: 36
B23: 7 | C23: Clause 83.1 | D23: INSURANCE : LIMITATION OF LIABILITY (Amounts applicable for whole Contract)
B24: 7.1 | D24: Provision for General Contractor's Insurance (Minimum liability limit must be equal to R2,000 000) to cover requirements of Clause 83.1 in Contract Data | E24: Month | F24: 36
B25: 8 | C25: X13 | D25: PERFORMANCE BOND (Amounts applicable for whole Contract)
B26: 8.1 | D26: Provision for a Performance bond of not less than 2,5% of the Tender Value | E26: Month | F26: 36
B28: 9 | D28: INSPECTION BY SPECIALISTS
B29: 5 | C29: GM 3 | D29: MAINTENANCE CONTROL PLAN : Compiling of a detailed Maintenance Control Plan for each Health Facility included in this Tender (See SS 3 for facility listing)
B30: 5.1 | D30: Port Elizabeth Provincial Hospital | E30: item | F30: 1
B31: 5.2 | D31: Motherwell CHC | E31: item | F31: 1
B32: 5.3 | D32: Livingstone Hospital | E32: item | F32: 1
B33: 5.4 | D33: Uitenhage Hospital | E33: item | F33: 1
B34: 5.5 | D34: Port Alfred Hospital | E34: item | F34: 1
B35: 5.6 | D35: Settlers Hospital | E35: item | F35: 1
B36: 5.7 | D36: Andries Vosloo Hospital | E36: item | F36: 1
B37: 5.8 | D37: Sundays Valley Hospital | E37: item | F37: 1
B41: 6 | C41: SS15 | D41: IN-SERVICE TRAINING OF GRADUATES AND INTERNS : Provisional Sum to pay the costs associated with employing nominated Interns and Graduates for the duration of the Contract
B42: 6.1 | D42: Interns | E42: Months | F42: 36 | G42: 6000 | H42: =F42*G42 -> 216000
B43: 6.2 | D43: Interns | E43: Months | F43: 36 | G43: 6000 | H43: =F43*G43 -> 216000
B44: 6.3 | D44: Graduates | E44: Months | F44: 36 | G44: 8000 | H44: =F44*G44 -> 288000
B45: 6.4 | D45: Graduates | E45: Months | F45: 36 | G45: 8000 | H45: =F45*G45 -> 288000
B46: 6.5 | D46: Direct Fee Percentage (Mark-up) to be charged by Contractor on amount above | E46: %
B47: 7 | C47: SS16 | D47: PROVISION OF ASSET APPLICABLE ACCREDITED TRAINING : Arranging of Accredited Asset Applicable Training for Operating and Maintenance Staff as per SS16 | E47: Psum | F47: 1 | G47: 345000 | H47: =G47*F47 -> 345000
B48: 7.1 | C48: Clause 11.2(8) | D48: Direct Fee Percentage (Mark-up) to be charged by Contractor on amount above | E48: %
B50: TOTAL CARRIED FORWARD TO SUMMARY

Sheet SCHED 2A-1_PS PROV Hosp
B1: ='SCHED 1A-2_NMB_SB'!B1 -> SCHEDULED MAINTENANCE OF THEATRE HVAC SYSTEMS IN CLUSTER FOUR (4)
B2: ='SCHED 1A-1_NMB_SB'!B2 -> CONTRACT REF. NO: | D2: ='SCHED 1A-1_NMB_SB'!D2 -> SCMU3-24/25-0657-HO | E2: Cluster/District: | G2: ='SCHED 1A-1_NMB_SB'!G2 -> NELSON MANDELA AND SARAH BAARTMAN
B3: ='SCHED 1A-1_NMB_SB'!B3 -> ASSET TYPE: | D3: ='SCHED 1A-1_NMB_SB'!D3 -> HVAC THEATRE
B4: SCHEDULE 2A-1: | D4: PE PROVINCIAL HOSPITAL THEATRE HVAC
B6: ITEM Nr. | C6: PAYMENT REFERS | D6: DESCRIPTION | E6: UNIT | F6: QTY | G6: MATERIAL RATE | H6: LABOUR RATE | I6: AMOUNT
B7: 2 | C7: GM 2.5 | D7: Supply, Delivery, Installation and Commissioning of the Operating theatre HVAC at Adelaide hospital inclusive of all auxilliaries and ancilliaries
B8: 2.1 | D8: HEAT RECOVERY CONDENSING UNITS
D9: Outdoor Unit- Supply and install complete as specified including all fixures and fittings, auxilliaries and ancilliaries and refrigerant for entire system and hail guards
B10: 2.1.1 | D10: 20.6 kW Heat recovery condensing units | E10: Unit | F10: 1
B11: 2.2 | D11: AIR HANDLING UNIT
B12: 2.2.1 | D12: Air handling unit: Air Quantity 900l/s. Cooling 20.6kW. Gqeberha wet bulb, dry bulb on/off coil temperatures. Complete with Primary, Secondary bag and Hepa Filters. | E12: Unit | F12: 1
B13: 2.3 | D13: DUCTING
B14: 2.3.1 | D14: 400x400 duct ( Insulated) | E14: m | F14: 30
B15: 2.3.2 | D15: 350x350 duct (Uninsulated) | E15: m | F15: 20
B16: 2.3.3 | D16: 600x300 duct(Uninsulated) | E16: m | F16: 20
B17: 2.3.4 | D17: 300x300(Uninsulated) | E17: m | F17: 5
B18: 2.3.5 | D18: 300x400 duct (Insulated) | E18: m | F18: 3
B19: 2.3.6 | D19: 150x400 (Insulated) | E19: m | F19: 3
B20: 2.3.7 | D20: 315 diameter round duct | E20: m | F20: 8
B21: 2.4 | D21: LOUVRES, DIFFUSERS & GRILLES
B22: 2.4.1 | D22: Perforated Ceiling diffusers | E22: No. | F22: 4
B23: 2.4.2 | D23: 400x600 extract grilles | E23: No. | F23: 4
B24: 2.4.3 | D24: 600x600 Weather louvres | E24: No. | F24: 1
B25: 2.4.4 | D25: 150x150 fluff extracting grilles | E25: No. | F25: 4
B26: 2.5 | D26: BENDS
B27: 2.5.1 | D27: 400x400 45 degree bend | E27: No. | F27: 2
B28: 2.5.2 | D28: 400x400 90 degree bend | E28: No. | F28: 3
B29: 2.6 | D29: SOUND ATTENUATORS
B30: 2.6.1 | D30: Sound attenuators 400x400 & 1200 long | E30: No. | F30: 1
B31: 2.7 | D31: TRANSITION PIECES
B32: 2.7.1 | D32: 400x400 to 300x400 transition pieces | E32: No. | F32: 1
B33: 2.7.2 | D33: 300x400 to 150x400 transition pieces | E33: No. | F33: 1
B34: 2.7.3 | D34: 350x350 to 300x300 transition pieces | E34: No. | F34: 1
B35: 2.8 | D35: FIRE DAMPERS
B36: 2.8.1 | D36: 400x400 spring loaded fire dampers | E36: No. | F36: 1
B37: 2.9 | D37: EXHAUST FANS
B38: 2.9.1 | D38: 500 diameter in-line duct fan complete with sound attenuators | E38: No. | F38: 1
B39: 2.10 | D39: The tender price shall include for the equipment specified below as well as all branch controllers, refrigerant piping, refnet joints, auxilliary and ancilliary equipment etc. for the system to operate as specified.
B40: 2.11 | D40: All equipment that generates noise must be so positioned that it does not interfer with the hospital operation, personnel and patients. Equipment shall also be positioned so that it can be easily accessed at all times without unnecessarily disrupting the hospital operation.
B41: 2.12 | D41: Refrigerant pipe runs shall generally follow the routes shown on the drawings. shall also be positioned so that it can be easily accessed at all times without unnecessarily disrupting the hospital operation.
B42: 2.13 | D42: GENERAL
B43: 2.13.1 | D43: Deep cleaning of theatres | E43: no. | F43: 1
B44: 2.13.2 | D44: Particle count tests | E44: no. | F44: 1
B45: 2.13.3 | D45: Stripping of existing equipment | E45: item | F45: 1
B46: 2,13,4 | D46: Measure theatre dimensions and produce shop drawings | E46: Sum | F46: 1
B47: 2,13,5 | D47: Test and commissioning | E47: item | F47: 1
B48: 2,13,6 | D48: Theatre control panel | E48: item | F48: 1
B49: 2,13,7 | D49: Allow Provisional Sum of R100 000 for Builder's Work | E49: sum | F49: 1 | I49: 100000
D50: TOTAL CARRIED FORWARD TO SUMMARY

Sheet SCHED 2A-2_Motherwell CHC
B1: ='SCHED 2A-1_PS PROV Hosp'!B1 -> SCHEDULED MAINTENANCE OF THEATRE HVAC SYSTEMS IN CLUSTER FOUR (4)
B2: ='SCHED 1A-1_NMB_SB'!B2 -> CONTRACT REF. NO: | D2: ='SCHED 1A-1_NMB_SB'!D2 -> SCMU3-24/25-0657-HO | E2: Cluster/District: | G2: ='SCHED 1A-1_NMB_SB'!G2 -> NELSON MANDELA AND SARAH BAARTMAN
B3: ='SCHED 1A-1_NMB_SB'!B3 -> ASSET TYPE: | D3: ='SCHED 1A-1_NMB_SB'!D3 -> HVAC THEATRE
B4: SCHEDULE 2A-2: | D4: MOTHERWELL CHC THEATRE HVAC
B6: ITEM Nr. | C6: PAYMENT REFERS | D6: DESCRIPTION | E6: UNIT | F6: QTY | G6: MATERIAL RATE | H6: LABOUR RATE | I6: AMOUNT
B7: 2 | C7: GM 2.5 | D7: Supply, Delivery, Installation and Commissioning of the Operating theatre HVAC at Adelaide hospital inclusive of all auxilliaries and ancilliaries
B8: 2.1 | D8: HEAT RECOVERY CONDENSING UNITS
D9: Outdoor Unit- Supply and install complete as specified including all fixures and fittings, auxilliaries and ancilliaries and refrigerant for entire system and hail guards
B10: 2.1.1 | D10: 20.6 kW Heat recovery condensing units | E10: Unit | F10: 1
B11: 2.2 | D11: AIR HANDLING UNIT
B12: 2.2.1 | D12: Air handling unit: Air Quantity 900l/s. Cooling 20.6kW. Gqeberha wet bulb, dry bulb on/off coil temperatures. Complete with Primary, Secondary bag and Hepa Filters. | E12: Unit | F12: 1
B13: 2.3 | D13: DUCTING
B14: 2.3.1 | D14: 400x400 duct ( Insulated) | E14: m | F14: 30
B15: 2.3.2 | D15: 350x350 duct (Uninsulated) | E15: m | F15: 20
B16: 2.3.3 | D16: 600x300 duct(Uninsulated) | E16: m | F16: 20
B17: 2.3.4 | D17: 300x300(Uninsulated) | E17: m | F17: 5
B18: 2.3.5 | D18: 300x400 duct (Insulated) | E18: m | F18: 3
B19: 2.3.6 | D19: 150x400 (Insulated) | E19: m | F19: 3
B20: 2.3.7 | D20: 313 diameter round duct | E20: m | F20: 8
B21: 2.4 | D21: LOUVRES, DIFFUSERS & GRILLES
B22: 2.4.1 | D22: Perforated Ceiling diffusers | E22: No. | F22: 4
B23: 2.4.2 | D23: 400x600 extract grilles | E23: No. | F23: 4
B24: 2.4.3 | D24: 600x600 Weather louvres | E24: No. | F24: 1
B25: 2.4.4 | D25: 150x150 fluff extracting grilles | E25: No. | F25: 4
B26: 2.5 | D26: BENDS
B27: 2.5.1 | D27: 400x400 45 degree bend | E27: No. | F27: 2
B28: 2.5.2 | D28: 400x400 90 degree bend | E28: No. | F28: 3
B29: 2.6 | D29: SOUND ATTENUATORS
B30: 2.6.1 | D30: Sound attenuators 400x400 & 1200 long | E30: No. | F30: 1
B31: 2.7 | D31: TRANSITION PIECES
B32: 2.7.1 | D32: 400x400 to 300x400 transition pieces | E32: No. | F32: 1
B33: 2.7.2 | D33: 300x400 to 150x400 transition pieces | E33: No. | F33: 1
B34: 2.7.3 | D34: 350x350 to 300x300 transition pieces | E34: No. | F34: 1
B35: 2.8 | D35: FIRE DAMPERS
B36: 2.8.1 | D36: 400x400 spring loaded fire dampers | E36: No. | F36: 1
B37: 2.9 | D37: EXHAUST FANS
B38: 2.9.1 | D38: 500 diameter in-line duct fan complete with sound attenuators | E38: No. | F38: 1
B39: 2.10 | D39: The tender price shall include for the equipment specified below as well as all branch controllers, refrigerant piping, refnet joints, auxilliary and ancilliary equipment etc. for the system to operate as specified.
B40: 2.11 | D40: All equipment that generates noise must be so positioned that it does not interfer with the hospital operation, personnel and patients. Equipment shall also be positioned so that it can be easily accessed at all times without unnecessarily disrupting the hospital operation.
B41: 2.12 | D41: Refrigerant pipe runs shall generally follow the routes shown on the drawings. shall also be positioned so that it can be easily accessed at all times without unnecessarily disrupting the hospital operation.
B42: 2.13 | D42: GENERAL
B43: 2.13.1 | D43: Deep cleaning of theatres | E43: no. | F43: 1
B44: 2.13.2 | D44: Particle count tests | E44: no. | F44: 1
B45: 2.13.3 | D45: Stripping of existing equipment | E45: item | F45: 1
B46: 2,13,4 | D46: Measure theatre dimensions and produce shop drawings | E46: Sum | F46: 1
B47: 2,13,5 | D47: Test and commissioning | E47: item | F47: 1
B48: 2,13,6 | D48: Theatre control panel | E48: item | F48: 1
B49: 2,13,7 | D49: Allow Provisional Sum of R100 000 for Builder's Work | E49: sum | F49: 1 | I49: 100000
D50: TOTAL CARRIED FORWARD TO SUMMARY

Sheet SCHED 2A-3_Livingstone Hosp
B1: ='SCHED 2A-1_PS PROV Hosp'!B1 -> SCHEDULED MAINTENANCE OF THEATRE HVAC SYSTEMS IN CLUSTER FOUR (4)
B2: ='SCHED 1A-1_NMB_SB'!B2 -> CONTRACT REF. NO: | D2: ='SCHED 1A-1_NMB_SB'!D2 -> SCMU3-24/25-0657-HO | E2: Cluster/District: | G2: ='SCHED 1A-1_NMB_SB'!G2 -> NELSON MANDELA AND SARAH BAARTMAN
B3: ='SCHED 1A-1_NMB_SB'!B3 -> ASSET TYPE: | D3: ='SCHED 1A-1_NMB_SB'!D3 -> HVAC THEATRE
B4: SCHEDULE 2A-3: | D4: LIVINGSTONE HOSPITAL THEATRE HVAC
B5: ITEM Nr. | C5: PAYMENT REFERS | D5: DESCRIPTION | E5: UNIT | F5: QTY | G5: MATERIAL RATE | H5: LABOUR RATE | I5: AMOUNT
B6: 2 | C6: GM 2.5.(5) | D6: Supply, Delivery, Installation and Commissioning of the Operating theatre HVAC at Fort Beaufort hospital inclusive of all auxilliaries and ancilliaries
B7: 2.1 | D7: HEAT RECOVERY CONDENSING UNITS
D8: Outdoor Unit- Supply and install complete as specified including all fixures and fittings, auxilliaries and ancilliaries and refrigerant for entire system and hail guards
B9: 2.1.1 | D9: 20.6 kW Heat recovery condensing units | E9: Unit | F9: 1
B10: 2.2 | D10: AIR HANDLING UNIT
B11: 2.2.1 | D11: Air handling unit: Air Quantity 900l/s. Cooling 20.6kW. Gqeberha wet bulb, dry bulb on/off coil temperatures. Complete with Primary, Secondary bag and Hepa Filters. | E11: Unit | F11: 1
B12: 2.3 | D12: DUCTING
B13: 2.3.1 | D13: 400x400 duct ( Insulated) | E13: m | F13: 30
B14: 2.3.2 | D14: 350x350 duct (Uninsulated) | E14: m | F14: 20
B15: 2.3.3 | D15: 600x300 duct(Uninsulated) | E15: m | F15: 20
B16: 2.3.4 | D16: 300x300(Uninsulated) | E16: m | F16: 5
B17: 2.3.5 | D17: 300x400 duct (Insulated) | E17: m | F17: 3
B18: 2.3.6 | D18: 150x400 (Insulated) | E18: m | F18: 3
B19: 2.3.7 | D19: 313 diameter round duct | E19: m | F19: 8
B20: 2.4 | D20: LOUVRES, DIFFUSERS & GRILLES
B21: 2.4.1 | D21: Perforated Ceiling diffusers | E21: No. | F21: 4
B22: 2.4.2 | D22: 400x600 extract grilles | E22: No. | F22: 4
B23: 2.4.3 | D23: 600x600 Weather louvres | E23: No. | F23: 1
B24: 2.4.4 | D24: 150x150 fluff extracting grilles | E24: No. | F24: 4
B25: 2.5 | D25: BENDS
B26: 2.5.1 | D26: 400x400 45 degree bend | E26: No. | F26: 2
B27: 2.5.2 | D27: 400x400 90 degree bend | E27: No. | F27: 3
B28: 2.6 | D28: SOUND ATTENUATORS
B29: 2.6.1 | D29: Sound attenuators 400x400 & 1200 long | E29: No. | F29: 1
B30: 2.7 | D30: TRANSITION PIECES
B31: 2.7.1 | D31: 400x400 to 300x400 transition pieces | E31: No. | F31: 1
B32: 2.7.2 | D32: 300x400 to 150x400 transition pieces | E32: No. | F32: 1
B33: 2.7.3 | D33: 350x350 to 300x300 transition pieces | E33: No. | F33: 1
B34: 2.8 | D34: FIRE DAMPERS
B35: 2.8.1 | D35: 400x400 spring loaded fire dampers | E35: No. | F35: 1
B36: 2.9 | D36: EXHAUST FANS
B37: 2.9.1 | D37: 500 diameter in-line duct fan complete with sound attenuators | E37: No. | F37: 1
B38: 2.10.8 | D38: The tender price shall include for the equipment specified below as well as all branch controllers, refrigerant piping, refnet joints, auxilliary and ancilliary equipment etc. for the system to operate as specified.
B39: 2.10.9 | D39: All equipment that generates noise must be so positioned that it does not interfer with the hospital operation, personnel and patients. Equipment shall also be positioned so that it can be easily accessed at all times without unnecessarily disrupting the hospital operation.
B40: 2.10.10 | D40: Refrigerant pipe runs shall generally follow the routes shown on the drawings. shall also be positioned so that it can be easily accessed at all times without unnecessarily disrupting the hospital operation.
B41: 2.11 | D41: GENERAL
B42: 2.13.1 | D42: Deep cleaning of theatres | E42: no. | F42: 1
B43: 2,13,4 | D43: Particle count tests | E43: no. | F43: 1
B44: 2,13,5 | D44: Stripping of existing equipment | E44: item | F44: 1
B45: 2,13,6 | D45: Test and commissioning | E45: item | F45: 1
B46: 2.13.4 | D46: Measure theatre dimensions and produce shop drawings | E46: Sum | F46: 1
B47: 2.13.5 | D47: Theatre control panel | E47: item | F47: 1
B48: 2,13,7 | D48: Allow Provisional Sum of R100 000 for Builder's Work | E48: sum | F48: 1 | I48: 100000
D49: TOTAL CARRIED FORWARD TO SUMMARY

Sheet SCHED 2A_4_Uitenhage Hosp
B2: ='SCHED 2A-1_PS PROV Hosp'!B1 -> SCHEDULED MAINTENANCE OF THEATRE HVAC SYSTEMS IN CLUSTER FOUR (4)
B3: ='SCHED 1A-1_NMB_SB'!B2 -> CONTRACT REF. NO: | D3: ='SCHED 1A-1_NMB_SB'!D2 -> SCMU3-24/25-0657-HO | E3: Cluster/District: | G3: ='SCHED 1A-1_NMB_SB'!G2 -> NELSON MANDELA AND SARAH BAARTMAN
B4: ='SCHED 1A-1_NMB_SB'!B3 -> ASSET TYPE: | D4: ='SCHED 1A-1_NMB_SB'!D3 -> HVAC THEATRE
B6: SCHEDULE 2A-4: | D6: UITENHAGE HOSPITAL THEATRE HVAC
B8: ITEM Nr. | C8: PAYMENT REFERS | D8: DESCRIPTION | E8: UNIT | F8: QTY | G8: MATERIAL RATE | H8: LABOUR RATE | I8: AMOUNT
B9: 2 | C9: GM 2.5.(5) | D9: Supply, Delivery, Installation and Commissioning of the Operating theatre HVAC at Butterworth hospital inclusive of all auxilliaries and ancilliaries
B10: 2.1 | D10: HEAT RECOVERY CONDENSING UNITS
D11: Outdoor Unit- Supply and install complete as specified including all fixures and fittings, auxilliaries and ancilliaries and refrigerant for entire system and hail guards
B12: 2.1.1 | D12: 20.6 kW Heat recovery condensing units | E12: Unit | F12: 2
B13: 2.2 | D13: AIR HANDLING UNIT
B14: 2.2.1 | D14: Air handling unit: Air Quantity 900l/s. Cooling 20.6kW. Uitenhage wet bulb, dry bulb on/off coil temperatures. Complete with Primary, Secondary bag and Hepa Filters. | E14: Unit | F14: 2
B15: 2.3 | D15: DUCTING
B16: 2.3.1 | D16: 400x400 duct ( Insulated) | E16: m | F16: 60
B17: 2.3.2 | D17: 350x350 duct (Uninsulated) | E17: m | F17: 40
B18: 2.3.3 | D18: 600x300 duct(Uninsulated) | E18: m | F18: 40
B19: 2.3.4 | D19: 300x300(Uninsulated) | E19: m | F19: 10
B20: 2.3.5 | D20: 300x400 duct (Insulated) | E20: m | F20: 6
B21: 2.3.6 | D21: 150x400 (Insulated) | E21: m | F21: 6
B22: 2.3.7 | D22: 313 diameter round duct | E22: m | F22: 16
B23: 2.4 | D23: LOUVRES, DIFFUSERS & GRILLES
B24: 2.4.1 | D24: Perforated Ceiling diffusers | E24: No. | F24: 8
B25: 2.4.2 | D25: 400x600 extract grilles | E25: No. | F25: 8
B26: 2.4.3 | D26: 600x600 Weather louvres | E26: No. | F26: 2
B27: 2.4.4 | D27: 150x150 fluff extracting grilles | E27: No. | F27: 8
B28: 2.5 | D28: BENDS
B29: 2.5.1 | D29: 400x400 45 degree bend | E29: No. | F29: 4
B30: 2.5.2 | D30: 400x400 90 degree bend | E30: No. | F30: 6
B31: 2.6 | D31: SOUND ATTENUATORS
B32: 2.6.1 | D32: Sound attenuators 400x400 & 1200 long | E32: No. | F32: 2
B33: 2.7 | D33: TRANSITION PIECES
B34: 2.7.1 | D34: 400x400 to 300x400 transition pieces | E34: No. | F34: 2
B35: 2.7.2 | D35: 300x400 to 150x400 transition pieces | E35: No. | F35: 2
B36: 2.7.3 | D36: 350x350 to 300x300 transition pieces | E36: No. | F36: 2
B37: 2.8 | D37: FIRE DAMPERS
B38: 2.8.1 | D38: 400x400 spring loaded fire dampers | E38: No. | F38: 2
B39: 2.9 | D39: EXHAUST FANS
B40: 2.9.1 | D40: 500 diameter in-line duct fan complete with sound attenuators | E40: No. | F40: 2
B41: 2.10 | D41: The tender price shall include for the equipment specified below as well as all branch controllers, refrigerant piping, refnet joints, auxilliary and ancilliary equipment etc. for the system to operate as specified.
B42: 2.11 | D42: All equipment that generates noise must be so positioned that it does not interfer with the hospital operation, personnel and patients. Equipment shall also be positioned so that it can be easily accessed at all times without unnecessarily disrupting the hospital operation.
B43: 2.12 | D43: Refrigerant pipe runs shall generally follow the routes shown on the drawings. shall also be positioned so that it can be easily accessed at all times without unnecessarily disrupting the hospital operation.
B44: 2.13 | D44: GENERAL
B45: 2.13.1 | D45: Deep cleaning of theatres | E45: no. | F45: 2
B46: 2,13,4 | D46: Measure theatre dimensions and produce shop drawings | E46: Sum | F46: 2
B47: 2,13,5 | D47: Particle count tests | E47: no. | F47: 2
B48: 2,13,6 | D48: Stripping of existing equipment | E48: item | F48: 2
B49: 2.13.4 | D49: Test and commissioning | E49: item | F49: 2
B50: 2.13.5 | D50: Theatre control panel | E50: item | F50: 2
B51: 2,13,7 | D51: Allow Provisional Sum of R100 000 for Builder's Work | E51: sum | F51: 2 | I51: 200000
D52: TOTAL CARRIED FORWARD TO SUMMARY

Sheet SCHED 2A-5_Settlers Hosp
B2: ='SCHED 2A-1_PS PROV Hosp'!B1 -> SCHEDULED MAINTENANCE OF THEATRE HVAC SYSTEMS IN CLUSTER FOUR (4)
B3: ='SCHED 1A-1_NMB_SB'!B2 -> CONTRACT REF. NO: | D3: ='SCHED 1A-1_NMB_SB'!D2 -> SCMU3-24/25-0657-HO | E3: Cluster/District: | H3: ='SCHED 1A-1_NMB_SB'!G2 -> NELSON MANDELA AND SARAH BAARTMAN
B4: ='SCHED 1A-1_NMB_SB'!B3 -> ASSET TYPE: | D4: ='SCHED 1A-1_NMB_SB'!D3 -> HVAC THEATRE
B6: SCHEDULE 2A-5: | D6: SETTLERS HOSPITAL THEATRE HVAC
B8: ITEM Nr. | C8: PAYMENT REFERS | D8: DESCRIPTION | E8: UNIT | F8: QTY | G8: MATERIAL RATE | H8: LABOUR RATE | I8: AMOUNT
B9: 2 | C9: GM 2.5.(5) | D9: Supply, Delivery, Installation and Commissioning of the Operating theatre HVAC at Fort Beaufort hospital inclusive of all auxilliaries and ancilliaries
B10: 2.1 | D10: HEAT RECOVERY CONDENSING UNITS
D11: Outdoor Unit- Supply and install complete as specified including all fixures and fittings, auxilliaries and ancilliaries and refrigerant for entire system and hail guards
B12: 2.1.1 | D12: 20.6 kW Heat recovery condensing units | E12: Unit | F12: 3
B13: 2.2 | D13: AIR HANDLING UNIT
B14: 2.2.1 | D14: Air handling unit: Air Quantity 900l/s. Cooling 20.6kW. Port Alfred wet bulb, dry bulb on/off coil temperatures. Complete with Primary, Secondary bag and Hepa Filters. | E14: Unit | F14: 3
B15: 2.3 | D15: DUCTING
B16: 2.3.1 | D16: 400x400 duct ( Insulated) | E16: m | F16: 90
B17: 2.3.2 | D17: 350x350 duct (Uninsulated) | E17: m | F17: 60
B18: 2.3.3 | D18: 600x300 duct(Uninsulated) | E18: m | F18: 60
B19: 2.3.4 | D19: 300x300(Uninsulated) | E19: m | F19: 15
B20: 2.3.5 | D20: 300x400 duct (Insulated) | E20: m | F20: 9
B21: 2.3.6 | D21: 150x400 (Insulated) | E21: m | F21: 9
B22: 2.3.7 | D22: 313 diameter round duct | E22: m | F22: 24
B23: 2.4 | D23: LOUVRES, DIFFUSERS & GRILLES
B24: 2.4.1 | D24: Perforated Ceiling diffusers | E24: No. | F24: 12
B25: 2.4.2 | D25: 400x600 extract grilles | E25: No. | F25: 12
B26: 2.4.3 | D26: 600x600 Weather louvres | E26: No. | F26: 3
B27: 2.4.4 | D27: 150x150 fluff extracting grilles | E27: No. | F27: 12
B28: 2.5 | D28: BENDS
B29: 2.5.1 | D29: 400x400 45 degree bend | E29: No. | F29: 6
B30: 2.5.2 | D30: 400x400 90 degree bend | E30: No. | F30: 9
B31: 2.6 | D31: SOUND ATTENUATORS
B32: 2.6.1 | D32: Sound attenuators 400x400 & 1200 long | E32: No. | F32: 3
B33: 2.7 | D33: TRANSITION PIECES
B34: 2.7.1 | D34: 400x400 to 300x400 transition pieces | E34: No. | F34: 3
B35: 2.7.2 | D35: 300x400 to 150x400 transition pieces | E35: No. | F35: 3
B36: 2.7.3 | D36: 350x350 to 300x300 transition pieces | E36: No. | F36: 3
B37: 2.8 | D37: FIRE DAMPERS
B38: 2.8.1 | D38: 400x400 spring loaded fire dampers | E38: No. | F38: 3
B39: 2.9 | D39: EXHAUST FANS
B40: 2.9.1 | D40: 500 diameter in-line duct fan complete with sound attenuators | E40: No. | F40: 3
B41: 2.10 | D41: The tender price shall include for the equipment specified below as well as all branch controllers, refrigerant piping, refnet joints, auxilliary and ancilliary equipment etc. for the system to operate as specified.
B42: 2.11 | D42: All equipment that generates noise must be so positioned that it does not interfer with the hospital operation, personnel and patients. Equipment shall also be positioned so that it can be easily accessed at all times without unnecessarily disrupting the hospital operation.
B43: 2.12 | D43: Refrigerant pipe runs shall generally follow the routes shown on the drawings. shall also be positioned so that it can be easily accessed at all times without unnecessarily disrupting the hospital operation.
B44: 2.13 | D44: GENERAL
B45: 2.13.1 | D45: Deep cleaning of theatres | E45: no. | F45: 3
B46: 2,13,4 | D46: Measure theatre dimensions and produce shop drawings | E46: Sum | F46: 1
B47: 2,13,5 | D47: Particle count tests | E47: no. | F47: 3
B48: 2,13,6 | D48: Stripping of existing equipment | E48: item | F48: 3
B49: 2.13.4 | D49: Test and commissioning | E49: item | F49: 3
B50: 2.13.5 | D50: Theatre control panel | E50: item | F50: 3
B51: 2,13,7 | D51: Allow Provisional Sum of R100 000 for Builder's Work | E51: sum | F51: 3 | I51: 300000
D52: TOTAL CARRIED FORWARD TO SUMMARY

Sheet SCHED 2A-6_Andries Vosloo Hosp
B1: ='SCHED 2A-1_PS PROV Hosp'!B1 -> SCHEDULED MAINTENANCE OF THEATRE HVAC SYSTEMS IN CLUSTER FOUR (4)
B2: ='SCHED 1A-1_NMB_SB'!B2 -> CONTRACT REF. NO: | D2: ='SCHED 1A-1_NMB_SB'!D2 -> SCMU3-24/25-0657-HO | E2: Cluster/District: | G2: ='SCHED 1A-1_NMB_SB'!G2 -> NELSON MANDELA AND SARAH BAARTMAN
B3: ='SCHED 1A-1_NMB_SB'!B3 -> ASSET TYPE: | D3: ='SCHED 1A-1_NMB_SB'!D3 -> HVAC THEATRE
B5: SCHEDULE 2A-6: | D5: ANDRIES VOSLOO HOSPITAL THEATRE HVAC
B7: ITEM Nr. | C7: PAYMENT REFERS | D7: DESCRIPTION | E7: UNIT | F7: QTY | G7: MATERIAL RATE | H7: LABOUR RATE | I7: AMOUNT
B8: 2 | C8: GM 2.5.(5) | D8: Supply, Delivery, Installation and Commissioning of the Operating theatre HVAC at Fort Beaufort hospital inclusive of all auxilliaries and ancilliaries
B9: 2.1 | D9: HEAT RECOVERY CONDENSING UNITS
D10: Outdoor Unit- Supply and install complete as specified including all fixures and fittings, auxilliaries and ancilliaries and refrigerant for entire system and hail guards
B11: 2.1.1 | D11: 20.6 kW Heat recovery condensing units | E11: Unit | F11: 2
B12: 2.2 | D12: AIR HANDLING UNIT
B13: 2.2.1 | D13: Air handling unit: Air Quantity 900l/s. Cooling 20.6kW. Somerset East wet bulb, dry bulb on/off coil temperatures. Complete with Primary, Secondary bag and Hepa Filters. | E13: Unit | F13: 2
B14: 2.3 | D14: DUCTING
B15: 2.3.1 | D15: 400x400 duct ( Insulated) | E15: m | F15: 60
B16: 2.3.2 | D16: 350x350 duct (Uninsulated) | E16: m | F16: 40
B17: 2.3.3 | D17: 600x300 duct(Uninsulated) | E17: m | F17: 40
B18: 2.3.4 | D18: 300x300(Uninsulated) | E18: m | F18: 10
B19: 2.3.5 | D19: 300x400 duct (Insulated) | E19: m | F19: 6
B20: 2.3.6 | D20: 150x400 (Insulated) | E20: m | F20: 6
B21: 2.3.7 | D21: 313 diameter round duct | E21: m | F21: 16
B22: 2.4 | D22: LOUVRES, DIFFUSERS & GRILLES
B23: 2.4.1 | D23: Perforated Ceiling diffusers | E23: No. | F23: 8
B24: 2.4.2 | D24: 400x600 extract grilles | E24: No. | F24: 8
B25: 2.4.3 | D25: 600x600 Weather louvres | E25: No. | F25: 2
B26: 2.4.4 | D26: 150x150 fluff extracting grilles | E26: No. | F26: 8
B27: 2.5 | D27: BENDS
B28: 2.5.1 | D28: 400x400 45 degree bend | E28: No. | F28: 4
B29: 2.5.2 | D29: 400x400 90 degree bend | E29: No. | F29: 6
B30: 2.6 | D30: SOUND ATTENUATORS
B31: 2.6.1 | D31: Sound attenuators 400x400 & 1200 long | E31: No. | F31: 2
B32: 2.7 | D32: TRANSITION PIECES
B33: 2.7.1 | D33: 400x400 to 300x400 transition pieces | E33: No. | F33: 2
B34: 2.7.2 | D34: 300x400 to 150x400 transition pieces | E34: No. | F34: 2
B35: 2.7.3 | D35: 350x350 to 300x300 transition pieces | E35: No. | F35: 2
B36: 2.8 | D36: FIRE DAMPERS
B37: 2.8.1 | D37: 400x400 spring loaded fire dampers | E37: No. | F37: 2
B38: 2.9 | D38: EXHAUST FANS
B39: 2.9.1 | D39: 500 diameter in-line duct fan complete with sound attenuators | E39: No. | F39: 2
B40: 2.10 | D40: The tender price shall include for the equipment specified below as well as all branch controllers, refrigerant piping, refnet joints, auxilliary and ancilliary equipment etc. for the system to operate as specified.
B41: 2.11 | D41: All equipment that generates noise must be so positioned that it does not interfer with the hospital operation, personnel and patients. Equipment shall also be positioned so that it can be easily accessed at all times without unnecessarily disrupting the hospital operation.
B42: 2.12 | D42: Refrigerant pipe runs shall generally follow the routes shown on the drawings. shall also be positioned so that it can be easily accessed at all times without unnecessarily disrupting the hospital operation.
B43: 2.13 | D43: GENERAL
B44: 2.13.1 | D44: Deep cleaning of theatres | E44: no. | F44: 2
B45: 2.13.2 | D45: Particle count tests | E45: no. | F45: 2
B46: 2.13.3 | D46: Measure theatre dimensions and produce shop drawings | E46: Sum | F46: 1
B47: 2,13,4 | D47: Stripping of existing equipment | E47: item | F47: 2
B48: 2,13,5 | D48: Test and commissioning | E48: item | F48: 2
B49: 2,13,6 | D49: Theatre control panel | E49: item | F49: 2
B50: 2,13,7 | D50: Allow Provisional Sum of R100 000 for Builder's Work | E50: sum | F50: 2 | I50: 200000
D51: TOTAL CARRIED FORWARD TO SUMMARY

Sheet SCHED 2A-7_Sundays R Hosp (2)
B2: ='SCHED 2A-1_PS PROV Hosp'!B1 -> SCHEDULED MAINTENANCE OF THEATRE HVAC SYSTEMS IN CLUSTER FOUR (4)
B3: ='SCHED 1A-1_NMB_SB'!B2 -> CONTRACT REF. NO: | D3: ='SCHED 1A-1_NMB_SB'!D2 -> SCMU3-24/25-0657-HO | E3: Cluster/District: | G3: ='SCHED 1A-1_NMB_SB'!G2 -> NELSON MANDELA AND SARAH BAARTMAN
B4: ='SCHED 1A-1_NMB_SB'!B3 -> ASSET TYPE: | D4: ='SCHED 1A-1_NMB_SB'!D3 -> HVAC THEATRE
B6: SCHEDULE 2A-7: | D6: SUNDAYS RIVER VALLEY HOSPITAL THEATRE HVAC
B8: ITEM Nr. | C8: PAYMENT REFERS | D8: DESCRIPTION | E8: UNIT | F8: QTY | G8: MATERIAL RATE | H8: LABOUR RATE | I8: AMOUNT
B9: 2 | C9: GM 2.5.(5) | D9: Supply, Delivery, Installation and Commissioning of the Operating theatre HVAC at Fort Beaufort hospital inclusive of all auxilliaries and ancilliaries
B10: 2.1 | D10: HEAT RECOVERY CONDENSING UNITS
D11: Outdoor Unit- Supply and install complete as specified including all fixures and fittings, auxilliaries and ancilliaries and refrigerant for entire system and hail guards
B12: 2.1.1 | D12: 20.6 kW Heat recovery condensing units | E12: Unit | F12: 2
B13: 2.2 | D13: AIR HANDLING UNIT
B14: 2.2.1 | D14: Air handling unit: Air Quantity 900l/s. Cooling 20.6kW. Sundays River Valley East wet bulb, dry bulb on/off coil temperatures. Complete with Primary, Secondary bag and Hepa Filters. | E14: Unit | F14: 2
B15: 2.3 | D15: DUCTING
B16: 2.3.1 | D16: 400x400 duct ( Insulated) | E16: m | F16: 60
B17: 2.3.2 | D17: 350x350 duct (Uninsulated) | E17: m | F17: 40
B18: 2.3.3 | D18: 600x300 duct(Uninsulated) | E18: m | F18: 40
B19: 2.3.4 | D19: 300x300(Uninsulated) | E19: m | F19: 10
B20: 2.3.5 | D20: 300x400 duct (Insulated) | E20: m | F20: 6
B21: 2.3.6 | D21: 150x400 (Insulated) | E21: m | F21: 6
B22: 2.3.7 | D22: 313 diameter round duct | E22: m | F22: 16
B23: 2.4 | D23: LOUVRES, DIFFUSERS & GRILLES
B24: 2.4.1 | D24: Perforated Ceiling diffusers | E24: No. | F24: 8
B25: 2.4.2 | D25: 400x600 extract grilles | E25: No. | F25: 8
B26: 2.4.3 | D26: 600x600 Weather louvres | E26: No. | F26: 2
B27: 2.4.4 | D27: 150x150 fluff extracting grilles | E27: No. | F27: 8
B28: 2.5 | D28: BENDS
B29: 2.5.1 | D29: 400x400 45 degree bend | E29: No. | F29: 4
B30: 2.5.2 | D30: 400x400 90 degree bend | E30: No. | F30: 6
B31: 2.6 | D31: SOUND ATTENUATORS
B32: 2.6.1 | D32: Sound attenuators 400x400 & 1200 long | E32: No. | F32: 2
B33: 2.7 | D33: TRANSITION PIECES
B34: 2.7.1 | D34: 400x400 to 300x400 transition pieces | E34: No. | F34: 2
B35: 2.7.2 | D35: 300x400 to 150x400 transition pieces | E35: No. | F35: 2
B36: 2.7.3 | D36: 350x350 to 300x300 transition pieces | E36: No. | F36: 2
B37: 2.8 | D37: FIRE DAMPERS
B38: 2.8.1 | D38: 400x400 spring loaded fire dampers | E38: No. | F38: 2
B39: 2.9 | D39: EXHAUST FANS
B40: 2.9.1 | D40: 500 diameter in-line duct fan complete with sound attenuators | E40: No. | F40: 2
B41: 2.10 | D41: The tender price shall include for the equipment specified below as well as all branch controllers, refrigerant piping, refnet joints, auxilliary and ancilliary equipment etc. for the system to operate as specified.
B42: 2.11 | D42: All equipment that generates noise must be so positioned that it does not interfer with the hospital operation, personnel and patients. Equipment shall also be positioned so that it can be easily accessed at all times without unnecessarily disrupting the hospital operation.
B43: 2.12 | D43: Refrigerant pipe runs shall generally follow the routes shown on the drawings. shall also be positioned so that it can be easily accessed at all times without unnecessarily disrupting the hospital operation.
B44: 2.13 | D44: GENERAL
B45: 2.13.1 | D45: Deep cleaning of theatres | E45: no. | F45: 2
B46: 2.13.2 | D46: Measure theatre dimensions and produce shop drawings | E46: Sum | F46: 2
B47: 2.13.3 | D47: Particle count tests | E47: no. | F47: 2
B48: 2,13,4 | D48: Stripping of existing equipment | E48: item | F48: 2
B49: 2,13,5 | D49: Test and commissioning | E49: item | F49: 2
B50: 2,13,6 | D50: Theatre control panel | E50: item | F50: 2
B51: 2,13,7 | D51: Allow Provisional Sum of R100 000 for Builder's Work | E51: sum | F51: 2 | I51: 200000
D52: TOTAL CARRIED FORWARD TO SUMMARY

Sheet SCHED 2A-8_Humansdorp Hosp
B2: ='SCHED 2A-1_PS PROV Hosp'!B1 -> SCHEDULED MAINTENANCE OF THEATRE HVAC SYSTEMS IN CLUSTER FOUR (4)
B3: ='SCHED 1A-1_NMB_SB'!B2 -> CONTRACT REF. NO: | D3: ='SCHED 1A-1_NMB_SB'!D2 -> SCMU3-24/25-0657-HO | E3: Cluster/District: | G3: ='SCHED 1A-1_NMB_SB'!G2 -> NELSON MANDELA AND SARAH BAARTMAN
B4: ='SCHED 1A-1_NMB_SB'!B3 -> ASSET TYPE: | D4: ='SCHED 1A-1_NMB_SB'!D3 -> HVAC THEATRE
B6: SCHEDULE 2A-8: | D6: HUMANSDORP HOSPITAL THEATRE HVAC
B8: ITEM Nr. | C8: PAYMENT REFERS | D8: DESCRIPTION | E8: UNIT | F8: QTY | G8: MATERIAL RATE | H8: LABOUR RATE | I8: AMOUNT
B9: 2 | C9: GM 2.5.(5) | D9: Supply, Delivery, Installation and Commissioning of the Operating theatre HVAC at Fort Beaufort hospital inclusive of all auxilliaries and ancilliaries
B10: 2.1 | D10: HEAT RECOVERY CONDENSING UNITS
D11: Outdoor Unit- Supply and install complete as specified including all fixures and fittings, auxilliaries and ancilliaries and refrigerant for entire system and hail guards
B12: 2.1.1 | D12: 20.6 kW Heat recovery condensing units | E12: Unit | F12: 4
B13: 2.2 | D13: AIR HANDLING UNIT | F13: 4
B14: 2.2.1 | D14: Air handling unit: Air Quantity 900l/s. Cooling 20.6kW. Sundays River Valley East wet bulb, dry bulb on/off coil temperatures. Complete with Primary, Secondary bag and Hepa Filters. | E14: Unit | F14: 4
B15: 2.3 | D15: DUCTING
B16: 2.3.1 | D16: 400x400 duct ( Insulated) | E16: m | F16: 120
B17: 2.3.2 | D17: 350x350 duct (Uninsulated) | E17: m | F17: 80
B18: 2.3.3 | D18: 600x300 duct(Uninsulated) | E18: m | F18: 80
B19: 2.3.4 | D19: 300x300(Uninsulated) | E19: m | F19: 20
B20: 2.3.5 | D20: 300x400 duct (Insulated) | E20: m | F20: 12
B21: 2.3.6 | D21: 150x400 (Insulated) | E21: m | F21: 23
B22: 2.3.7 | D22: 313 diameter round duct | E22: m | F22: 32
B23: 2.4 | D23: LOUVRES, DIFFUSERS & GRILLES
B24: 2.4.1 | D24: Perforated Ceiling diffusers | E24: No. | F24: 16
B25: 2.4.2 | D25: 400x600 extract grilles | E25: No. | F25: 16
B26: 2.4.3 | D26: 600x600 Weather louvres | E26: No. | F26: 4
B27: 2.4.4 | D27: 150x150 fluff extracting grilles | E27: No. | F27: 16
B28: 2.5 | D28: BENDS
B29: 2.5.1 | D29: 400x400 45 degree bend | E29: No. | F29: 8
B30: 2.5.2 | D30: 400x400 90 degree bend | E30: No. | F30: 12
B31: 2.6 | D31: SOUND ATTENUATORS
B32: 2.6.1 | D32: Sound attenuators 400x400 & 1200 long | E32: No. | F32: 4
B33: 2.7 | D33: TRANSITION PIECES
B34: 2.7.1 | D34: 400x400 to 300x400 transition pieces | E34: No. | F34: 4
B35: 2.7.2 | D35: 300x400 to 150x400 transition pieces | E35: No. | F35: 4
B36: 2.7.3 | D36: 350x350 to 300x300 transition pieces | E36: No. | F36: 4
B37: 2.8 | D37: FIRE DAMPERS
B38: 2.8.1 | D38: 400x400 spring loaded fire dampers | E38: No. | F38: 4
B39: 2.9 | D39: EXHAUST FANS
B40: 2.9.1 | D40: 500 diameter in-line duct fan complete with sound attenuators | E40: No. | F40: 4
B41: 2.10 | D41: The tender price shall include for the equipment specified below as well as all branch controllers, refrigerant piping, refnet joints, auxilliary and ancilliary equipment etc. for the system to operate as specified.
B42: 2.11 | D42: All equipment that generates noise must be so positioned that it does not interfer with the hospital operation, personnel and patients. Equipment shall also be positioned so that it can be easily accessed at all times without unnecessarily disrupting the hospital operation.
B43: 2.12 | D43: Refrigerant pipe runs shall generally follow the routes shown on the drawings. shall also be positioned so that it can be easily accessed at all times without unnecessarily disrupting the hospital operation.
B44: 2.13 | D44: GENERAL
B45: 2.13.1 | D45: Deep cleaning of theatres | E45: no. | F45: 4
B46: 2.13.2 | D46: Measure theatre dimensions and produce shop drawings | E46: Sum | F46: 4
B47: 2.13.3 | D47: Particle count tests | E47: no. | F47: 4
B48: 2,13,4 | D48: Stripping of existing equipment | E48: item | F48: 4
B49: 2,13,5 | D49: Test and commissioning | E49: item | F49: 4
B50: 2,13,6 | D50: Theatre control panel | E50: item | F50: 4
B51: 2,13,7 | D51: Allow Provisional Sum of R100 000 for Builder's Work | E51: sum | F51: 4 | I51: 400000
D52: TOTAL CARRIED FORWARD TO SUMMARY

Sheet SCHEDULE 3
B2: ='SCHED 2A-8_Humansdorp Hosp'!B2 -> SCHEDULED MAINTENANCE OF THEATRE HVAC SYSTEMS IN CLUSTER FOUR (4)
B3: CONTRACT REF. NO: | D3: =SUMMARY!D4 -> SCMU3-24/25-0657-HO | E3: Cluster/District: | F3: ='SCHED 2A-8_Humansdorp Hosp'!G3 -> NELSON MANDELA AND SARAH BAARTMAN
B4: ASSET TYPE: | D4: ='[1]SCHED 1A-1_BCM_ADM'!D3 -> THEATRE HVAC
B6: SCHEDULE 3B : | D6: MAINTENANCE SERVICE SCHEDULE
B8: ITEM Nr. | C8: PAYMENT REFERS | D8: DESCRIPTION | E8: UNIT | F8: QTY | G8: RATE | H8: AMOUNT
B9: 1 | C9: GM 3.2 | D9: MAINTENANCE WORKS : Standard servicing and planned Maintenance Costs including all parts, consumables and lubricants, labour, travelling, accommodation and subsistence allowances (Price per machine)
B10: 1.1 | D10: Dora Ngiza Hospital: Theatre 1
B11: 1.1.1 | D11: Minor Service Cost : Price per Monthly Service / Inspection per machine, as per tasks from the Monthly Service Inspection Guideline in C6. | E11: No | F11: Omitted | G11: Omitted
B12: 1.1.2 | D12: Minor Service Cost : Price per Three Monthly Service / Inspection per machine, as per tasks from the Three Monthly Service Inspection Guideline in C6. | E12: No | F12: 6
B13: 1.1.3 | D13: Major Service Cost : Price per Six Monthly Service / Inspection per machine, as per tasks from the Six Monthly Service Inspection Guideline in C6. | E13: No | F13: 6
B14: 1.2 | D14: Dora Ngiza Hospital: Theatre 2
B15: 1.2.1 | D15: Minor Service Cost : Price per Monthly Service / Inspection per machine, as per tasks from the Monthly Service Inspection Guideline in C6. | E15: No | F15: Omitted | G15: Omitted
B16: 1.2.2 | D16: Minor Service Cost : Price per Three Monthly Service / Inspection per machine, as per tasks from the Three Monthly Service Inspection Guideline in C6. | E16: No | F16: 6
B17: 1.2.3 | D17: Major Service Cost : Price per Six Monthly Service / Inspection per machine, as per tasks from the Six Monthly Service Inspection Guideline in C6. | E17: No | F17: 6
B18: 1.3 | D18: Dora Ngiza Hospital: Theatre 3
B19: 1.3.1 | D19: Minor Service Cost : Price per Monthly Service / Inspection per machine, as per tasks from the Monthly Service Inspection Guideline in C6. | E19: No | F19: Omitted | G19: Omitted
B20: 1.3.2 | D20: Minor Service Cost : Price per Three Monthly Service / Inspection per machine, as per tasks from the Three Monthly Service Inspection Guideline in C6. | E20: No | F20: 6
B21: 1.3.3 | D21: Major Service Cost : Price per Six Monthly Service / Inspection per machine, as per tasks from the Six Monthly Service Inspection Guideline in C6. | E21: No | F21: 6
B22: 1.4 | D22: Dora Ngiza Hospital: Theatre 4
B23: 1.4.1 | D23: Minor Service Cost : Price per Monthly Service / Inspection per machine, as per tasks from the Monthly Service Inspection Guideline in C6. | E23: No | F23: Omitted | G23: Omitted
B24: 1.4.2 | D24: Minor Service Cost : Price per Three Monthly Service / Inspection per machine, as per tasks from the Three Monthly Service Inspection Guideline in C6. | E24: No | F24: 6
B25: 1.4.3 | D25: Major Service Cost : Price per Six Monthly Service / Inspection per machine, as per tasks from the Six Monthly Service Inspection Guideline in C6. | E25: No | F25: =2*3*1 -> 6
B26: 1.5 | D26: Dora Ngiza Hospital: Theatre 5
B27: 1.5.1 | D27: Minor Service Cost : Price per Monthly Service / Inspection per machine, as per tasks from the Monthly Service Inspection Guideline in C6. | E27: No | F27: Omitted | G27: omitted
B28: 1.5.2 | D28: Minor Service Cost : Price per Three Monthly Service / Inspection per machine, as per tasks from the Three Monthly Service Inspection Guideline in C6. | E28: No | F28: 6
B29: 1.5.3 | D29: Major Service Cost : Price per Six Monthly Service / Inspection per machine, as per tasks from the Six Monthly Service Inspection Guideline in C6. | E29: No | F29: =2*3*1 -> 6
B30: 1.6 | D30: Dora Ngiza Hospital: Theatre 6
B31: 1.6.1 | D31: Minor Service Cost : Price per Monthly Service / Inspection per machine, as per tasks from the Monthly Service Inspection Guideline in C6. | E31: No | F31: Omitted | G31: Omitted
B32: 1.6.2 | D32: Minor Service Cost : Price per Three Monthly Service / Inspection per machine, as per tasks from the Three Monthly Service Inspection Guideline in C6. | E32: No | F32: 6
B33: 1.6.3 | D33: Major Service Cost : Price per Six Monthly Service / Inspection per machine, as per tasks from the Six Monthly Service Inspection Guideline in C6. | E33: No | F33: =2*3*1 -> 6
B34: TOTAL CARRIED TO NEXT PAGE
B35: TOTAL FROM PREVIOUS PAGE
B36: ITEM Nr. | C36: PAYMENT REFERS | D36: DESCRIPTION | E36: UNIT | F36: QTY | G36: RATE | H36: AMOUNT
B37: 1.7 | D37: Dora Ngiza Hospital: Theatre 7
B38: 1.7.1 | D38: Minor Service Cost : Price per Monthly Service / Inspection per machine, as per tasks from the Monthly Service Inspection Guideline in C6. | E38: No | F38: Omitted | G38: Omitted
B39: 1.7.2 | D39: Minor Service Cost : Price per Three Monthly Service / Inspection per machine, as per tasks from the Three Monthly Service Inspection Guideline in C6. | E39: No | F39: 6
B40: 1.7.3 | D40: Major Service Cost : Price per Six Monthly Service / Inspection per machine, as per tasks from the Six Monthly Service Inspection Guideline in C6. | E40: No | F40: =2*3*1 -> 6
B41: 1.8 | D41: Dora Ngiza Hospital: Theatre 8
B42: 1.8.1 | D42: Minor Service Cost : Price per Monthly Service / Inspection per machine, as per tasks from the Monthly Service Inspection Guideline in C6. | E42: No | F42: Omitted | G42: Omitted
B43: 1.8.2 | D43: Minor Service Cost : Price per Three Monthly Service / Inspection per machine, as per tasks from the Three Monthly Service Inspection Guideline in C6. | E43: No | F43: 6
B44: 1.8.3 | D44: Major Service Cost : Price per Six Monthly Service / Inspection per machine, as per tasks from the Six Monthly Service Inspection Guideline in C6. | E44: No | F44: 6
B45: 1.9 | D45: Livingstone Hospital: Theatre 1
B46: 1.9.1 | D46: Minor Service Cost : Price per Monthly Service / Inspection per machine, as per tasks from the Monthly Service Inspection Guideline in C6. | E46: No | F46: Omitted | G46: Omitted
B47: 1.9.2 | D47: Minor Service Cost : Price per Three Monthly Service / Inspection per machine, as per tasks from the Three Monthly Service Inspection Guideline in C6. | E47: No | F47: 6
B48: 1.9.3 | D48: Major Service Cost : Price per Six Monthly Service / Inspection per machine, as per tasks from the Six Monthly Service Inspection Guideline in C6. | E48: No | F48: =2*3*1 -> 6
B49: 1.10 | D49: Livingstone Hospital: Theatre 2
B50: 1.10.1 | D50: Minor Service Cost : Price per Monthly Service / Inspection per machine, as per tasks from the Monthly Service Inspection Guideline in C6. | E50: No | F50: Omitted | G50: Omitted
B51: 1.10.2 | D51: Minor Service Cost : Price per Three Monthly Service / Inspection per machine, as per tasks from the Three Monthly Service Inspection Guideline in C6. | E51: No | F51: 6
B52: 1.10.3 | D52: Major Service Cost : Price per Six Monthly Service / Inspection per machine, as per tasks from the Six Monthly Service Inspection Guideline in C6. | E52: No | F52: =2*3*1 -> 6
B53: 1.11 | D53: PE Provincial Hospital: First Floor Theatre 1
B54: 1.11.1 | D54: Minor Service Cost : Price per Monthly Service / Inspection per machine, as per tasks from the Monthly Service Inspection Guideline in C6. | E54: No | F54: Omitted | G54: Omitted
B55: 1.11.2 | D55: Minor Service Cost : Price per Three Monthly Service / Inspection per machine, as per tasks from the Three Monthly Service Inspection Guideline in C6. | E55: No | F55: 6
B56: 1.11.3 | D56: Major Service Cost : Price per Six Monthly Service / Inspection per machine, as per tasks from the Six Monthly Service Inspection Guideline in C6. | E56: No | F56: =2*3*1 -> 6
B57: 1.12 | D57: PE Provincial Hospital: First Floor Theatre 2
B58: 1.12.1 | D58: Minor Service Cost : Price per Monthly Service / Inspection per machine, as per tasks from the Monthly Service Inspection Guideline in C6. | E58: No | F58: Omitted | G58: Omitted
B59: 1.12.2 | D59: Minor Service Cost : Price per Three Monthly Service / Inspection per machine, as per tasks from the Three Monthly Service Inspection Guideline in C6. | E59: No | F59: 6
B60: 1.12.3 | D60: Major Service Cost : Price per Six Monthly Service / Inspection per machine, as per tasks from the Six Monthly Service Inspection Guideline in C6. | E60: No | F60: =2*3*1 -> 6
B61: TOTAL CARRIED TO NEXT PAGE
B62: TOTAL FROM PREVIOUS PAGE
B63: ITEM Nr. | C63: PAYMENT REFERS | D63: DESCRIPTION | E63: UNIT | F63: QTY | G63: RATE | H63: AMOUNT
B64: 1.12 | D64: PE Provincial Hospital: First Floor Theatre 3
B65: 1.12.1 | D65: Minor Service Cost : Price per Monthly Service / Inspection per machine, as per tasks from the Monthly Service Inspection Guideline in C6. | E65: No | F65: Omitted | G65: Omitted
B66: 1.12.2 | D66: Minor Service Cost : Price per Three Monthly Service / Inspection per machine, as per tasks from the Three Monthly Service Inspection Guideline in C6. | E66: No | F66: 6
B67: 1.12.3 | D67: Major Service Cost : Price per Six Monthly Service / Inspection per machine, as per tasks from the Six Monthly Service Inspection Guideline in C6. | E67: No | F67: =2*3*1 -> 6
B68: 1.13 | D68: PE Provincial Hospital: Second Floor Theatre 1
B69: 1.13.1 | D69: Minor Service Cost : Price per Monthly Service / Inspection per machine, as per tasks from the Monthly Service Inspection Guideline in C6. | E69: No | F69: Omitted | G69: Omitted
B70: 1.13.2 | D70: Minor Service Cost : Price per Three Monthly Service / Inspection per machine, as per tasks from the Three Monthly Service Inspection Guideline in C6. | E70: No | F70: 6
B71: 1.13.3 | D71: Major Service Cost : Price per Six Monthly Service / Inspection per machine, as per tasks from the Six Monthly Service Inspection Guideline in C6. | E71: No | F71: =2*3*1 -> 6
B72: 1.14 | D72: PE Provincial Hospital: Second Floor Theatre 2
B73: 1.14.1 | D73: Minor Service Cost : Price per Monthly Service / Inspection per machine, as per tasks from the Monthly Service Inspection Guideline in C6. | E73: No | F73: Omitted | G73: Omitted
B74: 1.14.2 | D74: Minor Service Cost : Price per Three Monthly Service / Inspection per machine, as per tasks from the Three Monthly Service Inspection Guideline in C6. | E74: No | F74: 6
B75: 1.14.3 | D75: Major Service Cost : Price per Six Monthly Service / Inspection per machine, as per tasks from the Six Monthly Service Inspection Guideline in C6. | E75: No | F75: =2*3*1 -> 6
B76: 1.15 | D76: Uitenhage Hospital: Theatre 3 - 3rd floor plant room
B77: 1.15.1 | D77: Minor Service Cost : Price per Monthly Service / Inspection per machine, as per tasks from the Monthly Service Inspection Guideline in C6. | E77: No | F77: Omitted | G77: Omitted
B78: 1.15.2 | D78: Minor Service Cost : Price per Three Monthly Service / Inspection per machine, as per tasks from the Three Monthly Service Inspection Guideline in C6. | E78: No | F78: 6
B79: 1.15.3 | D79: Major Service Cost : Price per Six Monthly Service / Inspection per machine, as per tasks from the Six Monthly Service Inspection Guideline in C6. | E79: No | F79: =2*3*1 -> 6
B80: 1.16 | D80: Uitenhage Hospital: Theatre 3 - 3rd floor plant room
B81: 1.16.1 | D81: Minor Service Cost : Price per Monthly Service / Inspection per machine, as per tasks from the Monthly Service Inspection Guideline in C6. | E81: No | F81: Omitted | G81: Omitted
B82: 1.16.2 | D82: Minor Service Cost : Price per Three Monthly Service / Inspection per machine, as per tasks from the Three Monthly Service Inspection Guideline in C6. | E82: No | F82: 6
B83: 1.16.3 | D83: Major Service Cost : Price per Six Monthly Service / Inspection per machine, as per tasks from the Six Monthly Service Inspection Guideline in C6. | E83: No | F83: 6
B84: 1.17 | D84: Uitenhage Hospital: Theatre 2 - 3rd floor plant room
B85: 1.17.1 | D85: Minor Service Cost : Price per Monthly Service / Inspection per machine, as per tasks from the Monthly Service Inspection Guideline in C6. | E85: No | F85: Omitted | G85: Omitted
B86: 1.17.2 | D86: Minor Service Cost : Price per Three Monthly Service / Inspection per machine, as per tasks from the Three Monthly Service Inspection Guideline in C6. | E86: No | F86: 6
B87: 1.17.3 | D87: Major Service Cost : Price per Six Monthly Service / Inspection per machine, as per tasks from the Six Monthly Service Inspection Guideline in C6. | E87: No | F87: 6
B88: 1.18 | D88: Uitenhage Hospital: Theatre 2 - 3rd floor plant room
B89: 1.18.1 | D89: Minor Service Cost : Price per Monthly Service / Inspection per machine, as per tasks from the Monthly Service Inspection Guideline in C6. | E89: No | F89: Omitted | G89: Omitted
B90: 1.18.2 | D90: Minor Service Cost : Price per Three Monthly Service / Inspection per machine, as per tasks from the Three Monthly Service Inspection Guideline in C6. | E90: No | F90: 6
B91: 1.18.3 | D91: Major Service Cost : Price per Six Monthly Service / Inspection per machine, as per tasks from the Six Monthly Service Inspection Guideline in C6. | E91: No | F91: 6
B92: 1.18 | D92: Port Alfred Hospital: Theatre 1
B93: 1.18.1 | D93: Minor Service Cost : Price per Monthly Service / Inspection per machine, as per tasks from the Monthly Service Inspection Guideline in C6. | E93: No | F93: Omitted | G93: Omitted
B94: 1.18.2 | D94: Minor Service Cost : Price per Three Monthly Service / Inspection per machine, as per tasks from the Three Monthly Service Inspection Guideline in C6. | E94: No | F94: 6
B95: 1.18.3 | D95: Major Service Cost : Price per Six Monthly Service / Inspection per machine, as per tasks from the Six Monthly Service Inspection Guideline in C6. | E95: No | F95: 6
B96: 1.19 | D96: Port Alfred Hospital: Theatre 2
B97: 1.19.1 | D97: Minor Service Cost : Price per Monthly Service / Inspection per machine, as per tasks from the Monthly Service Inspection Guideline in C6. | E97: No | F97: Omitted | G97: Omitted
D98: Minor Service Cost : Price per Three Monthly Service / Inspection per machine, as per tasks from the Three Monthly Service Inspection Guideline in C6. | E98: No | F98: 6
B99: 1.19.2 | D99: Major Service Cost : Price per Six Monthly Service / Inspection per machine, as per tasks from the Six Monthly Service Inspection Guideline in C6. | E99: No | F99: 6
B100: TOTAL CARRIED TO NEXT PAGE

Sheet SCHEDULE 4
B2: ='SCHEDULE 3'!B2 -> SCHEDULED MAINTENANCE OF THEATRE HVAC SYSTEMS IN CLUSTER FOUR (4)
B3: CONTRACT REF. NO: | D3: ='SCHED 1A-1_NMB_SB'!D2 -> SCMU3-24/25-0657-HO | E3: Cluster/District: | G3: =SUMMARY!F4 -> NELSON MANDELA AND SARAH BAARTMAN
B4: ASSET TYPE: | D4: ='SCHED 1A-1_NMB_SB'!D3 -> HVAC THEATRE
B6: SCHEDULE 4 : | D6: TERM REPAIRS SUBJECT TO APPROVAL OF QUOTATION OF THE WORKS
B8: ITEM Nr. | C8: PAYMENT REFERS | D8: DESCRIPTION | E8: UNIT | F8: QTY | G8: RATE | H8: AMOUNT
B9: 1 | C9: GM 2.8 | D9: LABOUR RATES APPLICABLE TO UNSCHEDULED WORK: Labour rates that Contractor will charge for additional adhoc work that is not contained in Schedules 1 to 3.
B10: 1.1 | D10: Technician | E10: Hr | F10: =(4*36*11)/2 -> 792
B11: 1.2 | D11: Senior Artisan (Trade Tested & Additional Certification) | E11: Hr | F11: =(4*36*11)/2 -> 792
B12: 1.3 | D12: Artisan (Trade Tested) | E12: Hr | F12: 1824
B13: 1.4 | D13: Utility Man (Non-Trade Tested) | E13: Hr | F13: 1824
B14: 1.5 | D14: Artisan Aid | E14: Hr | F14: 1824
B15: 1.6 | D15: General Worker | E15: Hr | F15: 792
B16: 2 | C16: GM 2.8.3 | D16: TRAVELLING : Travelling cost will be as per the rates for reimbursable expenses published monthly by the National Department of Public Works at the time of rendering the service/repair.
B17: 2.1 | D17: Vehicle Travelling Estimate | E17: Km | F17: =(195*4*12)*19 -> 177840
B18: 3 | C18: GM 2.8.3 | D18: ACCOMMODATION AND SUBSISTENCE : Daily Rates per person that the Contractor will claim for approved trips lasting more than one day at a time.
B19: 3.1 | D19: Accommodation | E19: Per/night | F19: 60
B20: 3.2 | D20: Subsistence | E20: Per/day | F20: 60
B21: 4 | C21: GM 2.5 (10), GM 2.8.1 & GM 2.10.3 | D21: PROVISION TO COVER REPAIRS DURING THE TERM OF THE CONTRACT : Lump Sum Provision to cover repairs and breakdowns during the course of the Contract in addition to the agreed routine servicing of the Assets. | E21: PSum | F21: 1 | G21: 4000000 | H21: =G21 -> 4000000
B22: 5 | C22: GM 2.8.1 & Clause 11.2(8) | D22: DIRECT FEE PERCENTAGE (MARK-UP) ON MATERIALS AND SERVICES THAT IS NOT INCLUDED IN PRICE LISTS : Mark-up on proven cost for materials and/or Outsourced Services based on the Provisional sum listed in Item 4. above. (Apply % to provisional sum in Item 4 above when pricing the tender) | E22: %
B27: TOTAL CARRIED FORWARD TO SUMMARY

Sheet WORK ORDERS  01 LAETITIA BAM CH
A9: QUOTE TO : | F9: Qoute No | H9: 1
A10: Department of Health | F10: Date | H10: 43770
A11: 717 Dukumbana Building | F11: Facility | H11: LAETITIA BAM CHC
A12: Independent Avenue | F12: Work Order | H12: 39138
A13: Bhisho | F13: Tender No | H13: SCMU3 - 17/18-0303 - HO
F14: Contract Term | H14: 24 MONTHS
A15: WORK REQUEST : Generator is faulty.
A16: SCHEDULED WORK
A17: Item 1 | B17: Discription | E17: Unit | F17: Sch No | G17: Quantity | H17: Rate | I17: Amount
I18: =SUM(G18*H18) -> 0
I19: =SUM(G19*H19) -> 0
I20: =SUM(G20*H20) -> 0
A21: Sub Total A | I21: =SUM(I18:I20) -> 0
A22: NON SCHEDULED WORK
A23: Item 2 | B23: Discription | F23: Quantity | G23: Mark -Up | H23: Rate | I23: Amount
A24: 1 | B24: RELAY 11 PIN 12V DC | F24: 2 | G24: 0.15 | H24: 110 | I24: =H24*F24*1.15 -> 253
A25: 2 | B25: RELAY BASE | F25: 2 | G25: 0.15 | H25: 65 | I25: =H25*F25*1.15 -> 149.5
A26: 3 | B26: DEEPSEA CONTROLLER | F26: 1 | G26: 0.15 | H26: 6239 | I26: =H26*F26*1.15 -> 7174.85
A27: 4 | B27: MCB 6A SP | F27: 2 | G27: 0.15 | H27: 21.6 | I27: =H27*F27*1.15 -> 49.68
A28: 5 | B28: RED STOP TWIST RELEASE | F28: 2 | G28: 0.15 | H28: 65.5 | I28: =H28*F28*1.15 -> 150.65
A29: 6 | B29: CONTACT BLOCK 1N/0 + 1N/C | F29: 2 | G29: 0.15 | H29: 68.5 | I29: =H29*F29*1.15 -> 157.55
A32: Sub Total B | I32: =SUM(I24:I31) -> 7935.23
A33: LABOUR
A34: Item 3 | B34: (Normal Rate) | E34: Unit | G34: Quantity | H34: Rate | I34: Amount
A35: 1 | B35: Techinician | E35: HRS | G35: 15 | H35: 450 | I35: =SUM(G35*H35) -> 6750
A36: 2 | B36: Senior Artisan | E36: HRS | H36: 350 | I36: =SUM(G36*H36) -> 0
A37: 3 | B37: Artisan (Trade Tested) | E37: HRS | H37: 300 | I37: =SUM(G37*H37) -> 0
A38: 4 | B38: Utility Man (Non - Trade Tested) | E38: HRS | G38: 15 | H38: 200 | I38: =SUM(G38*H38) -> 3000
A39: 5 | B39: Artisan Aid | E39: HRS | H39: 200 | I39: =SUM(G39*H39) -> 0
A40: 6 | B40: General Worker | E40: HRS | H40: 140 | I40: =SUM(G40*H40) -> 0
A44: Sub Total C | I44: =SUM(I35:I43) -> 9750
A45: TRANSPORT
A46: Item 4 | B46: Destinantion | E46: No of Trips | G46: KMs | H46: Rate | I46: Amount
A47: 12 | B47: Port Elizabeth office to Laetitia Bam
B48: CHC and back. | E48: 2 | G48: 154.4 | H48: 5 | I48: =H48*G48 -> 772
A50: Sub Total D | I50: =SUM(I47:I49) -> 772
G52: Sub Total (A+B+C+D) | I52: =I50+I44+I32+I21 -> 18457.23
G54: Sub Total | I54: =I52+I53 -> 18457.23

Sheet JOSE PEARSON TB HOSPITAL (02)
A9: QUOTE TO : | F9: Qoute No | H9: 2
A10: Department of Health | F10: Date | H10: 43498
A11: 717 Dukumbana Building | F11: Facility | H11: JOSE PEARSON TB HOSPITAL
A12: Independent Avenue | F12: Work Order | H12: 40578
A13: Bhisho | F13: Tender No | H13: SCMU3 - 17/18-0303 - HO
F14: Contract Term | H14: 24 MONTHS
A15: WORK REQUEST : Phamarcy building dep needs to be connected to the gen
A16: SCHEDULED WORK
A17: Item 1 | B17: Discription | E17: Unit | F17: Sch No | G17: Quantity | H17: Rate | I17: Amount
I18: =SUM(G18*H18) -> 0
I19: =SUM(G19*H19) -> 0
I20: =SUM(G20*H20) -> 0
A21: Sub Total A | I21: =SUM(I18:I20) -> 0
A22: NON SCHEDULED WORK
A23: Item 2 | B23: Discription | F23: Quantity | G23: MarK UP | H23: Rate | I23: Amount
A32: Sub Total B | I32: =SUM(I24:I31) -> 0
A33: LABOUR
A34: Item 3 | B34: (Normal Rate) | E34: Unit | G34: Quantity | H34: Rate | I34: Amount
A35: 1 | B35: Techinician | E35: HRS | G35: 6 | H35: 450 | I35: =SUM(G35*H35) -> 2700
A36: 2 | B36: Senior Artisan | E36: HRS | H36: 350 | I36: =SUM(G36*H36) -> 0
A37: 3 | B37: Artisan (Trade Tested) | E37: HRS | H37: 300 | I37: =SUM(G37*H37) -> 0
A38: 4 | B38: Utility Man (Non - Trade Tested) | E38: HRS | G38: 6 | H38: 200 | I38: =SUM(G38*H38) -> 1200
A39: 5 | B39: Artisan Aid | E39: HRS | H39: 200 | I39: =SUM(G39*H39) -> 0
A40: 6 | B40: General Worker | E40: HRS | H40: 140 | I40: =SUM(G40*H40) -> 0
A44: Sub Total C | I44: =SUM(I35:I43) -> 3900
A45: TRANSPORT
A46: Item 4 | B46: Destinantion | E46: No of Trips | G46: KMs | H46: Rate | I46: Amount
A47: 12 | B47: Port Elizabeth office to Jose Pearson
B48: TB Hospital and back. | E48: 1 | G48: 47 | H48: 5 | I48: =H48*G48 -> 235
A50: Sub Total D | I50: =SUM(I47:I49) -> 235
G52: Sub Total (A+B+C+D) | I52: =I50+I44+I32+I21 -> 4135
G54: Sub Total | I54: =I52 -> 4135

Sheet NEW BRIGHTON MORTUARY (03)
A9: QUOTE TO : | F9: Qoute No | H9: 3
A10: Department of Health | F10: Date | H10: 43801
A11: 717 Dukumbana Building | F11: Facility | H11: NEW BRIGHTON MORTUARY
A12: Independent Avenue | F12: Work Order | H12: 41253
A13: Bhisho | F13: Tender No | H13: SCMU3 - 17/18-0303 - HO
F14: Contract Term | H14: 24 MONTHS
A15: WORK REQUEST : Gen does not start.
A16: SCHEDULED WORK
A17: Item 1 | B17: Discription | E17: Unit | F17: Sch No | G17: Quantity | H17: Rate | I17: Amount
I18: =SUM(G18*H18) -> 0
I19: =SUM(G19*H19) -> 0
I20: =SUM(G20*H20) -> 0
A21: Sub Total A | I21: =SUM(I18:I20) -> 0
A22: NON SCHEDULED WORK
A23: Item 2 | B23: Discription | F23: Quantity | G23: MarK UP | H23: Rate | I23: Amount
A32: Sub Total B | I32: =SUM(I24:I31) -> 0
A33: LABOUR
A34: Item 3 | B34: (Normal Rate) | E34: Unit | G34: Quantity | H34: Rate | I34: Amount
A35: 1 | B35: Techinician | E35: HRS | G35: 1.5 | H35: 450 | I35: =SUM(G35*H35) -> 675
A36: 2 | B36: Senior Artisan | E36: HRS | H36: 350 | I36: =SUM(G36*H36) -> 0
A37: 3 | B37: Artisan (Trade Tested) | E37: HRS | H37: 300 | I37: =SUM(G37*H37) -> 0
A38: 4 | B38: Utility Man (Non - Trade Tested) | E38: HRS | G38: 1.5 | H38: 200 | I38: =SUM(G38*H38) -> 300
A39: 5 | B39: Artisan Aid | E39: HRS | H39: 200 | I39: =SUM(G39*H39) -> 0
A40: 6 | B40: General Worker | E40: HRS | H40: 140 | I40: =SUM(G40*H40) -> 0
A44: Sub Total C | I44: =SUM(I35:I43) -> 975
A45: TRANSPORT
A46: Item 4 | B46: Destinantion | E46: No of Trips | G46: KMs | H46: Rate | I46: Amount
A47: 12 | B47: Port Elizabeth office to New Brighton
B48: Mortuary and back. | E48: 1 | G48: 21.4 | H48: 5 | I48: =H48*G48 -> 107
A50: Sub Total D | I50: =SUM(I47:I49) -> 107
G52: Sub Total (A+B+C+D) | I52: =I50+I44+I32+I21 -> 1082
G54: Sub Total | I54: =I52+I53 -> 1082

Sheet DORA NGIZA HOSPITAL (04)
A9: QUOTE TO : | F9: Qoute No | H9: 4
A10: Department of Health | F10: Date | H10: 43771
A11: 717 Dukumbana Building | F11: Facility | H11: DORA NGINZA HOSPITAL
A12: Independent Avenue | F12: Work Order | H12: 41177
A13: Bhisho | F13: Tender No | H13: SCMU3 - 17/18-0303 - HO
F14: Contract Term | H14: 24 MONTHS
A15: WORK REQUEST : Request to repair faulty cable connecting to thechange over switch.
A16: SCHEDULED WORK
A17: Item 1 | B17: Discription | E17: Unit | F17: Sch No | G17: Quantity | H17: Rate | I17: Amount
I18: =SUM(G18*H18) -> 0
I19: =SUM(G19*H19) -> 0
I20: =SUM(G20*H20) -> 0
A21: Sub Total A | I21: =SUM(I18:I20) -> 0
A22: NON SCHEDULED WORK
A23: Item 2 | B23: Discription | F23: Quantity | G23: Mark - Up | H23: Rate | I23: Amount
A24: 1 | B24: ELECTRO PHASE FAILER RELAY 400V | F24: 1 | G24: 0.15 | H24: 396 | I24: =H24*F24*1.15 -> 455.4
A25: 2 | B25: 10 X 38mm FUSE 100KVA | F25: 1 | G25: 0.15 | H25: 12 | I25: =H25*F25*1.15 -> 13.8
A32: Sub Total B | I32: =SUM(I24:I31) -> 469.2
A33: LABOUR
A34: Item 3 | B34: (Normal Rate) | E34: Unit | G34: Quantity | H34: Rate | I34: Amount
A35: 1 | B35: Techinician | E35: HRS | G35: 2 | H35: 450 | I35: =SUM(G35*H35) -> 900
A36: 2 | B36: Senior Artisan | E36: HRS | H36: 350 | I36: =SUM(G36*H36) -> 0
A37: 3 | B37: Artisan (Trade Tested) | E37: HRS | H37: 300 | I37: =SUM(G37*H37) -> 0
A38: 4 | B38: Utility Man (Non - Trade Tested) | E38: HRS | G38: 2 | H38: 200 | I38: =SUM(G38*H38) -> 400
A39: 5 | B39: Artisan Aid | E39: HRS | H39: 200 | I39: =SUM(G39*H39) -> 0
A40: 6 | B40: General Worker | E40: HRS | H40: 140 | I40: =SUM(G40*H40) -> 0
A44: Sub Total C | I44: =SUM(I35:I43) -> 1300
A45: TRANSPORT
A46: Item 4 | B46: Destinantion | E46: No of Trips | G46: KMs | H46: Rate | I46: Amount
A47: 1 | B47: Port Elizabeth office to Dora Nginza
B48: Hospital and back. | E48: 1 | G48: 28.6 | H48: 5 | I48: =H48*G48 -> 143
A50: Sub Total D | I50: =SUM(I47:I49) -> 143
G52: Sub Total (A+B+C+D) | I52: =I50+I44+I32+I21 -> 1912.2
G54: Sub Total | I54: =I52+I53 -> 1912.2

Sheet LAETITIA BAM CHC (05)
A9: QUOTE TO : | F9: Qoute No | H9: 5
A10: Department of Health | F10: Date | H10: 43740
A11: 717 Dukumbana Building | F11: Facility | H11: LAETITIA BAM CHC
A12: Independent Avenue | F12: Work Order | H12: 41140
A13: Bhisho | F13: Tender No | H13: SCMU3 - 17/18-0303 - HO
F14: Contract Term | H14: 24 MONTHS
A15: WORK REQUEST : Gen did not start.
A16: SCHEDULED WORK
A17: Item 1 | B17: Discription | E17: Unit | F17: Sch No | G17: Quantity | H17: Rate | I17: Amount
I18: =SUM(G18*H18) -> 0
I19: =SUM(G19*H19) -> 0
I20: =SUM(G20*H20) -> 0
A21: Sub Total A | I21: =SUM(I18:I20) -> 0
A22: NON SCHEDULED WORK
A23: Item 2 | B23: Discription | F23: Quantity | H23: Rate | I23: Amount
A32: Sub Total B | I32: =SUM(I24:I31) -> 0
A33: LABOUR
A34: Item 3 | B34: (Normal Rate) | E34: Unit | G34: Quantity | H34: Rate | I34: Amount
A35: 1 | B35: Techinician | E35: HRS | G35: 1 | H35: 450 | I35: =SUM(G35*H35) -> 450
A36: 2 | B36: Senior Artisan | E36: HRS | H36: 350 | I36: =SUM(G36*H36) -> 0
A37: 3 | B37: Artisan (Trade Tested) | E37: HRS | H37: 300 | I37: =SUM(G37*H37) -> 0
A38: 4 | B38: Utility Man (Non - Trade Tested) | E38: HRS | G38: 1 | H38: 200 | I38: =SUM(G38*H38) -> 200
A39: 5 | B39: Artisan Aid | E39: HRS | H39: 200 | I39: =SUM(G39*H39) -> 0
A40: 6 | B40: General Worker | E40: HRS | H40: 140 | I40: =SUM(G40*H40) -> 0
A44: Sub Total C | I44: =SUM(I35:I43) -> 650
A45: TRANSPORT
A46: Item 4 | B46: Destinantion | E46: No of Trips | G46: KMs | H46: Rate | I46: Amount
A47: 1 | B47: Port Elizabeth office to Laetitia Bam
B48: CHC and back. | E48: 1 | G48: 77.2 | H48: 5 | I48: =H48*G48 -> 386
A50: Sub Total D | I50: =SUM(I47:I49) -> 386
G52: Sub Total (A+B+C+D) | I52: =I50+I44+I32+I21 -> 1036
G54: Sub Total | I54: =I52+I53 -> 1036

Sheet MOTHERWELL CHC (06)
A9: QUOTE TO : | F9: Qoute No | H9: 6
A10: Department of Health | F10: Date | H10: 13/2/2019
A11: 717 Dukumbana Building | F11: Facility | H11: MOTHERWELL CHC
A12: Independent Avenue | F12: Work Order | H12: 41408
A13: Bhisho | F13: Tender No | H13: SCMU3 - 17/18-0303 - HO
F14: Contract Term | H14: 24 MONTHS
A15: WORK REQUEST : Request to repair gen ,not staring.
A16: SCHEDULED WORK
A17: Item 1 | B17: Discription | E17: Unit | F17: Sch No | G17: Quantity | H17: Rate | I17: Amount
I18: =SUM(G18*H18) -> 0
I19: =SUM(G19*H19) -> 0
I20: =SUM(G20*H20) -> 0
A21: Sub Total A | I21: =SUM(I18:I20) -> 0
A22: NON SCHEDULED WORK
A23: Item 2 | B23: Discription | F23: Quantity | H23: Rate | I23: Amount
A32: Sub Total B | I32: =SUM(I24:I31) -> 0
A33: LABOUR
A34: Item 3 | B34: (Normal Rate) | E34: Unit | G34: Quantity | H34: Rate | I34: Amount
A35: 1 | B35: Techinician | E35: HRS | G35: 1 | H35: 450 | I35: =SUM(G35*H35) -> 450
A36: 2 | B36: Senior Artisan | E36: HRS | H36: 350 | I36: =SUM(G36*H36) -> 0
A37: 3 | B37: Artisan (Trade Tested) | E37: HRS | H37: 300 | I37: =SUM(G37*H37) -> 0
A38: 4 | B38: Utility Man (Non - Trade Tested) | E38: HRS | G38: 1 | H38: 200 | I38: =SUM(G38*H38) -> 200
A39: 5 | B39: Artisan Aid | E39: HRS | H39: 200 | I39: =SUM(G39*H39) -> 0
A40: 6 | B40: General Worker | E40: HRS | H40: 140 | I40: =SUM(G40*H40) -> 0
A44: Sub Total C | I44: =SUM(I35:I43) -> 650
A45: TRANSPORT
A46: Item 4 | B46: Destinantion | E46: No of Trips | G46: KMs | H46: Rate | I46: Amount
A47: 12 | B47: Port Elizabeth office to Motherwell
B48: CHC and back. | E48: 1 | G48: 48.8 | H48: 5 | I48: =H48*G48 -> 244
A50: Sub Total D | I50: =SUM(I47:I49) -> 244
G52: Sub Total (A+B+C+D) | I52: =I50+I44+I32+I21 -> 894
G54: Sub Total | I54: =I52+I53 -> 894

Sheet MOTHERWEL CHC (07)
A9: QUOTE TO : | F9: Qoute No | H9: 7
A10: Department of Health | F10: Date | H10: 18/2/2019
A11: 717 Dukumbana Building | F11: Facility | H11: MOTHERWELL CHC
A12: Independent Avenue | F12: Work Order | H12: 43238
A13: Bhisho | F13: Tender No | H13: SCMU3 - 17/18-0303 - HO
F14: Contract Term | H14: 24 MONTHS
A15: WORK REQUEST : Repair to faulty gen keeps on tripping.
A16: SCHEDULED WORK
A17: Item 1 | B17: Discription | E17: Unit | F17: Sch No | G17: Quantity | H17: Rate | I17: Amount
I18: =SUM(G18*H18) -> 0
I19: =SUM(G19*H19) -> 0
I20: =SUM(G20*H20) -> 0
A21: Sub Total A | I21: =SUM(I18:I20) -> 0
A22: NON SCHEDULED WORK
A23: Item 2 | B23: Discription | F23: Quantity | H23: Rate | I23: Amount
A32: Sub Total B | I32: =SUM(I24:I31) -> 0
A33: LABOUR
A34: Item 3 | B34: (Normal Rate) | E34: Unit | G34: Quantity | H34: Rate | I34: Amount
A35: 1 | B35: Techinician | E35: HRS | G35: 1.5 | H35: 450 | I35: =SUM(G35*H35) -> 675
A36: 2 | B36: Senior Artisan | E36: HRS | H36: 350 | I36: =SUM(G36*H36) -> 0
A37: 3 | B37: Artisan (Trade Tested) | E37: HRS | H37: 300 | I37: =SUM(G37*H37) -> 0
A38: 4 | B38: Utility Man (Non - Trade Tested) | E38: HRS | G38: 1.5 | H38: 200 | I38: =SUM(G38*H38) -> 300
A39: 5 | B39: Artisan Aid | E39: HRS | H39: 200 | I39: =SUM(G39*H39) -> 0
A40: 6 | B40: General Worker | E40: HRS | H40: 140 | I40: =SUM(G40*H40) -> 0
A44: Sub Total C | I44: =SUM(I35:I43) -> 975
A45: TRANSPORT
A46: Item 4 | B46: Destinantion | E46: No of Trips | G46: KMs | H46: Rate | I46: Amount
A47: 1 | B47: Port Elizabeth office to Motherwell
B48: CHC and back. | E48: 1 | G48: 48.8 | H48: 5 | I48: =H48*G48 -> 244
A50: Sub Total D | I50: =SUM(I47:I49) -> 244
G52: Sub Total (A+B+C+D) | I52: =I50+I44+I32+I21 -> 1219
G54: Sub Total | I54: =I52+I53 -> 1219

Sheet ORSMOND TB HOSPITAL (08)
A9: QUOTE TO : | F9: Qoute No | H9: 8
A10: Department of Health | F10: Date | H10: 16/2/2019
A11: 717 Dukumbana Building | F11: Facility | H11: ORSMOND TB HOSPITAL
A12: Independent Avenue | F12: Work Order | H12: 43191
A13: Bhisho | F13: Tender No | H13: SCMU3 - 17/18-0303 - HO
F14: Contract Term | H14: 24 MONTHS
A15: WORK REQUEST : Gen faulty.
A16: SCHEDULED WORK
A17: Item 1 | B17: Discription | E17: Unit | F17: Sch No | G17: Quantity | H17: Rate | I17: Amount
I18: =SUM(G18*H18) -> 0
I19: =SUM(G19*H19) -> 0
I20: =SUM(G20*H20) -> 0
A21: Sub Total A | I21: =SUM(I18:I20) -> 0
A22: NON SCHEDULED WORK
A23: Item 2 | B23: Discription | F23: Quantity | G23: Mark - Up | H23: Rate | I23: Amount
A32: Sub Total B | I32: =SUM(I24:I31) -> 0
A33: LABOUR
A34: Item 3 | B34: (Normal Rate) | E34: Unit | G34: Quantity | H34: Rate | I34: Amount
A35: 1 | B35: Techinician | E35: HRS | G35: 2.5 | H35: 450 | I35: =SUM(G35*H35) -> 1125
A36: 2 | B36: Senior Artisan | E36: HRS | H36: 350 | I36: =SUM(G36*H36) -> 0
A37: 3 | B37: Artisan (Trade Tested) | E37: HRS | H37: 300 | I37: =SUM(G37*H37) -> 0
A38: 4 | B38: Utility Man (Non - Trade Tested) | E38: HRS | G38: 2.5 | H38: 200 | I38: =SUM(G38*H38) -> 500
A39: 5 | B39: Artisan Aid | E39: HRS | H39: 200 | I39: =SUM(G39*H39) -> 0
A40: 6 | B40: General Worker | E40: HRS | H40: 140 | I40: =SUM(G40*H40) -> 0
A44: Sub Total C | I44: =SUM(I35:I43) -> 1625
A45: TRANSPORT
A46: Item 4 | B46: Destinantion | E46: No of Trips | G46: KMs | H46: Rate | I46: Amount
A47: 1 | B47: Port Elizabeth office to Orsmmon TB hospital
B48: and back. | E48: 1 | G48: 81.4 | H48: 5 | I48: =H48*G48 -> 407
A50: Sub Total D | I50: =SUM(I47:I49) -> 407
G52: Sub Total (A+B+C+D) | I52: =I50+I44+I32+I21 -> 2032
G54: Sub Total | I54: =I52+I53 -> 2032

Sheet JOSE PEARSON TB HOSPITAL (09)
A9: QUOTE TO : | F9: Qoute No | H9: 9
A10: Department of Health | F10: Date | H10: 43618
A11: 717 Dukumbana Building | F11: Facility | H11: JOSE PEARSON TB HOSPITAL
A12: Independent Avenue | F12: Work Order | H12: 42608
A13: Bhisho | F13: Tender No | H13: SCMU3 - 17/18-0303 - HO
F14: Contract Term | H14: 24 MONTHS
A15: WORK REQUEST : Repair to a faulty gen and diesel pump.
A16: SCHEDULED WORK
A17: Item 1 | B17: Discription | E17: Unit | F17: Sch No | G17: Quantity | H17: Rate | I17: Amount
I18: =SUM(G18*H18) -> 0
I19: =SUM(G19*H19) -> 0
I20: =SUM(G20*H20) -> 0
A21: Sub Total A | I21: =SUM(I18:I20) -> 0
A22: NON SCHEDULED WORK
A23: Item 2 | B23: Discription | F23: Quantity | G23: Mark -Up | H23: Rate | I23: Amount
A24: 1 | B24: ROTARY PUMP | F24: 1 | G24: 0.15 | H24: 239.13 | I24: =H24*F24*1.15 -> 274.9995
A25: 2 | B25: BOND ADHESIVE | F25: 1 | G25: 0.15 | H25: 52.17 | I25: =H25*F25*1.15 -> 59.9955
A32: Sub Total B | I32: =SUM(I24:I31) -> 334.995
A33: LABOUR
A34: Item 3 | B34: (Normal Rate) | E34: Unit | G34: Quantity | H34: Rate | I34: Amount
A35: 1 | B35: Techinician | E35: HRS | G35: 2 | H35: 450 | I35: =SUM(G35*H35) -> 900
A36: 2 | B36: Senior Artisan | E36: HRS | H36: 350 | I36: =SUM(G36*H36) -> 0
A37: 3 | B37: Artisan (Trade Tested) | E37: HRS | H37: 300 | I37: =SUM(G37*H37) -> 0
A38: 4 | B38: Utility Man (Non - Trade Tested) | E38: HRS | G38: 2 | H38: 200 | I38: =SUM(G38*H38) -> 400
A39: 5 | B39: Artisan Aid | E39: HRS | H39: 200 | I39: =SUM(G39*H39) -> 0
A40: 6 | B40: General Worker | E40: HRS | H40: 140 | I40: =SUM(G40*H40) -> 0
A44: Sub Total C | I44: =SUM(I35:I43) -> 1300
A45: TRANSPORT
A46: Item 4 | B46: Destinantion | E46: No of Trips | G46: KMs | H46: Rate | I46: Amount
A47: 1 | B47: Port Elizabeth office to Jose Pearson
B48: TB and back. | E48: 1 | G48: 47 | H48: 5 | I48: =H48*G48 -> 235
A50: Sub Total D | I50: =SUM(I47:I49) -> 235
G52: Sub Total (A+B+C+D) | I52: =I50+I44+I32+I21 -> 1869.995
G54: Sub Total | I54: =I52+I53 -> 1869.995

Sheet LIVINGSTONE HOSPITAL (10)
A9: QUOTE TO : | F9: Qoute No | H9: 10
A10: Department of Health | F10: Date | H10: 43619
A11: 717 Dukumbana Building | F11: Facility | H11: LIVINGSTONE HOSPITAL
A12: Independent Avenue | F12: Work Order | H12: 42600
A13: Bhisho | F13: Tender No | H13: SCMU3 - 17/18-0303 - HO
F14: Contract Term | H14: 24 MONTHS
A15: WORK REQUEST : Repair to faulty gen.
A16: SCHEDULED WORK
A17: Item 1 | B17: Discription | E17: Unit | F17: Sch No | G17: Quantity | H17: Rate | I17: Amount
I18: =SUM(G18*H18) -> 0
I19: =SUM(G19*H19) -> 0
I20: =SUM(G20*H20) -> 0
A21: Sub Total A | I21: =SUM(I18:I20) -> 0
A22: NON SCHEDULED WORK
A23: Item 2 | B23: Discription | F23: Quantity | G23: Mark - Up | H23: Rate | I23: Amount
A24: 1 | B24: BATTERY 689 SHD | F24: 4 | G24: 0.15 | H24: 3346 | I24: =H24*F24*1.15 -> 15391.6
A25: 2 | B25: BATTERY 689 | F25: 4 | G25: 0.15 | H25: 2213 | I25: =H25*F25*1.15 -> 10179.8
A32: Sub Total B | I32: =SUM(I24:I31) -> 25571.4
A33: LABOUR
A34: Item 3 | B34: (Normal Rate) | E34: Unit | G34: Quantity | H34: Rate | I34: Amount
A35: 1 | B35: Techinician | E35: HRS | G35: 4 | H35: 450 | I35: =SUM(G35*H35) -> 1800
A36: 2 | B36: Senior Artisan | E36: HRS | H36: 350 | I36: =SUM(G36*H36) -> 0
A37: 3 | B37: Artisan (Trade Tested) | E37: HRS | H37: 300 | I37: =SUM(G37*H37) -> 0
A38: 4 | B38: Utility Man (Non - Trade Tested) | E38: HRS | G38: 4 | H38: 200 | I38: =SUM(G38*H38) -> 800
A39: 5 | B39: Artisan Aid | E39: HRS | H39: 200 | I39: =SUM(G39*H39) -> 0
A40: 6 | B40: General Worker | E40: HRS | H40: 140 | I40: =SUM(G40*H40) -> 0
A44: Sub Total C | I44: =SUM(I35:I43) -> 2600
A45: TRANSPORT
A46: Item 4 | B46: Destinantion | E46: No of Trips | G46: KMs | H46: Rate | I46: Amount
A47: 1 | B47: Port Elizabeth office to Livingstone
B48: Hospital and back. | E48: 1 | G48: 23 | H48: 5 | I48: =H48*G48 -> 115
A50: Sub Total D | I50: =SUM(I47:I49) -> 115
G52: Sub Total (A+B+C+D) | I52: =I50+I44+I32+I21 -> 28286.4
G54: Sub Total | I54: =I52+I53 -> 28286.4

Sheet LAETITIA BAM CHC (11)
A9: QUOTE TO : | F9: Qoute No | H9: 11
A10: Department of Health | F10: Date | H10: 28/3/2019
A11: 717 Dukumbana Building | F11: Facility | H11: LAETITIA BAM CHC
A12: Independent Avenue | F12: Work Order | H12: 43269
A13: Bhisho | F13: Tender No | H13: SCMU3 - 17/18-0303 - HO
F14: Contract Term | H14: 24 MONTHS
A15: WORK REQUEST : Generator does not kick start.
A16: SCHEDULED WORK
A17: Item 1 | B17: Description | E17: Unit | F17: Sch No | G17: Quantity | H17: Rate | I17: Amount
I18: =SUM(G18*H18) -> 0
I19: =SUM(G19*H19) -> 0
I20: =SUM(G20*H20) -> 0
A21: Sub Total A | I21: =SUM(I18:I20) -> 0
A22: NON SCHEDULED WORK
A23: Item 2 | B23: Description | G23: Quantity | H23: Rate | I23: Amount
A32: Sub Total | I32: =SUM(I24:I31) -> 0
A33: Mark - Up 15% | I33: =I32*0.15 -> 0
A34: SUb Total B | I34: =I32+I33 -> 0
A35: LABOUR
A36: Item 3 | B36: (Normal Rate) | E36: Unit | G36: Quantity | H36: Rate | I36: Amount
A37: 1 | B37: Techinician | E37: HRS | G37: 2 | H37: 450 | I37: =SUM(G37*H37) -> 900
A38: 2 | B38: Senior Artisan | E38: HRS | H38: 350 | I38: =SUM(G38*H38) -> 0
A39: 3 | B39: Artisan (Trade Tested) | E39: HRS | H39: 300 | I39: =SUM(G39*H39) -> 0
A40: 4 | B40: Utility Man (Non - Trade Tested) | E40: HRS | G40: 2 | H40: 200 | I40: =SUM(G40*H40) -> 400
A41: 5 | B41: Artisan Aid | E41: HRS | H41: 200 | I41: =SUM(G41*H41) -> 0
A42: 6 | B42: General Worker | E42: HRS | H42: 140 | I42: =SUM(G42*H42) -> 0
A46: Sub Total C | I46: =SUM(I37:I45) -> 1300
A47: TRANSPORT
A48: Item 4 | B48: Destinantion | E48: No of Trips | G48: KMs | H48: Rate | I48: Amount
A49: 1 | B49: Port Elizabeth office to Laetitia CHC
B50: and back. | E50: 1 | G50: 77.4 | H50: 5 | I50: =H50*G50 -> 387
A52: Sub Total D | I52: =SUM(I49:I51) -> 387
G54: Sub Total (A+B+C+D) | I54: =I52+I46+I34 -> 1687
G56: Sub Total | I56: =I54+I55 -> 1687

Sheet WEST END (12)
A9: QUOTE TO : | F9: Qoute No | H9: 12
A10: Department of Health | F10: Date | H10: 22/3/2019
A11: 717 Dukumbana Building | F11: Facility | H11: West End CHC
A12: Independent Avenue | F12: Work Order | H12: 43444
A13: Bhisho | F13: Tender No | H13: SCMU3 - 17/18-0303 - HO
F14: Contract Term | H14: 24 MONTHS
A15: WORK REQUEST : The generator is leaking oil.
A16: SCHEDULED WORK
A17: Item 1 | B17: Description | E17: Unit | F17: Sch No | G17: Quantity | H17: Rate | I17: Amount
I18: =SUM(G18*H18) -> 0
I19: =SUM(G19*H19) -> 0
I20: =SUM(G20*H20) -> 0
A21: Sub Total A | I21: =SUM(I18:I20) -> 0
A22: NON SCHEDULED WORK
A23: Item 2 | B23: Description | G23: Quantity | H23: Rate | I23: Amount
A24: 1 | B24: REAR OIL SEAL (6105) | G24: 1 | H24: 172.17 | I24: =H24*G24 -> 172.17
A25: 2 | B25: RIMULA R4 X 15W40 | G25: 1 | H25: 665.1 | I25: =H25*G25 -> 665.1
A32: Sub Total | I32: =SUM(I24:I31) -> 837.27
A33: Mark - Up 15% | I33: =I32*0.15 -> 125.5905
A34: SUb Total B | I34: =I32+I33 -> 962.8605
A35: LABOUR
A36: Item 3 | B36: (Normal Rate) | E36: Unit | G36: Quantity | H36: Rate | I36: Amount
A37: 1 | B37: Techinician | E37: HRS | G37: 9 | H37: 450 | I37: =SUM(G37*H37) -> 4050
A38: 2 | B38: Senior Artisan | E38: HRS | H38: 350 | I38: =SUM(G38*H38) -> 0
A39: 3 | B39: Artisan (Trade Tested) | E39: HRS | H39: 300 | I39: =SUM(G39*H39) -> 0
A40: 4 | B40: Utility Man (Non - Trade Tested) | E40: HRS | G40: 9 | H40: 200 | I40: =SUM(G40*H40) -> 1800
A41: 5 | B41: Artisan Aid | E41: HRS | H41: 200 | I41: =SUM(G41*H41) -> 0
A42: 6 | B42: General Worker | E42: HRS | H42: 140 | I42: =SUM(G42*H42) -> 0
A46: Sub Total C | I46: =SUM(I37:I45) -> 5850
A47: TRANSPORT
A48: Item 4 | B48: Destinantion | E48: No of Trips | G48: KMs | H48: Rate | I48: Amount
A49: 1 | B49: Port Elizabeth office to West End
B50: Mortuary and back. | E50: 1 | G50: 73.6 | H50: 5 | I50: =H50*G50 -> 368
A52: Sub Total D | I52: =SUM(I49:I51) -> 368
G54: Sub Total (A+B+C+D) | I54: =I52+I46+I34+I21 -> 7180.8605
G56: Sub Total | I56: =I54+I55 -> 7180.8605

Sheet PORT ELIZABETH PRO.(13)
A9: QUOTE TO : | F9: Qoute No | H9: 13
A10: Department of Health | F10: Date | H10: 29/3/2019
A11: 717 Dukumbana Building | F11: Facility | H11: PORT ELIZABETH HOSPITAL PROV
A12: Independent Avenue | F12: Work Order | H12: 43856
A13: Bhisho | F13: Tender No | H13: SCMU3 - 17/18-0303 - HO
F14: Contract Term | H14: 24 MONTHS
A15: WORK REQUEST : The back up generator is faulty.
A16: SCHEDULED WORK
A17: Item 1 | B17: Description | E17: Unit | F17: Sch No | G17: Quantity | H17: Rate | I17: Amount
I18: =SUM(G18*H18) -> 0
I19: =SUM(G19*H19) -> 0
I20: =SUM(G20*H20) -> 0
A21: Sub Total A | I21: =SUM(I18:I20) -> 0
A22: NON SCHEDULED WORK
A23: Item 2 | B23: Description | G23: Quantity | H23: Rate | I23: Amount
A24: 1 | B24: 12 V REALY | G24: 1 | H24: 110 | I24: =H24*G24 -> 110
A32: Sub Total | I32: =SUM(I24:I31) -> 110
A33: Mark - Up 15% | I33: =I32*0.15 -> 16.5
A34: SUb Total B | I34: =I32+I33 -> 126.5
A35: LABOUR
A36: Item 3 | B36: (Normal Rate) | E36: Unit | G36: Quantity | H36: Rate | I36: Amount
A37: 1 | B37: Techinician | E37: HRS | G37: 2 | H37: 450 | I37: =SUM(G37*H37) -> 900
A38: 2 | B38: Senior Artisan | E38: HRS | H38: 350 | I38: =SUM(G38*H38) -> 0
A39: 3 | B39: Artisan (Trade Tested) | E39: HRS | H39: 300 | I39: =SUM(G39*H39) -> 0
A40: 4 | B40: Utility Man (Non - Trade Tested) | E40: HRS | G40: 2 | H40: 200 | I40: =SUM(G40*H40) -> 400
A41: 5 | B41: Artisan Aid | E41: HRS | H41: 200 | I41: =SUM(G41*H41) -> 0
A42: 6 | B42: General Worker | E42: HRS | H42: 140 | I42: =SUM(G42*H42) -> 0
A46: Sub Total C | I46: =SUM(I37:I45) -> 1300
A47: TRANSPORT
A48: Item 4 | B48: Destinantion | E48: No of Trips | G48: KMs | H48: Rate | I48: Amount
A49: 1 | B49: Port Elizabeth office to Prort Elizabeth Prov
B50: Hospital and back. | E50: 1 | G50: 1.9 | H50: 5 | I50: =H50*G50 -> 9.5
A52: Sub Total D | I52: =SUM(I49:I51) -> 9.5
G54: Sub Total (A+B+C+D) | I54: =I52+I46+I34+I21 -> 1436
G56: Sub Total | I56: =I54+I55 -> 1436

Sheet DORA NGIZA HOSP (14)
A9: QUOTE TO : | F9: Qoute No | H9: 14
A10: Department of Health | F10: Date | H10: 16/4/2019
A11: 717 Dukumbana Building | F11: Facility | H11: DORA HOSPITAL PROVINCIAL
A12: Independent Avenue | F12: Work Order | H12: 43167
A13: Bhisho | F13: Tender No | H13: SCMU3 - 17/18-0303 - HO
F14: Contract Term | H14: 24 MONTHS
A15: WORK REQUEST : Casuality generator has a faulty pre - heater.
A16: SCHEDULED WORK
A17: Item 1 | B17: Discription | E17: Unit | F17: Sch No | G17: Quantity | H17: Rate | I17: Amount
I18: =SUM(G18*H18) -> 0
I19: =SUM(G19*H19) -> 0
I20: =SUM(G20*H20) -> 0
A21: Sub Total A | I21: =SUM(I18:I20) -> 0
A22: NON SCHEDULED WORK
A23: Item 2 | B23: Description | G23: Quantity | H23: Rate | I23: Amount
A24: 1 | B24: ELEMENT (2KW) | G24: 1 | H24: 254.18 | I24: =H24*G24 -> 254.18
A25: 2 | B25: THERMOSTAT | G25: 1 | H25: 250.12 | I25: =H25*G25 -> 250.12
A26: 3 | B26: ANTIFREEZE | G26: 15 | H26: 39.81 | I26: =H26*G26 -> 597.15
A27: 4 | B27: 100A (MCB) | G27: 1 | H27: 1646.25 | I27: =H27*G27 -> 1646.25
A28: 5 | B28: SAMITE ADAPTOR PLATE | G28: 2 | H28: 18.9 | I28: =H28*G28 -> 37.8
I29: =H29*G29 -> 0
I30: =H30*G30 -> 0
A32: Sub Total | I32: =SUM(I24:I31) -> 2785.5
A33: Mark - Up 15% | I33: =I32*0.15 -> 417.825
A34: SUb Total B | I34: =I32+I33 -> 3203.325
A35: LABOUR
A36: Item 3 | B36: (Normal Rate) | E36: Unit | G36: Quantity | H36: Rate | I36: Amount
A37: 1 | B37: Techinician | E37: HRS | G37: 6 | H37: 450 | I37: =SUM(G37*H37) -> 2700
A38: 2 | B38: Senior Artisan | E38: HRS | H38: 350 | I38: =SUM(G38*H38) -> 0
A39: 3 | B39: Artisan (Trade Tested) | E39: HRS | H39: 300 | I39: =SUM(G39*H39) -> 0
A40: 4 | B40: Utility Man (Non - Trade Tested) | E40: HRS | G40: 6 | H40: 200 | I40: =SUM(G40*H40) -> 1200
A41: 5 | B41: Artisan Aid | E41: HRS | H41: 200 | I41: =SUM(G41*H41) -> 0
A42: 6 | B42: General Worker | E42: HRS | H42: 140 | I42: =SUM(G42*H42) -> 0
A46: Sub Total C | I46: =SUM(I37:I45) -> 3900
A47: TRANSPORT
A48: Item 4 | B48: Destinantion | E48: No of Trips | G48: KMs | H48: Rate | I48: Amount
A49: 1 | B49: Port Elizabeth office to Dora Ngiza
B50: Hospital and back. | E50: 1 | G50: 28.6 | H50: 5 | I50: =H50*G50 -> 143
A52: Sub Total D | I52: =SUM(I49:I51) -> 143
G54: Sub Total (A+B+C+D) | I54: =I52+I46+I34+I21 -> 7246.325
G56: Sub Total | I56: =I54+I55 -> 7246.325

Sheet ORSMOND TB HOSP (15)
A9: QUOTE TO : | F9: Qoute No | H9: 15
A10: Department of Health | F10: Date | H10: 16/3/2019
A11: 717 Dukumbana Building | F11: Facility | H11: ORSMOND TB HOSPITAL
A12: Independent Avenue | F12: Work Order | H12: 44769
A13: Bhisho | F13: Tender No | H13: SCMU3 - 17/18-0303 - HO
F14: Contract Term | H14: 24 MONTHS
A15: WORK REQUEST : Back up generator does not start.
A16: SCHEDULED WORK
A17: Item 1 | B17: Discription | E17: Unit | F17: Sch No | G17: Quantity | H17: Rate | I17: Amount
I18: =SUM(G18*H18) -> 0
I19: =SUM(G19*H19) -> 0
I20: =SUM(G20*H20) -> 0
A21: Sub Total A | I21: =SUM(I18:I20) -> 0
A22: NON SCHEDULED WORK
A23: Item 2 | B23: Description | G23: Quantity | H23: Rate | I23: Amount
A24: 1 | B24: BATTERY (674) | G24: 1 | H24: 1430 | I24: =H24*G24 -> 1430
A32: Sub Total | I32: =SUM(I24:I31) -> 1430
A33: Mark - Up 15% | I33: =I32*0.15 -> 214.5
A34: SUb Total B | I34: =I32+I33 -> 1644.5
A35: LABOUR
A36: Item 3 | B36: (Normal Rate) | E36: Unit | G36: Quantity | H36: Rate | I36: Amount
A37: 1 | B37: Techinician | E37: HRS | G37: 1 | H37: 450 | I37: =SUM(G37*H37) -> 450
A38: 2 | B38: Senior Artisan | E38: HRS | H38: 350 | I38: =SUM(G38*H38) -> 0
A39: 3 | B39: Artisan (Trade Tested) | E39: HRS | H39: 300 | I39: =SUM(G39*H39) -> 0
A40: 4 | B40: Utility Man (Non - Trade Tested) | E40: HRS | G40: 1 | H40: 200 | I40: =SUM(G40*H40) -> 200
A41: 5 | B41: Artisan Aid | E41: HRS | H41: 200 | I41: =SUM(G41*H41) -> 0
A42: 6 | B42: General Worker | E42: HRS | H42: 140 | I42: =SUM(G42*H42) -> 0
A46: Sub Total C | I46: =SUM(I37:I45) -> 650
A47: TRANSPORT
A48: Item 4 | B48: Destinantion | E48: No of Trips | G48: KMs | H48: Rate | I48: Amount
A49: 1 | B49: Port Elizabeth office to Orsmond
B50: Hospital and back. | E50: 1 | G50: 81.6 | H50: 5 | I50: =H50*G50 -> 408
A52: Sub Total D | I52: =SUM(I49:I51) -> 408
G54: Sub Total (A+B+C+D) | I54: =I52+I46+I34+I21 -> 2702.5
G56: Sub Total | I56: =I54+I55 -> 2702.5

Sheet MOUNT RD MORT. (16)
A9: QUOTE TO : | F9: Qoute No | H9: 16
A10: Department of Health | F10: Date | H10: 43713
A11: 717 Dukumbana Building | F11: Facility | H11: MOUNT ROAD MORTAURY
A12: Independent Avenue | F12: Work Order | H12: 45596
A13: Bhisho | F13: Tender No | H13: SCMU3 - 17/18-0303 - HO
F14: Contract Term | H14: 24 MONTHS
A15: WORK REQUEST : Diesel generator is making noise.
A16: SCHEDULED WORK
A17: Item 1 | B17: Description | E17: Unit | F17: Sch No | G17: Quantity | H17: Rate | I17: Amount
I18: =SUM(G18*H18) -> 0
I19: =SUM(G19*H19) -> 0
I20: =SUM(G20*H20) -> 0
A21: Sub Total A | I21: =SUM(I18:I20) -> 0
A22: NON SCHEDULED WORK
A23: Item 2 | B23: Description | G23: Quantity | H23: Rate | I23: Amount
A24: 1 | B24: BATTERY (674) | G24: 1 | H24: 1498.26 | I24: =H24*G24 -> 1498.26
A32: Sub Total | I32: =SUM(I24:I31) -> 1498.26
A33: Mark - Up 15% | I33: =I32*0.15 -> 224.739
A34: SUb Total B | I34: =I32+I33 -> 1722.999
A35: LABOUR
A36: Item 3 | B36: (Normal Rate) | E36: Unit | G36: Quantity | H36: Rate | I36: Amount
A37: 1 | B37: Techinician | E37: HRS | G37: 3 | H37: 450 | I37: =SUM(G37*H37) -> 1350
A38: 2 | B38: Senior Artisan | E38: HRS | H38: 350 | I38: =SUM(G38*H38) -> 0
A39: 3 | B39: Artisan (Trade Tested) | E39: HRS | H39: 300 | I39: =SUM(G39*H39) -> 0
A40: 4 | B40: Utility Man (Non - Trade Tested) | E40: HRS | H40: 200 | I40: =SUM(G40*H40) -> 0
A41: 5 | B41: Artisan Aid | E41: HRS | H41: 200 | I41: =SUM(G41*H41) -> 0
A42: 6 | B42: General Worker | E42: HRS | H42: 140 | I42: =SUM(G42*H42) -> 0
A46: Sub Total C | I46: =SUM(I37:I45) -> 1350
A47: TRANSPORT
A48: Item 4 | B48: Destinantion | E48: No of Trips | G48: KMs | H48: Rate | I48: Amount
A49: 1 | B49: Port Elizabeth office to Mount Road
B50: Mortuary and back. | E50: 1 | G50: 4.8 | H50: 5 | I50: =H50*G50 -> 24
A52: Sub Total D | I52: =SUM(I49:I51) -> 24
G54: Sub Total (A+B+C+D) | I54: =I52+I46+I34+I21 -> 3096.999
G56: Sub Total | I56: =I54+I55 -> 3096.999

Sheet PARMACEUTICA DEP (17)
A9: QUOTE TO : | F9: Qoute No | H9: 17
A10: Department of Health | F10: Date | H10: 16/4/2019
A11: 717 Dukumbana Building | F11: Facility | H11: PHARMACEUTICAL DEPOT
A12: Independent Avenue | F12: Work Order | H12: 44682
A13: Bhisho | F13: Tender No | H13: SCMU3 - 17/18-0303 - HO
F14: Contract Term | H14: 24 MONTHS
A15: WORK REQUEST : The alternator of the generator needs to be repaired.
A16: SCHEDULED WORK
A17: Item 1 | B17: Description | E17: Unit | F17: Sch No | G17: Quantity | H17: Rate | I17: Amount
I18: =SUM(G18*H18) -> 0
I19: =SUM(G19*H19) -> 0
I20: =SUM(G20*H20) -> 0
A21: Sub Total A | I21: =SUM(I18:I20) -> 0
A22: NON SCHEDULED WORK
A23: Item 2 | B23: Description | G23: Quantity | H23: Rate | I23: Amount
A24: 1 | B24: 24 v ALTERNATOR | G24: 1 | H24: 4107 | I24: =H24*G24 -> 4107
A25: 2 | B25: MAKE UP BRACKET FOR THE ALTERNATOR | G25: 1 | H25: 1375 | I25: =H25*G25 -> 1375
A32: Sub Total | I32: =SUM(I24:I31) -> 5482
A33: Mark - Up 15% | I33: =I32*0.15 -> 822.3
A34: SUb Total B | I34: =I32+I33 -> 6304.3
A35: LABOUR
A36: Item 3 | B36: (Normal Rate) | E36: Unit | G36: Quantity | H36: Rate | I36: Amount
A37: 1 | B37: Techinician | E37: HRS | G37: 5 | H37: 450 | I37: =SUM(G37*H37) -> 2250
A38: 2 | B38: Senior Artisan | E38: HRS | H38: 350 | I38: =SUM(G38*H38) -> 0
A39: 3 | B39: Artisan (Trade Tested) | E39: HRS | H39: 300 | I39: =SUM(G39*H39) -> 0
A40: 4 | B40: Utility Man (Non - Trade Tested) | E40: HRS | G40: 5 | H40: 200 | I40: =SUM(G40*H40) -> 1000
A41: 5 | B41: Artisan Aid | E41: HRS | H41: 200 | I41: =SUM(G41*H41) -> 0
A42: 6 | B42: General Worker | E42: HRS | H42: 140 | I42: =SUM(G42*H42) -> 0
A46: Sub Total C | I46: =SUM(I37:I45) -> 3250
A47: TRANSPORT
A48: Item 4 | B48: Destinantion | E48: No of Trips | G48: KMs | H48: Rate | I48: Amount
A49: 1 | B49: Port Elizabeth office to Pharmaceutical
B50: Depot and back. | E50: 1 | G50: 26.8 | H50: 5 | I50: =H50*G50 -> 134
A52: Sub Total D | I52: =SUM(I49:I51) -> 134
G54: Sub Total (A+B+C+D) | I54: =I52+I46+I34+I21 -> 9688.3
G56: Sub Total | I56: =I54+I55 -> 9688.3

Sheet DORA NGIZA HOSP (18)
A9: QUOTE TO : | F9: Qoute No | H9: 18
A10: Department of Health | F10: Date | H10: 26/4/2019
A11: 717 Dukumbana Building | F11: Facility | H11: DORA NGIZA HOSPITAL
A12: Independent Avenue | F12: Work Order | H12: 45094
A13: Bhisho | F13: Tender No | H13: SCMU3 - 17/18-0303 - HO
F14: Contract Term | H14: 24 MONTHS
A15: WORK REQUEST : Repair the lovato control and replace the battery charger charger.
A16: SCHEDULED WORK
A17: Item 1 | B17: Description | E17: Unit | F17: Sch No | G17: Quantity | H17: Rate | I17: Amount
I18: =SUM(G18*H18) -> 0
I19: =SUM(G19*H19) -> 0
I20: =SUM(G20*H20) -> 0
A21: Sub Total A | I21: =SUM(I18:I20) -> 0
A22: NON SCHEDULED WORK
A23: Item 2 | B23: Description | G23: Quantity | H23: Rate | I23: Amount
A32: Sub Total | I32: =SUM(I24:I31) -> 0
A33: Mark - Up 15% | I33: =I32*0.15 -> 0
A34: SUb Total B | I34: =I32+I33 -> 0
A35: LABOUR
A36: Item 3 | B36: (Normal Rate) | E36: Unit | G36: Quantity | H36: Rate | I36: Amount
A37: 1 | B37: Techinician | E37: HRS | G37: 3 | H37: 450 | I37: =SUM(G37*H37) -> 1350
A38: 2 | B38: Senior Artisan | E38: HRS | H38: 350 | I38: =SUM(G38*H38) -> 0
A39: 3 | B39: Artisan (Trade Tested) | E39: HRS | H39: 300 | I39: =SUM(G39*H39) -> 0
A40: 4 | B40: Utility Man (Non - Trade Tested) | E40: HRS | G40: 3 | H40: 200 | I40: =SUM(G40*H40) -> 600
A41: 5 | B41: Artisan Aid | E41: HRS | H41: 200 | I41: =SUM(G41*H41) -> 0
A42: 6 | B42: General Worker | E42: HRS | H42: 140 | I42: =SUM(G42*H42) -> 0
A46: Sub Total C | I46: =SUM(I37:I45) -> 1950
A47: TRANSPORT
A48: Item 4 | B48: Destinantion | E48: No of Trips | G48: KMs | H48: Rate | I48: Amount
A49: 1 | B49: Port Elizabeth office to Dora Ngiza
B50: Hospital and back. | E50: 1 | G50: 28.6 | H50: 5 | I50: =H50*G50 -> 143
A52: Sub Total D | I52: =SUM(I49:I51) -> 143
G54: Sub Total (A+B+C+D) | I54: =I52+I46+I34 -> 2093
G56: Sub Total | I56: =I54+I55 -> 2093

Sheet DORA NGIZA (19)
A9: QUOTE TO : | F9: Qoute No | H9: 19
A10: Department of Health | F10: Date | H10: 24/5/2019
A11: 717 Dukumbana Building | F11: Facility | H11: DORA NGIZA HOSPITAL
A12: Independent Avenue | F12: Work Order | H12: 46407
A13: Bhisho | F13: Tender No | H13: SCMU3 - 17/18-0303 - HO
F14: Contract Term | H14: 24 MONTHS
A15: WORK REQUEST : Repair the lovato control and replace the battery charger .
A16: SCHEDULED WORK
A17: Item 1 | B17: Description | E17: Unit | F17: Sch No | G17: Quantity | H17: Rate | I17: Amount
I18: =SUM(G18*H18) -> 0
I19: =SUM(G19*H19) -> 0
I20: =SUM(G20*H20) -> 0
A21: Sub Total A | I21: =SUM(I18:I20) -> 0
A22: NON SCHEDULED WORK
A23: Item 2 | B23: Description | G23: Quantity | H23: Rate | I23: Amount
A24: 1 | B24: 12V 5A BATTERY CHARGER | G24: 1 | H24: 1142 | I24: =H24*G24 -> 1142
A32: Sub Total | I32: =SUM(I24:I31) -> 1142
A33: Mark - Up 15% | I33: =I32*0.15 -> 171.3
A34: SUb Total B | I34: =I32+I33 -> 1313.3
A35: LABOUR
A36: Item 3 | B36: (Normal Rate) | E36: Unit | G36: Quantity | H36: Rate | I36: Amount
A37: 1 | B37: Techinician | E37: HRS | G37: 4 | H37: 450 | I37: =SUM(G37*H37) -> 1800
A38: 2 | B38: Senior Artisan | E38: HRS | H38: 350 | I38: =SUM(G38*H38) -> 0
A39: 3 | B39: Artisan (Trade Tested) | E39: HRS | H39: 300 | I39: =SUM(G39*H39) -> 0
A40: 4 | B40: Utility Man (Non - Trade Tested) | E40: HRS | G40: 4 | H40: 200 | I40: =SUM(G40*H40) -> 800
A41: 5 | B41: Artisan Aid | E41: HRS | H41: 200 | I41: =SUM(G41*H41) -> 0
A42: 6 | B42: General Worker | E42: HRS | H42: 140 | I42: =SUM(G42*H42) -> 0
A46: Sub Total C | I46: =SUM(I37:I45) -> 2600
A47: TRANSPORT
A48: Item 4 | B48: Destinantion | E48: No of Trips | G48: KMs | H48: Rate | I48: Amount
A49: 1 | B49: Port Elizabeth office to Dora Ngiza
B50: Hospital and back. | E50: 1 | G50: 28.6 | H50: 5 | I50: =H50*G50 -> 143
A52: Sub Total D | I52: =SUM(I49:I51) -> 143
G54: Sub Total (A+B+C+D) | I54: =I52+I46+I34 -> 4056.3
G56: Sub Total | I56: =I54+I55 -> 4056.3

Sheet LIVINGSTONE HOSPITAL (20)
A9: QUOTE TO : | F9: Qoute No | H9: 20
A10: Department of Health | F10: Date | H10: 29/5/2019
A11: 717 Dukumbana Building | F11: Facility | H11: LIVINGSTONE HOSPITAL
A12: Independent Avenue | F12: Work Order | H12: 46506
A13: Bhisho | F13: Tender No | H13: SCMU3 - 17/18-0303 - HO
F14: Contract Term | H14: 24 MONTHS
A15: WORK REQUEST : Gen at nurses home needs fuel filter.
A16: SCHEDULED WORK
A17: Item 1 | B17: Description | E17: Unit | F17: Sch No | G17: Quantity | H17: Rate | I17: Amount
I18: =SUM(G18*H18) -> 0
I19: =SUM(G19*H19) -> 0
I20: =SUM(G20*H20) -> 0
A21: Sub Total A | I21: =SUM(I18:I20) -> 0
A22: NON SCHEDULED WORK
A23: Item 2 | B23: Description | G23: Quantity | H23: Rate | I23: Amount
A24: 1 | B24: FUEL FILTER | G24: 1 | H24: 428.2 | I24: =H24*G24 -> 428.2
A25: 2 | B25: HEAD ASSY | G25: 1 | H25: 367.16 | I25: =H25*G25 -> 367.16
A32: Sub Total | I32: =SUM(I24:I31) -> 795.36
A33: Mark - Up 15% | I33: =I32*0.15 -> 119.304
A34: SUb Total B | I34: =I32+I33 -> 914.664
A35: LABOUR
A36: Item 3 | B36: (Normal Rate) | E36: Unit | G36: Quantity | H36: Rate | I36: Amount
A37: 1 | B37: Techinician | E37: HRS | G37: 1 | H37: 450 | I37: =SUM(G37*H37) -> 450
A38: 2 | B38: Senior Artisan | E38: HRS | H38: 350 | I38: =SUM(G38*H38) -> 0
A39: 3 | B39: Artisan (Trade Tested) | E39: HRS | H39: 300 | I39: =SUM(G39*H39) -> 0
A40: 4 | B40: Utility Man (Non - Trade Tested) | E40: HRS | G40: 1 | H40: 200 | I40: =SUM(G40*H40) -> 200
A41: 5 | B41: Artisan Aid | E41: HRS | H41: 200 | I41: =SUM(G41*H41) -> 0
A42: 6 | B42: General Worker | E42: HRS | H42: 140 | I42: =SUM(G42*H42) -> 0
A46: Sub Total C | I46: =SUM(I37:I45) -> 650
A47: TRANSPORT
A48: Item 4 | B48: Destinantion | E48: No of Trips | G48: KMs | H48: Rate | I48: Amount
A49: 1 | B49: Port Elizabeth office to Livingstone
B50: Hospital and back. | E50: 1 | G50: 23.2 | H50: 5 | I50: =H50*G50 -> 116
A52: Sub Total D | I52: =SUM(I49:I51) -> 116
G54: Sub Total (A+B+C+D) | I54: =I52+I46+I34 -> 1680.664
G56: Sub Total | I56: =I54+I55 -> 1680.664

Sheet PE PROV. HOSPITAL (21)
A9: QUOTE TO : | F9: Qoute No | H9: 21
A10: Department of Health | F10: Date | H10: 43607
A11: 717 Dukumbana Building | F11: Facility | H11: PE PROVINCIAL HOSPITAL
A12: Independent Avenue | F12: Work Order | H12: 43065
A13: Bhisho | F13: Tender No | H13: SCMU3 - 17/18-0303 - HO
F14: Contract Term | H14: 24 MONTHS
A15: WORK REQUEST : Exiting tank to be connected to the power generator.
A16: SCHEDULED WORK
A17: Item 1 | B17: Description | E17: Unit | F17: Sch No | G17: Quantity | H17: Rate | I17: Amount
I18: =SUM(G18*H18) -> 0
I19: =SUM(G19*H19) -> 0
I20: =SUM(G20*H20) -> 0
A21: Sub Total A | I21: =SUM(I18:I20) -> 0
A22: NON SCHEDULED WORK
A23: Item 2 | B23: Description | G23: Quantity | H23: Rate | I23: Amount
A24: 1 | B24: Straight Coupler | G24: 2 | H24: 23.54 | I24: =H24*G24 -> 47.08
A25: 2 | B25: 16mm Clear Thick Wall | G25: 1 | H25: 20.8 | I25: =H25*G25 -> 20.8
A26: 3 | B26: Jubilee Clamps | G26: 2 | H26: 4 | I26: =H26*G26 -> 8
A27: 4 | B27: 25mm Galv Plug | G27: 1 | H27: 5.96 | I27: =H27*G27 -> 5.96
A28: 5 | B28: 10mm Galv Plug | G28: 1 | H28: 3.46 | I28: =H28*G28 -> 3.46
A29: 6 | B29: G1000 Filter | G29: 1 | H29: 137.95 | I29: =H29*G29 -> 137.95
A30: 7 | B30: EQL ANG MS | G30: 1 | H30: 147.83 | I30: =H30*G30 -> 147.83
A31: 8 | B31: Masterbat 15mm | G31: 4 | H31: 1.5 | I31: =H31*G31 -> 6
A32: 9 | B32: Copper Tube 15x 5.5m | G32: 1 | H32: 314 | I32: =H32*G32 -> 314
A33: 10 | B33: Galv Hollow Plug | G33: 1 | H33: 7.25 | I33: =H33*G33 -> 7.25
A34: 11 | B34: Reducer | G34: 2 | H34: 23.01 | I34: =H34*G34 -> 46.02
A35: 12 | B35: Elbow | G35: 4 | H35: 29.47 | I35: =H35*G35 -> 117.88
... A37: 14 | B37: Male Straight Coupler | G37: 2 | H37: 66.61 | I37: =H37*G37 -> 133.22
A38: Sub Total | I38: =SUM(I24:I37) -> 1036.43
A39: Mark - Up 15% | I39: =ROUND((I38*0.15),2) -> 155.46
A40: SUb Total B | I40: =I38+I39 -> 1191.89
A41: LABOUR
A42: Item 3 | B42: (Normal Rate) | E42: Unit | G42: Quantity | H42: Rate | I42: Amount
A43: 1 | B43: Techinician | E43: HRS | G43: 12 | H43: 450 | I43: =SUM(G43*H43) -> 5400
A44: 2 | B44: Senior Artisan | E44: HRS | H44: 350 | I44: =SUM(G44*H44) -> 0
A45: 3 | B45: Artisan (Trade Tested) | E45: HRS | H45: 300 | I45: =SUM(G45*H45) -> 0
A46: 4 | B46: Utility Man (Non - Trade Tested) | E46: HRS | G46: 12 | H46: 200 | I46: =SUM(G46*H46) -> 2400
A47: 5 | B47: Artisan Aid | E47: HRS | H47: 200 | I47: =SUM(G47*H47) -> 0
A48: 6 | B48: General Worker | E48: HRS | H48: 140 | I48: =SUM(G48*H48) -> 0
A52: Sub Total C | I52: =SUM(I43:I51) -> 7800
A53: TRANSPORT
A54: Item 4 | B54: Destinantion | E54: No of Trips | G54: KMs | H54: Rate | I54: Amount
A55: 1 | B55: Unit 2My konos, south end to Port Elizabeth
B56: Prov.Hospital and back. | E56: 1 | G56: 9.2 | H56: 5 | I56: =H56*G56 -> 46
A58: Sub Total D | I58: =SUM(I55:I57) -> 46
G60: Sub Total (A+B+C+D) | I60: =I58+I52+I40 -> 9037.89
G62: Sub Total | I62: =I60+I61 -> 9037.89

Sheet GQEBERA CHC (22)
A9: QUOTE TO : | F9: Qoute No | H9: 22
A10: Department of Health | F10: Date | H10: 43626
A11: 717 Dukumbana Building | F11: Facility | H11: GQEBERA CHC
A12: Independent Avenue | F12: Work Order | H12: 47399
A13: Bhisho | F13: Tender No | H13: SCMU3 - 17/18-0303 - HO
F14: Contract Term | H14: 24 MONTHS
A15: WORK REQUEST : Rpair faulty generator.
A16: SCHEDULED WORK
A17: Item 1 | B17: Description | E17: Unit | F17: Sch No | G17: Quantity | H17: Rate | I17: Amount
I18: =SUM(G18*H18) -> 0
I19: =SUM(G19*H19) -> 0
I20: =SUM(G20*H20) -> 0
A21: Sub Total A | I21: =SUM(I18:I20) -> 0
A22: NON SCHEDULED WORK
A23: Item 2 | B23: Description | G23: Quantity | H23: Rate | I23: Amount
A24: 1 | B24: Lifting of generator | G24: 1 | H24: 300 | I24: =H24*G24 -> 300
A25: 2 | B25: 6120 Control Module | G25: 1 | H25: 5936.47 | I25: =H25*G25 -> 5936.47
A26: 3 | B26: Uni 12 AVR | G26: 1 | H26: 2250 | I26: =H26*G26 -> 2250
A27: 4 | B27: SX460 AVR | G27: 1 | H27: 2850 | I27: =H27*G27 -> 2850
A28: 5 | B28: 82KVA Alternator | G28: 1 | H28: 4840 | I28: =H28*G28 -> 4840
A38: Sub Total | I38: =SUM(I24:I37) -> 16176.47
A39: Mark - Up 15% | I39: =ROUND((I38*0.15),2) -> 2426.47
A40: SUb Total B | I40: =I38+I39 -> 18602.94
A41: LABOUR
A42: Item 3 | B42: (Normal Rate) | E42: Unit | G42: Quantity | H42: Rate | I42: Amount
A43: 1 | B43: Techinician | E43: HRS | G43: 69 | H43: 450 | I43: =SUM(G43*H43) -> 31050
A44: 2 | B44: Senior Artisan | E44: HRS | H44: 350 | I44: =SUM(G44*H44) -> 0
A45: 3 | B45: Artisan (Trade Tested) | E45: HRS | H45: 300 | I45: =SUM(G45*H45) -> 0
A46: 4 | B46: Utility Man (Non - Trade Tested) | E46: HRS | G46: 69 | H46: 200 | I46: =SUM(G46*H46) -> 13800
A47: 5 | B47: Artisan Aid | E47: HRS | H47: 200 | I47: =SUM(G47*H47) -> 0
A48: 6 | B48: General Worker | E48: HRS | H48: 140 | I48: =SUM(G48*H48) -> 0
A52: Sub Total C | I52: =SUM(I43:I51) -> 44850
A53: TRANSPORT
A54: Item 4 | B54: Destinantion | E54: No of Trips | G54: KMs | H54: Rate | I54: Amount
A55: 1 | B55: Unit 2My konos, south end to Gqebera CHC
B56: and back. | E56: 6 | G56: 61.2 | H56: 5 | I56: =H56*G56 -> 306
A58: Sub Total D | I58: =SUM(I55:I57) -> 306
G60: Sub Total (A+B+C+D) | I60: =I58+I52+I40 -> 63758.94
G62: Sub Total | I62: =I60+I61 -> 63758.94

Sheet PORT EZIABERTH MEDIC DEPOT(23)
A9: QUOTE TO : | F9: Qoute No | H9: 23
A10: Department of Health | F10: Date | H10: 43627
A11: 717 Dukumbana Building | F11: Facility | H11: PE PHARMACEUTICAL DEPOT
A12: Independent Avenue | F12: Work Order | H12: 47510
A13: Bhisho | F13: Tender No | H13: SCMU3 - 17/18-0303 - HO
F14: Contract Term | H14: 24 MONTHS
A15: WORK REQUEST : They need the gen batteries to be replaced,the thermostat &pre heated element needs replacement.
A16: SCHEDULED WORK
A17: Item 1 | B17: Description | E17: Unit | F17: Sch No | G17: Quantity | H17: Rate | I17: Amount
I18: =SUM(G18*H18) -> 0
I19: =SUM(G19*H19) -> 0
I20: =SUM(G20*H20) -> 0
A21: Sub Total A | I21: =SUM(I18:I20) -> 0
A22: NON SCHEDULED WORK
A23: Item 2 | B23: Description | G23: Quantity | H23: Rate | I23: Amount
A24: 1 | B24: Geyser Element | G24: 1 | H24: 182.56 | I24: =H24*G24 -> 182.56
A25: 2 | B25: Geyser Thermostat | G25: 1 | H25: 227.5 | I25: =H25*G25 -> 227.5
A26: 3 | B26: 105Ah Battery | G26: 2 | H26: 1504.35 | I26: =H26*G26 -> 3008.7
A27: 4 | B27: Antifreeze 10L | G27: 1 | H27: 418 | I27: =H27*G27 -> 418
I28: =H28*G28 -> 0
A38: Sub Total | I38: =SUM(I24:I37) -> 3836.76
A39: Mark - Up 15% | I39: =ROUND((I38*0.15),2) -> 575.51
A40: SUb Total B | I40: =I38+I39 -> 4412.27
A41: LABOUR
A42: Item 3 | B42: (Normal Rate) | E42: Unit | G42: Quantity | H42: Rate | I42: Amount
A43: 1 | B43: Techinician | E43: HRS | G43: 4 | H43: 450 | I43: =SUM(G43*H43) -> 1800
A44: 2 | B44: Senior Artisan | E44: HRS | H44: 350 | I44: =SUM(G44*H44) -> 0
A45: 3 | B45: Artisan (Trade Tested) | E45: HRS | H45: 300 | I45: =SUM(G45*H45) -> 0
A46: 4 | B46: Utility Man (Non - Trade Tested) | E46: HRS | G46: 4 | H46: 200 | I46: =SUM(G46*H46) -> 800
A47: 5 | B47: Artisan Aid | E47: HRS | H47: 200 | I47: =SUM(G47*H47) -> 0
A48: 6 | B48: General Worker | E48: HRS | H48: 140 | I48: =SUM(G48*H48) -> 0
A52: Sub Total C | I52: =SUM(I43:I51) -> 2600
A53: TRANSPORT
A54: Item 4 | B54: Destinantion | E54: No of Trips | G54: KMs | H54: Rate | I54: Amount
A55: 1 | B55: Unit 2 Mykonos, south end to PE
B56: Pharmaceutical Depot and back. | E56: 1 | G56: 27.6 | H56: 5 | I56: =H56*G56 -> 138
A58: Sub Total D | I58: =SUM(I55:I57) -> 138
G60: Sub Total (A+B+C+D) | I60: =I58+I52+I40 -> 7150.27
G62: Sub Total | I62: =I60+I61 -> 7150.27

Sheet LIVINGSTONE HOSPITAL (24)
A9: QUOTE TO : | F9: Qoute No | H9: 24
A10: Department of Health | F10: Date | H10: 43637
A11: 717 Dukumbana Building | F11: Facility | H11: LIVINGSTONE HOSPITAL
A12: Independent Avenue | F12: Work Order | H12: 49026
A13: Bhisho | F13: Tender No | H13: SCMU3 - 17/18-0303 - HO
F14: Contract Term | H14: 24 MONTHS
A15: WORK REQUEST : Replace laundry generator battery.
A16: SCHEDULED WORK
A17: Item 1 | B17: Description | E17: Unit | F17: Sch No | G17: Quantity | H17: Rate | I17: Amount
I18: =SUM(G18*H18) -> 0
I19: =SUM(G19*H19) -> 0
I20: =SUM(G20*H20) -> 0
A21: Sub Total A | I21: =SUM(I18:I20) -> 0
A22: NON SCHEDULED WORK
A23: Item 2 | B23: Description | G23: Quantity | H23: Rate | I23: Amount
A24: 1 | B24: 689 Battery | G24: 2 | H24: 2015 | I24: =H24*G24 -> 4030
A38: Sub Total | I38: =SUM(I24:I37) -> 4030
A39: Mark - Up 15% | I39: =ROUND((I38*0.15),2) -> 604.5
A40: SUb Total B | I40: =I38+I39 -> 4634.5
A41: LABOUR
A42: Item 3 | B42: (Normal Rate) | E42: Unit | G42: Quantity | H42: Rate | I42: Amount
A43: 1 | B43: Techinician | E43: HRS | G43: 1.5 | H43: 450 | I43: =SUM(G43*H43) -> 675
A44: 2 | B44: Senior Artisan | E44: HRS | H44: 350 | I44: =SUM(G44*H44) -> 0
A45: 3 | B45: Artisan (Trade Tested) | E45: HRS | H45: 300 | I45: =SUM(G45*H45) -> 0
A46: 4 | B46: Utility Man (Non - Trade Tested) | E46: HRS | G46: 1.5 | H46: 200 | I46: =SUM(G46*H46) -> 300
A47: 5 | B47: Artisan Aid | E47: HRS | H47: 200 | I47: =SUM(G47*H47) -> 0
A48: 6 | B48: General Worker | E48: HRS | H48: 140 | I48: =SUM(G48*H48) -> 0
A52: Sub Total C | I52: =SUM(I43:I51) -> 975
A53: TRANSPORT
A54: Item 4 | B54: Destinantion | E54: No of Trips | G54: KMs | H54: Rate | I54: Amount
A55: 1 | B55: Unit 2 Mykonos, south end to PE
B56: Livingstone Hospital and back. | E56: 1 | G56: 24 | H56: 5 | I56: =H56*G56 -> 120
A58: Sub Total D | I58: =SUM(I55:I57) -> 120
G60: Sub Total (A+B+C+D) | I60: =I58+I52+I40 -> 5729.5
G62: Sub Total | I62: =I60+I61 -> 5729.5

Sheet MOTHERWELL CHC (25)
A9: QUOTE TO : | F9: Qoute No | H9: 25
A10: Department of Health | F10: Date | H10: 43657
A11: 717 Dukumbana Building | F11: Facility | H11: MOTHERWELL CHC
A12: Independent Avenue | F12: Work Order | H12: 51247
A13: Bhisho | F13: Tender No | H13: SCMU3 - 17/18-0303 - HO
F14: Contract Term | H14: 24 MONTHS
A15: WORK REQUEST : Diesel leaks on the power generator.
A16: SCHEDULED WORK
A17: Item 1 | B17: Description | E17: Unit | F17: Sch No | G17: Quantity | H17: Rate | I17: Amount
I18: =SUM(G18*H18) -> 0
I19: =SUM(G19*H19) -> 0
I20: =SUM(G20*H20) -> 0
A21: Sub Total A | I21: =SUM(I18:I20) -> 0
A22: NON SCHEDULED WORK
A23: Item 2 | B23: Description | G23: Quantity | H23: Rate | I23: Amount
A24: 1 | B24: Fuel Hose | G24: 1 | H24: 384.77 | I24: =H24*G24 -> 384.77
A25: 2 | B25: Sealing Ring | G25: 6 | H25: 40.46 | I25: =H25*G25 -> 242.76
A38: Sub Total | I38: =SUM(I24:I37) -> 627.53
A39: Mark - Up 15% | I39: =ROUND((I38*0.15),2) -> 94.13
A40: SUb Total B | I40: =I38+I39 -> 721.66
A41: LABOUR
A42: Item 3 | B42: (Normal Rate) | E42: Unit | G42: Quantity | H42: Rate | I42: Amount
A43: 1 | B43: Techinician | E43: HRS | G43: 5 | H43: 450 | I43: =SUM(G43*H43) -> 2250
A44: 2 | B44: Senior Artisan | E44: HRS | H44: 350 | I44: =SUM(G44*H44) -> 0
A45: 3 | B45: Artisan (Trade Tested) | E45: HRS | H45: 300 | I45: =SUM(G45*H45) -> 0
A46: 4 | B46: Utility Man (Non - Trade Tested) | E46: HRS | G46: 5 | H46: 200 | I46: =SUM(G46*H46) -> 1000
A47: 5 | B47: Artisan Aid | E47: HRS | H47: 200 | I47: =SUM(G47*H47) -> 0
A48: 6 | B48: General Worker | E48: HRS | H48: 140 | I48: =SUM(G48*H48) -> 0
A52: Sub Total C | I52: =SUM(I43:I51) -> 3250
A53: TRANSPORT
A54: Item 4 | B54: Destinantion | E54: No of Trips | G54: KMs | H54: Rate | I54: Amount
A55: 1 | B55: Unit 2 Mykonos, south end to PE
B56: Motherwell CHC and back. | E56: 1 | G56: 50.2 | H56: 5 | I56: =H56*G56 -> 251
A58: Sub Total D | I58: =SUM(I55:I57) -> 251
G60: Sub Total (A+B+C+D) | I60: =I58+I52+I40 -> 4222.66
G62: Sub Total | I62: =I60+I61 -> 4222.66

Sheet LIVINGSTONE HOSPITAL (26)
A9: QUOTE TO : | F9: Qoute No | H9: 26
A10: Department of Health | F10: Date | H10: 43670
A11: 717 Dukumbana Building | F11: Facility | H11: LIVINGSTONE HOSPITAL
A12: Independent Avenue | F12: Work Order | H12: 52530
A13: Bhisho | F13: Tender No | H13: SCMU3 - 17/18-0303 - HO
F14: Contract Term | H14: 24 MONTHS
A15: WORK REQUEST : Generator change over switch is faulty.
A16: SCHEDULED WORK
A17: Item 1 | B17: Description | E17: Unit | F17: Sch No | G17: Quantity | H17: Rate | I17: Amount
I18: =SUM(G18*H18) -> 0
I19: =SUM(G19*H19) -> 0
I20: =SUM(G20*H20) -> 0
A21: Sub Total A | I21: =SUM(I18:I20) -> 0
A22: NON SCHEDULED WORK
A23: Item 2 | B23: Description | G23: Quantity | H23: Rate | I23: Amount
A24: 1 | B24: Degreaser (5L) | G24: 1 | H24: 78 | I24: =H24*G24 -> 78
A38: Sub Total | I38: =SUM(I24:I37) -> 78
A39: Mark - Up 15% | I39: =ROUND((I38*0.15),2) -> 11.7
A40: SUb Total B | I40: =I38+I39 -> 89.7
A41: LABOUR
A42: Item 3 | B42: (Normal Rate) | E42: Unit | G42: Quantity | H42: Rate | I42: Amount
A43: 1 | B43: Techinician | E43: HRS | G43: 4 | H43: 450 | I43: =SUM(G43*H43) -> 1800
A44: 2 | B44: Senior Artisan | E44: HRS | H44: 350 | I44: =SUM(G44*H44) -> 0
A45: 3 | B45: Artisan (Trade Tested) | E45: HRS | H45: 300 | I45: =SUM(G45*H45) -> 0
A46: 4 | B46: Utility Man (Non - Trade Tested) | E46: HRS | G46: 4 | H46: 200 | I46: =SUM(G46*H46) -> 800
A47: 5 | B47: Artisan Aid | E47: HRS | H47: 200 | I47: =SUM(G47*H47) -> 0
A48: 6 | B48: General Worker | E48: HRS | H48: 140 | I48: =SUM(G48*H48) -> 0
A52: Sub Total C | I52: =SUM(I43:I51) -> 2600
A53: TRANSPORT
A54: Item 4 | B54: Destinantion | E54: No of Trips | G54: KMs | H54: Rate | I54: Amount
A55: 1 | B55: Unit 2 Mykonos, south end to PE
B56: Livingstone Hospital and back. | E56: 1 | G56: 16.8 | H56: 5 | I56: =H56*G56 -> 84
A58: Sub Total D | I58: =SUM(I55:I57) -> 84
G60: Sub Total (A+B+C+D) | I60: =I58+I52+I40 -> 2773.7
G62: Sub Total | I62: =I60+I61 -> 2773.7

Sheet GQEBERA CHC (27)
A9: QUOTE TO : | F9: Qoute No | H9: 27
A10: Department of Health | F10: Date | H10: =#REF! -> #REF!
A11: 717 Dukumbana Building | F11: Facility | H11: =#REF! -> #REF!
A12: Independent Avenue | F12: Work Order | H12: =#REF! -> #REF!
A13: Bhisho | F13: Tender No | H13: SCMU3 - 17/18-0303 - HO
F14: Contract Term | H14: 24 MONTHS
A15: WORK REQUEST : Generator pre heater element & oil filter cap to be replaced.
A16: SCHEDULED WORK
A17: Item 1 | B17: Description | E17: Unit | F17: Sch No | G17: Quantity | H17: Rate | I17: Amount
I18: =SUM(G18*H18) -> 0
I19: =SUM(G19*H19) -> 0
I20: =SUM(G20*H20) -> 0
A21: Sub Total A | I21: =SUM(I18:I20) -> 0
A22: NON SCHEDULED WORK
A23: Item 2 | B23: Description | G23: Quantity | H23: Rate | I23: Amount
A24: 1 | B24: Allen plug | G24: 1 | H24: 257.24 | I24: =H24*G24 -> 257.24
A25: 2 | B25: Geyser element 1,5kw | G25: 1 | H25: 150 | I25: =H25*G25 -> 150
A26: 3 | B26: eyser thermostat | G26: 1 | H26: 220 | I26: =H26*G26 -> 220
I27: =H27*G27 -> 0
A38: Sub Total | I38: =SUM(I24:I37) -> 627.24
A39: Mark - Up 15% | I39: =ROUND((I38*0.15),2) -> 94.09
A40: SUb Total B | I40: =I38+I39 -> 721.33
A41: LABOUR
A42: Item 3 | B42: (Normal Rate) | E42: Unit | G42: Quantity | H42: Rate | I42: Amount
A43: 1 | B43: Techinician | E43: HRS | H43: 450 | I43: =SUM(G43*H43) -> 0
A44: 2 | B44: Senior Artisan | E44: HRS | G44: 4.5 | H44: 350 | I44: =SUM(G44*H44) -> 1575
A45: 3 | B45: Artisan (Trade Tested) | E45: HRS | H45: 300 | I45: =SUM(G45*H45) -> 0
A46: 4 | B46: Utility Man (Non - Trade Tested) | E46: HRS | G46: 4.5 | H46: 200 | I46: =SUM(G46*H46) -> 900
A47: 5 | B47: Artisan Aid | E47: HRS | H47: 200 | I47: =SUM(G47*H47) -> 0
A48: 6 | B48: General Worker | E48: HRS | H48: 140 | I48: =SUM(G48*H48) -> 0
A52: Sub Total C | I52: =SUM(I43:I51) -> 2475
A53: TRANSPORT
A54: Item 4 | B54: Destinantion | E54: No of Trips | G54: KMs | H54: Rate | I54: Amount
A55: 1 | B55: 18 pier St Southend to Gqebera CHC
B56: and back. | E56: 2 | G56: 20.8 | H56: 5 | I56: =H56*G56 -> 104
A58: Sub Total D | I58: =SUM(I55:I57) -> 104
G60: Sub Total (A+B+C+D) | I60: =I58+I52+I40 -> 3300.33
G62: Sub Total | I62: =I60+I61 -> 3300.33

Sheet DORA NGINZA HOSPITAL (28)
A9: QUOTE TO : | F9: Qoute No | H9: 28
A10: Department of Health | F10: Date | H10: =#REF! -> #REF!
A11: 717 Dukumbana Building | F11: Facility | H11: =#REF! -> #REF!
A12: Independent Avenue | F12: Work Order | H12: =#REF! -> #REF!
A13: Bhisho | F13: Tender No | H13: SCMU3 - 17/18-0303 - HO
F14: Contract Term | H14: 24 MONTHS
A15: WORK REQUEST : The generator at B block is not starting.There is also a water leak on the radiator.
A16: SCHEDULED WORK
A17: Item 1 | B17: Description | E17: Unit | F17: Sch No | G17: Quantity | H17: Rate | I17: Amount
I18: =SUM(G18*H18) -> 0
I19: =SUM(G19*H19) -> 0
I20: =SUM(G20*H20) -> 0
A21: Sub Total A | I21: =SUM(I18:I20) -> 0
A22: NON SCHEDULED WORK
A23: Item 2 | B23: Description | G23: Quantity | H23: Rate | I23: Amount
A24: 1 | B24: Antifreeze (5L) | G24: 1 | H24: 240.46 | I24: =H24*G24 -> 240.46
A25: 2 | B25: Radiator hose (57mm) | G25: 1 | H25: 182.1 | I25: =H25*G25 -> 182.1
A38: Sub Total | I38: =SUM(I24:I37) -> 422.56
A39: Mark - Up 15% | I39: =ROUND((I38*0.15),2) -> 63.38
A40: SUb Total B | I40: =I38+I39 -> 485.94
A41: LABOUR
A42: Item 3 | B42: (Normal Rate) | E42: Unit | G42: Quantity | H42: Rate | I42: Amount
A43: 1 | B43: Techinician | E43: HRS | H43: 450 | I43: =SUM(G43*H43) -> 0
A44: 2 | B44: Senior Artisan | E44: HRS | G44: 3.5 | H44: 350 | I44: =SUM(G44*H44) -> 1225
A45: 3 | B45: Artisan (Trade Tested) | E45: HRS | H45: 300 | I45: =SUM(G45*H45) -> 0
A46: 4 | B46: Utility Man (Non - Trade Tested) | E46: HRS | G46: 3.5 | H46: 200 | I46: =SUM(G46*H46) -> 700
A47: 5 | B47: Artisan Aid | E47: HRS | H47: 200 | I47: =SUM(G47*H47) -> 0
A48: 6 | B48: General Worker | E48: HRS | H48: 140 | I48: =SUM(G48*H48) -> 0
A52: Sub Total C | I52: =SUM(I43:I51) -> 1925
A53: TRANSPORT
A54: Item 4 | B54: Destinantion | E54: No of Trips | G54: KMs | H54: Rate | I54: Amount
A55: 1 | B55: 18 pier St Southend to Dora Nginza Hospital
B56: and back. | E56: 1 | G56: 29.2 | H56: 5 | I56: =H56*G56 -> 146
A58: Sub Total D | I58: =SUM(I55:I57) -> 146
G60: Sub Total (A+B+C+D) | I60: =I58+I52+I40 -> 2556.94
G62: Sub Total | I62: =I60+I61 -> 2556.94

Sheet ELIZABETH DOKIN HOSP(29)
A9: QUOTE TO : | F9: Qoute No | H9: 29
A10: Department of Health | F10: Date | H10: =#REF! -> #REF!
A11: 717 Dukumbana Building | F11: Facility | H11: =#REF! -> #REF!
A12: Independent Avenue | F12: Work Order | H12: =#REF! -> #REF!
A13: Bhisho | F13: Tender No | H13: SCMU3 - 17/18-0303 - HO
F14: Contract Term | H14: 24 MONTHS
A15: WORK REQUEST : Generator battery burst.
A16: SCHEDULED WORK
A17: Item 1 | B17: Description | E17: Unit | F17: Sch No | G17: Quantity | H17: Rate | I17: Amount
I18: =SUM(G18*H18) -> 0
I19: =SUM(G19*H19) -> 0
I20: =SUM(G20*H20) -> 0
A21: Sub Total A | I21: =SUM(I18:I20) -> 0
A22: NON SCHEDULED WORK
A23: Item 2 | B23: Description | G23: Quantity | H23: Rate | I23: Amount
A24: 1 | B24: Battery (674) | G24: 2 | H24: 2282 | I24: =H24*G24 -> 4564
A38: Sub Total | I38: =SUM(I24:I37) -> 4564
A39: Mark - Up 15% | I39: =ROUND((I38*0.15),2) -> 684.6
A40: SUb Total B | I40: =I38+I39 -> 5248.6
A41: LABOUR
A42: Item 3 | B42: (Normal Rate) | E42: Unit | G42: Quantity | H42: Rate | I42: Amount
A43: 1 | B43: Techinician | E43: HRS | H43: 450 | I43: =SUM(G43*H43) -> 0
A44: 2 | B44: Senior Artisan | E44: HRS | H44: 350 | I44: =SUM(G44*H44) -> 0
A45: 3 | B45: Artisan (Trade Tested) | E45: HRS | G45: 2 | H45: 300 | I45: =SUM(G45*H45) -> 600
A46: 4 | B46: Utility Man (Non - Trade Tested) | E46: HRS | G46: 2 | H46: 200 | I46: =SUM(G46*H46) -> 400
A47: 5 | B47: Artisan Aid | E47: HRS | H47: 200 | I47: =SUM(G47*H47) -> 0
A48: 6 | B48: General Worker | E48: HRS | H48: 140 | I48: =SUM(G48*H48) -> 0
A52: Sub Total C | I52: =SUM(I43:I51) -> 1000
A53: TRANSPORT
A54: Item 4 | B54: Destinantion | E54: No of Trips | G54: KMs | H54: Rate | I54: Amount
A55: 1 | B55: 18 pier St Southend to Elizabeth Donkin Hospital
B56: and back. | E56: 1 | G56: 3.8 | H56: 5 | I56: =H56*G56 -> 19
A58: Sub Total D | I58: =SUM(I55:I57) -> 19
G60: Sub Total (A+B+C+D) | I60: =I58+I52+I40 -> 6267.6
G62: Sub Total | I62: =I60+I61 -> 6267.6

Sheet PORT ELIZABETH PROV (30)
A9: QUOTE TO : | F9: Qoute No | H9: 30
A10: Department of Health | F10: Date | H10: =#REF! -> #REF!
A11: 717 Dukumbana Building | F11: Facility | H11: =#REF! -> #REF!
A12: Independent Avenue | F12: Work Order | H12: =#REF! -> #REF!
A13: Bhisho | F13: Tender No | H13: SCMU3 - 17/18-0303 - HO
F14: Contract Term | H14: 24 MONTHS
A15: WORK REQUEST : Power generator battery burst.
A16: SCHEDULED WORK
A17: Item 1 | B17: Description | E17: Unit | F17: Sch No | G17: Quantity | H17: Rate | I17: Amount
I18: =SUM(G18*H18) -> 0
I19: =SUM(G19*H19) -> 0
I20: =SUM(G20*H20) -> 0
A21: Sub Total A | I21: =SUM(I18:I20) -> 0
A22: NON SCHEDULED WORK
A23: Item 2 | B23: Description | G23: Quantity | H23: Rate | I23: Amount
A24: 1 | B24: Battery (688) - 200Ah | G24: 2 | H24: 2789 | I24: =H24*G24 -> 5578
A38: Sub Total | I38: =SUM(I24:I37) -> 5578
A39: Mark - Up 15% | I39: =ROUND((I38*0.15),2) -> 836.7
A40: SUb Total B | I40: =I38+I39 -> 6414.7
A41: LABOUR
A42: Item 3 | B42: (Normal Rate) | E42: Unit | G42: Quantity | H42: Rate | I42: Amount
A43: 1 | B43: Techinician | E43: HRS | H43: 450 | I43: =SUM(G43*H43) -> 0
A44: 2 | B44: Senior Artisan | E44: HRS | H44: 350 | I44: =SUM(G44*H44) -> 0
A45: 3 | B45: Artisan (Trade Tested) | E45: HRS | G45: 2 | H45: 300 | I45: =SUM(G45*H45) -> 600
A46: 4 | B46: Utility Man (Non - Trade Tested) | E46: HRS | G46: 2 | H46: 200 | I46: =SUM(G46*H46) -> 400
A47: 5 | B47: Artisan Aid | E47: HRS | H47: 200 | I47: =SUM(G47*H47) -> 0
A48: 6 | B48: General Worker | E48: HRS | H48: 140 | I48: =SUM(G48*H48) -> 0
A52: Sub Total C | I52: =SUM(I43:I51) -> 1000
A53: TRANSPORT
A54: Item 4 | B54: Destinantion | E54: No of Trips | G54: KMs | H54: Rate | I54: Amount
A55: 1 | B55: 18 pier St Southend to Elizabeth Pro. Hospital
B56: and back. | E56: 1 | G56: 12.2 | H56: 5 | I56: =H56*G56 -> 61
A58: Sub Total D | I58: =SUM(I55:I57) -> 61
G60: Sub Total (A+B+C+D) | I60: =I58+I52+I40 -> 7475.7
G62: Sub Total | I62: =I60+I61 -> 7475.7

Sheet MOUNTROAD MORTUARY (31)
A9: QUOTE TO : | F9: Qoute No | H9: 31
A10: Department of Health | F10: Date | H10: =#REF! -> #REF!
A11: 717 Dukumbana Building | F11: Facility | H11: =#REF! -> #REF!
A12: Independent Avenue | F12: Work Order | H12: =#REF! -> #REF!
A13: Bhisho | F13: Tender No | H13: SCMU3 - 17/18-0303 - HO
F14: Contract Term | H14: 24 MONTHS
A15: WORK REQUEST : The electronic diesel pump needs to be replaced.
A16: SCHEDULED WORK
A17: Item 1 | B17: Description | E17: Unit | F17: Sch No | G17: Quantity | H17: Rate | I17: Amount
I18: =SUM(G18*H18) -> 0
I19: =SUM(G19*H19) -> 0
I20: =SUM(G20*H20) -> 0
A21: Sub Total A | I21: =SUM(I18:I20) -> 0
A22: NON SCHEDULED WORK
A23: Item 2 | B23: Description | G23: Quantity | H23: Rate | I23: Amount
A24: 1 | B24: Pump | G24: 1 | H24: 1984.8 | I24: =H24*G24 -> 1984.8
A38: Sub Total | I38: =SUM(I24:I37) -> 1984.8
A39: Mark - Up 15% | I39: =ROUND((I38*0.15),2) -> 297.72
A40: SUb Total B | I40: =I38+I39 -> 2282.52
A41: LABOUR
A42: Item 3 | B42: (Normal Rate) | E42: Unit | G42: Quantity | H42: Rate | I42: Amount
A43: 1 | B43: Techinician | E43: HRS | G43: 2 | H43: 450 | I43: =SUM(G43*H43) -> 900
A44: 2 | B44: Senior Artisan | E44: HRS | H44: 350 | I44: =SUM(G44*H44) -> 0
A45: 3 | B45: Artisan (Trade Tested) | E45: HRS | H45: 300 | I45: =SUM(G45*H45) -> 0
A46: 4 | B46: Utility Man (Non - Trade Tested) | E46: HRS | G46: 2 | H46: 200 | I46: =SUM(G46*H46) -> 400
A47: 5 | B47: Artisan Aid | E47: HRS | H47: 200 | I47: =SUM(G47*H47) -> 0
A48: 6 | B48: General Worker | E48: HRS | H48: 140 | I48: =SUM(G48*H48) -> 0
A52: Sub Total C | I52: =SUM(I43:I51) -> 1300
A53: TRANSPORT
A54: Item 4 | B54: Destinantion | E54: No of Trips | G54: KMs | H54: Rate | I54: Amount
A55: 1 | B55: 18 pier St Southend to MountRoad Mortuary
B56: and back. | E56: 1 | G56: 11.6 | H56: 5 | I56: =H56*G56 -> 58
A58: Sub Total D | I58: =SUM(I55:I57) -> 58
G60: Sub Total (A+B+C+D) | I60: =I58+I52+I40 -> 3640.52
G62: Sub Total | I62: =I60+I61 -> 3640.52

Sheet UITENHAGE PRO.HOSPITAL (32)
A9: QUOTE TO : | F9: Qoute No | H9: 32
A10: Department of Health | F10: Date | H10: =#REF! -> #REF!
A11: 717 Dukumbana Building | F11: Facility | H11: =#REF! -> #REF!
A12: Independent Avenue | F12: Work Order | H12: =#REF! -> #REF!
A13: Bhisho | F13: Tender No | H13: SCMU3 - 17/18-0303 - HO
F14: Contract Term | H14: 24 MONTHS
A15: WORK REQUEST : Standby generator is faulty.
A16: SCHEDULED WORK
A17: Item 1 | B17: Description | E17: Unit | F17: Sch No | G17: Quantity | H17: Rate | I17: Amount
I18: =SUM(G18*H18) -> 0
I19: =SUM(G19*H19) -> 0
I20: =SUM(G20*H20) -> 0
A21: Sub Total A | I21: =SUM(I18:I20) -> 0
A22: NON SCHEDULED WORK
A23: Item 2 | B23: Description | G23: Quantity | H23: Rate | I23: Amount
A38: Sub Total | I38: =SUM(I24:I37) -> 0
A39: Mark - Up 15% | I39: =ROUND((I38*0.15),2) -> 0
A40: SUb Total B | I40: =I38+I39 -> 0
A41: LABOUR
A42: Item 3 | B42: (Normal Rate) | E42: Unit | G42: Quantity | H42: Rate | I42: Amount
A43: 1 | B43: Techinician | E43: HRS | G43: 2 | H43: 450 | I43: =SUM(G43*H43) -> 900
A44: 2 | B44: Senior Artisan | E44: HRS | H44: 350 | I44: =SUM(G44*H44) -> 0
A45: 3 | B45: Artisan (Trade Tested) | E45: HRS | H45: 300 | I45: =SUM(G45*H45) -> 0
A46: 4 | B46: Utility Man (Non - Trade Tested) | E46: HRS | G46: 2 | H46: 200 | I46: =SUM(G46*H46) -> 400
A47: 5 | B47: Artisan Aid | E47: HRS | H47: 200 | I47: =SUM(G47*H47) -> 0
A48: 6 | B48: General Worker | E48: HRS | H48: 140 | I48: =SUM(G48*H48) -> 0
A52: Sub Total C | I52: =SUM(I43:I51) -> 1300
A53: TRANSPORT
A54: Item 4 | B54: Destinantion | E54: No of Trips | G54: KMs | H54: Rate | I54: Amount
A55: 1 | B55: 18 pier St Southend to Uitenhage Hospital
B56: and back. | E56: 1 | G56: 90.2 | H56: 5 | I56: =H56*G56 -> 451
A58: Sub Total D | I58: =SUM(I55:I57) -> 451
G60: Sub Total (A+B+C+D) | I60: =I58+I52+I40 -> 1751
G62: Sub Total | I62: =I60+I61 -> 1751

Sheet JOSE PEARSON TB HSPITAL (33)
A9: QUOTE TO : | F9: Qoute No | H9: 33
A10: Department of Health | F10: Date | H10: =#REF! -> #REF!
A11: 717 Dukumbana Building | F11: Facility | H11: =#REF! -> #REF!
A12: Independent Avenue | F12: Work Order | H12: =#REF! -> #REF!
A13: Bhisho | F13: Tender No | H13: SCMU3 - 17/18-0303 - HO
F14: Contract Term | H14: 24 MONTHS
A15: WORK REQUEST : The generato keeps switching its self off.
A16: SCHEDULED WORK
A17: Item 1 | B17: Description | E17: Unit | F17: Sch No | G17: Quantity | H17: Rate | I17: Amount
I18: =SUM(G18*H18) -> 0
I19: =SUM(G19*H19) -> 0
I20: =SUM(G20*H20) -> 0
A21: Sub Total A | I21: =SUM(I18:I20) -> 0
A22: NON SCHEDULED WORK
A23: Item 2 | B23: Description | G23: Quantity | H23: Rate | I23: Amount
A24: 1 | B24: Fuel hose | G24: 1 | H24: 153.18 | I24: =H24*G24 -> 153.18
A38: Sub Total | I38: =SUM(I24:I37) -> 153.18
A39: Mark - Up 15% | I39: =ROUND((I38*0.15),2) -> 22.98
A40: SUb Total B | I40: =I38+I39 -> 176.16
A41: LABOUR
A42: Item 3 | B42: (Normal Rate) | E42: Unit | G42: Quantity | H42: Rate | I42: Amount
A43: 1 | B43: Techinician | E43: HRS | G43: 4 | H43: 450 | I43: =SUM(G43*H43) -> 1800
A44: 2 | B44: Senior Artisan | E44: HRS | H44: 350 | I44: =SUM(G44*H44) -> 0
A45: 3 | B45: Artisan (Trade Tested) | E45: HRS | H45: 300 | I45: =SUM(G45*H45) -> 0
A46: 4 | B46: Utility Man (Non - Trade Tested) | E46: HRS | G46: 4 | H46: 200 | I46: =SUM(G46*H46) -> 800
A47: 5 | B47: Artisan Aid | E47: HRS | H47: 200 | I47: =SUM(G47*H47) -> 0
A48: 6 | B48: General Worker | E48: HRS | H48: 140 | I48: =SUM(G48*H48) -> 0
A52: Sub Total C | I52: =SUM(I43:I51) -> 2600
A53: TRANSPORT
A54: Item 4 | B54: Destinantion | E54: No of Trips | G54: KMs | H54: Rate | I54: Amount
A55: 1 | B55: 18 pier St Southend to Jose Pearson TB Hospital
B56: and back. | E56: 1 | G56: 47.6 | H56: 5 | I56: =H56*G56 -> 238
A58: Sub Total D | I58: =SUM(I55:I57) -> 238
G60: Sub Total (A+B+C+D) | I60: =I58+I52+I40 -> 3014.16
G62: Sub Total | I62: =I60+I61 -> 3014.16

Sheet LAETITA BAM CHC (34)
A9: QUOTE TO : | F9: Qoute No | H9: 34
A10: Department of Health | F10: Date | H10: =#REF! -> #REF!
A11: 717 Dukumbana Building | F11: Facility | H11: =#REF! -> #REF!
A12: Independent Avenue | F12: Work Order | H12: =#REF! -> #REF!
A13: Bhisho | F13: Tender No | H13: SCMU3 - 17/18-0303 - HO
F14: Contract Term | H14: 24 MONTHS
A15: WORK REQUEST : The generator is not working.
A16: SCHEDULED WORK
A17: Item 1 | B17: Description | E17: Unit | F17: Sch No | G17: Quantity | H17: Rate | I17: Amount
I18: =SUM(G18*H18) -> 0
I19: =SUM(G19*H19) -> 0
I20: =SUM(G20*H20) -> 0
A21: Sub Total A | I21: =SUM(I18:I20) -> 0
A22: NON SCHEDULED WORK
A23: Item 2 | B23: Description | G23: Quantity | H23: Rate | I23: Amount
A24: 1 | B24: Battery (690) 150ah | G24: 1 | H24: 2282 | I24: =H24*G24 -> 2282
A38: Sub Total | I38: =SUM(I24:I37) -> 2282
A39: Mark - Up 15% | I39: =ROUND((I38*0.15),2) -> 342.3
A40: SUb Total B | I40: =I38+I39 -> 2624.3
A41: LABOUR
A42: Item 3 | B42: (Normal Rate) | E42: Unit | G42: Quantity | H42: Rate | I42: Amount
A43: 1 | B43: Techinician | E43: HRS | H43: 450 | I43: =SUM(G43*H43) -> 0
A44: 2 | B44: Senior Artisan | E44: HRS | H44: 350 | I44: =SUM(G44*H44) -> 0
A45: 3 | B45: Artisan (Trade Tested) | E45: HRS | G45: 2 | H45: 300 | I45: =SUM(G45*H45) -> 600
A46: 4 | B46: Utility Man (Non - Trade Tested) | E46: HRS | G46: 2 | H46: 200 | I46: =SUM(G46*H46) -> 400
A47: 5 | B47: Artisan Aid | E47: HRS | H47: 200 | I47: =SUM(G47*H47) -> 0
A48: 6 | B48: General Worker | E48: HRS | H48: 140 | I48: =SUM(G48*H48) -> 0
A52: Sub Total C | I52: =SUM(I43:I51) -> 1000
A53: TRANSPORT
A54: Item 4 | B54: Destinantion | E54: No of Trips | G54: KMs | H54: Rate | I54: Amount
A55: 1 | B55: 18 pier St Southend to Laetitia Bam CHC
B56: and back. | E56: 1 | G56: 78.2 | H56: 5 | I56: =H56*G56 -> 391
A58: Sub Total D | I58: =SUM(I55:I57) -> 391
G60: Sub Total (A+B+C+D) | I60: =I58+I52+I40 -> 4015.3
G62: Sub Total | I62: =I60+I61 -> 4015.3

Sheet MOTHEWELL CHC (35)
A9: QUOTE TO : | F9: Qoute No | H9: 35
A10: Department of Health | F10: Date | H10: =#REF! -> #REF!
A11: 717 Dukumbana Building | F11: Facility | H11: =#REF! -> #REF!
A12: Independent Avenue | F12: Work Order | H12: =#REF! -> #REF!
A13: Bhisho | F13: Tender No | H13: SCMU3 - 17/18-0303 - HO
F14: Contract Term | H14: 24 MONTHS
A15: WORK REQUEST : Generator is not kicking in.
A16: SCHEDULED WORK
A17: Item 1 | B17: Description | E17: Unit | F17: Sch No | G17: Quantity | H17: Rate | I17: Amount
I18: =SUM(G18*H18) -> 0
I19: =SUM(G19*H19) -> 0
I20: =SUM(G20*H20) -> 0
A21: Sub Total A | I21: =SUM(I18:I20) -> 0
A22: NON SCHEDULED WORK
A23: Item 2 | B23: Description | G23: Quantity | H23: Rate | I23: Amount
A38: Sub Total | I38: =SUM(I24:I37) -> 0
A39: Mark - Up 15% | I39: =ROUND((I38*0.15),2) -> 0
A40: SUb Total B | I40: =I38+I39 -> 0
A41: LABOUR
A42: Item 3 | B42: (Normal Rate) | E42: Unit | G42: Quantity | H42: Rate | I42: Amount
A43: 1 | B43: Techinician | E43: HRS | G43: 1.5 | H43: 450 | I43: =SUM(G43*H43) -> 675
A44: 2 | B44: Senior Artisan | E44: HRS | H44: 350 | I44: =SUM(G44*H44) -> 0
A45: 3 | B45: Artisan (Trade Tested) | E45: HRS | H45: 300 | I45: =SUM(G45*H45) -> 0
A46: 4 | B46: Utility Man (Non - Trade Tested) | E46: HRS | G46: 1.5 | H46: 200 | I46: =SUM(G46*H46) -> 300
A47: 5 | B47: Artisan Aid | E47: HRS | H47: 200 | I47: =SUM(G47*H47) -> 0
A48: 6 | B48: General Worker | E48: HRS | H48: 140 | I48: =SUM(G48*H48) -> 0
A52: Sub Total C | I52: =SUM(I43:I51) -> 975
A53: TRANSPORT
A54: Item 4 | B54: Destinantion | E54: No of Trips | G54: KMs | H54: Rate | I54: Amount
A55: 1 | B55: 18 pier St Southend to Motherwell CHC
B56: and back. | E56: 1 | G56: 50.2 | H56: 5 | I56: =H56*G56 -> 251
A58: Sub Total D | I58: =SUM(I55:I57) -> 251
G60: Sub Total (A+B+C+D) | I60: =I58+I52+I40 -> 1226
G62: Sub Total | I62: =I60+I61 -> 1226

Sheet LAETITA BAM CHC (36)
A9: QUOTE TO : | F9: Qoute No | H9: 36
A10: Department of Health | F10: Date | H10: =#REF! -> #REF!
A11: 717 Dukumbana Building | F11: Facility | H11: =#REF! -> #REF!
A12: Independent Avenue | F12: Work Order | H12: =#REF! -> #REF!
A13: Bhisho | F13: Tender No | H13: SCMU3 - 17/18-0303 - HO
F14: Contract Term | H14: 24 MONTHS
A15: WORK REQUEST : Generator does does not kick in.
A16: SCHEDULED WORK
A17: Item 1 | B17: Description | E17: Unit | F17: Sch No | G17: Quantity | H17: Rate | I17: Amount
I18: =SUM(G18*H18) -> 0
I19: =SUM(G19*H19) -> 0
I20: =SUM(G20*H20) -> 0
A21: Sub Total A | I21: =SUM(I18:I20) -> 0
A22: NON SCHEDULED WORK
A23: Item 2 | B23: Description | G23: Quantity | H23: Rate | I23: Amount
A38: Sub Total | I38: =SUM(I24:I37) -> 0
A39: Mark - Up 15% | I39: =ROUND((I38*0.15),2) -> 0
A40: SUb Total B | I40: =I38+I39 -> 0
A41: LABOUR
A42: Item 3 | B42: (Normal Rate) | E42: Unit | G42: Quantity | H42: Rate | I42: Amount
A43: 1 | B43: Techinician | E43: HRS | H43: 450 | I43: =SUM(G43*H43) -> 0
A44: 2 | B44: Senior Artisan | E44: HRS | G44: 0 | H44: 350 | I44: =SUM(G44*H44) -> 0
A45: 3 | B45: Artisan (Trade Tested) | E45: HRS | G45: 3.5 | H45: 300 | I45: =SUM(G45*H45) -> 1050
A46: 4 | B46: Utility Man (Non - Trade Tested) | E46: HRS | G46: 3.5 | H46: 200 | I46: =SUM(G46*H46) -> 700
A47: 5 | B47: Artisan Aid | E47: HRS | H47: 200 | I47: =SUM(G47*H47) -> 0
A48: 6 | B48: General Worker | E48: HRS | H48: 140 | I48: =SUM(G48*H48) -> 0
A52: Sub Total C | I52: =SUM(I43:I51) -> 1750
A53: TRANSPORT
A54: Item 4 | B54: Destinantion | E54: No of Trips | G54: KMs | H54: Rate | I54: Amount
A55: 1 | B55: 18 pier St Southend to Laetita CHC
B56: and back. | E56: 1 | G56: 80 | H56: 5 | I56: =H56*G56 -> 400
A58: Sub Total D | I58: =SUM(I55:I57) -> 400
G60: Sub Total (A+B+C+D) | I60: =I58+I52+I40 -> 2150
G62: Sub Total | I62: =I60+I61 -> 2150

Sheet PE PROV. (37)
A9: QUOTE TO : | F9: Qoute No | H9: 37
A10: Department of Health | F10: Date | H10: =#REF! -> #REF!
A11: 717 Dukumbana Building | F11: Facility | H11: =#REF! -> #REF!
A12: Independent Avenue | F12: Work Order | H12: =#REF! -> #REF!
A13: Bhisho | F13: Tender No | H13: SCMU3 - 17/18-0303 - HO
F14: Contract Term | H14: 24 MONTHS
A15: WORK REQUEST : Request for repair of faulty power gen is not working.
A16: SCHEDULED WORK
A17: Item 1 | B17: Description | E17: Unit | F17: Sch No | G17: Quantity | H17: Rate | I17: Amount
I18: =SUM(G18*H18) -> 0
I19: =SUM(G19*H19) -> 0
I20: =SUM(G20*H20) -> 0
A21: Sub Total A | I21: =SUM(I18:I20) -> 0
A22: NON SCHEDULED WORK
A23: Item 2 | B23: Description | G23: Quantity | H23: Rate | I23: Amount
A24: 1 | B24: 12mm Terminal Yellow | G24: 2 | H24: 22 | I24: =H24*G24 -> 44
A25: 2 | B25: 6 x 3 mm Lug | G25: 3 | H25: 12.8 | I25: =H25*G25 -> 38.4
A26: 3 | B26: 6 x 3 mm Lug | G26: 3 | H26: 12.8 | I26: =H26*G26 -> 38.4
A27: 4 | B27: Insulation Tape yellow | G27: 2 | H27: 16.6 | I27: =H27*G27 -> 33.2
A28: 5 | B28: Insulation Tape white | G28: 2 | H28: 16.6 | I28: =H28*G28 -> 33.2
A29: 6 | B29: Charging services | G29: 2 | H29: 37 | I29: =H29*G29 -> 74
A30: 7 | B30: AVR SX 440 | G30: 1 | H30: 4680 | I30: =H30*G30 -> 4680
A38: Sub Total | I38: =SUM(I24:I37) -> 4941.2
A39: Mark - Up 15% | I39: =ROUND((I38*0.15),2) -> 741.18
A40: SUb Total B | I40: =I38+I39 -> 5682.38
A41: LABOUR
A42: Item 3 | B42: (Normal Rate) | E42: Unit | G42: Quantity | H42: Rate | I42: Amount
A43: 1 | B43: Techinician | E43: HRS | H43: 450 | I43: =SUM(G43*H43) -> 0
A44: 2 | B44: Senior Artisan | E44: HRS | H44: 350 | I44: =SUM(G44*H44) -> 0
A45: 3 | B45: Artisan (Trade Tested) | E45: HRS | G45: 18.5 | H45: 300 | I45: =SUM(G45*H45) -> 5550
A46: 4 | B46: Utility Man (Non - Trade Tested) | E46: HRS | G46: 18.5 | H46: 200 | I46: =SUM(G46*H46) -> 3700
A47: 5 | B47: Artisan Aid | E47: HRS | H47: 200 | I47: =SUM(G47*H47) -> 0
A48: 6 | B48: General Worker | E48: HRS | H48: 140 | I48: =SUM(G48*H48) -> 0
A52: Sub Total C | I52: =SUM(I43:I51) -> 9250
A53: TRANSPORT
A54: Item 4 | B54: Destinantion | E54: No of Trips | G54: KMs | H54: Rate | I54: Amount
A55: 1 | B55: 18 pier St Southend to PE Prov Hospital
B56: and back. | E56: 1 | G56: 24.4 | H56: 5 | I56: =H56*G56 -> 122
A58: Sub Total D | I58: =SUM(I55:I57) -> 122
G60: Sub Total (A+B+C+D) | I60: =I58+I52+I40 -> 15054.38
G62: Sub Total | I62: =I60+I61 -> 15054.38

Sheet ORSMOND TB HOSP. (38)
A9: QUOTE TO : | F9: Qoute No | H9: 38
A10: Department of Health | F10: Date | H10: =#REF! -> #REF!
A11: 717 Dukumbana Building | F11: Facility | H11: =#REF! -> #REF!
A12: Independent Avenue | F12: Work Order | H12: =#REF! -> #REF!
A13: Bhisho | F13: Tender No | H13: SCMU3 - 17/18-0303 - HO
F14: Contract Term | H14: 24 MONTHS
A15: WORK REQUEST : Back up generator delayed pick up by 30 seconds.
A16: SCHEDULED WORK
A17: Item 1 | B17: Description | E17: Unit | F17: Sch No | G17: Quantity | H17: Rate | I17: Amount
I18: =SUM(G18*H18) -> 0
I19: =SUM(G19*H19) -> 0
I20: =SUM(G20*H20) -> 0
A21: Sub Total A | I21: =SUM(I18:I20) -> 0
A22: NON SCHEDULED WORK
A23: Item 2 | B23: Description | G23: Quantity | H23: Rate | I23: Amount
A38: Sub Total | I38: =SUM(I24:I37) -> 0
A39: Mark - Up 15% | I39: =ROUND((I38*0.15),2) -> 0
A40: SUb Total B | I40: =I38+I39 -> 0
A41: LABOUR
A42: Item 3 | B42: (Normal Rate) | E42: Unit | G42: Quantity | H42: Rate | I42: Amount
A43: 1 | B43: Techinician | E43: HRS | H43: 450 | I43: =SUM(G43*H43) -> 0
A44: 2 | B44: Senior Artisan | E44: HRS | G44: 0 | H44: 350 | I44: =SUM(G44*H44) -> 0
A45: 3 | B45: Artisan (Trade Tested) | E45: HRS | G45: 2 | H45: 300 | I45: =SUM(G45*H45) -> 600
A46: 4 | B46: Utility Man (Non - Trade Tested) | E46: HRS | G46: 2 | H46: 200 | I46: =SUM(G46*H46) -> 400
A47: 5 | B47: Artisan Aid | E47: HRS | H47: 200 | I47: =SUM(G47*H47) -> 0
A48: 6 | B48: General Worker | E48: HRS | H48: 140 | I48: =SUM(G48*H48) -> 0
A52: Sub Total C | I52: =SUM(I43:I51) -> 1000
A53: TRANSPORT
A54: Item 4 | B54: Destinantion | E54: No of Trips | G54: KMs | H54: Rate | I54: Amount
A55: 1 | B55: 18 pier St Southend to Osmond TB Hospital
B56: and back. | E56: 1 | G56: 82 | H56: 5 | I56: =H56*G56 -> 410
A58: Sub Total D | I58: =SUM(I55:I57) -> 410
G60: Sub Total (A+B+C+D) | I60: =I58+I52+I40 -> 1410
G62: Sub Total | I62: =I60+I61 -> 1410

Sheet Gqebera CHC (39)
A9: QUOTE TO : | F9: Qoute No | H9: =#REF! -> #REF!
A10: Department of Health | F10: Date | H10: =#REF! -> #REF!
A11: 717 Dukumbana Building | F11: Facility | H11: =#REF! -> #REF!
A12: Independent Avenue | F12: Work Order | H12: =#REF! -> #REF!
A13: Bhisho | F13: Tender No | H13: SCMU3 - 17/18-0303 - HO
F14: Contract Term | H14: 24 MONTHS
A15: WORK REQUEST : Request for repair of faulty power generator is not kicking in.
A16: SCHEDULED WORK
A17: Item 1 | B17: Description | E17: Unit | F17: Sch No | G17: Quantity | H17: Rate | I17: Amount
I18: =SUM(G18*H18) -> 0
I19: =SUM(G19*H19) -> 0
I20: =SUM(G20*H20) -> 0
A21: Sub Total A | I21: =SUM(I18:I20) -> 0
A22: NON SCHEDULED WORK
A23: Item 2 | B23: Description | G23: Quantity | H23: Rate | I23: Amount
A38: Sub Total | I38: =SUM(I24:I37) -> 0
A39: Mark - Up 15% | I39: =ROUND((I38*0.15),2) -> 0
A40: SUb Total B | I40: =I38+I39 -> 0
A41: LABOUR
A42: Item 3 | B42: (Normal Rate) | E42: Unit | G42: Quantity | H42: Rate | I42: Amount
A43: 1 | B43: Techinician | E43: HRS | H43: 450 | I43: =SUM(G43*H43) -> 0
A44: 2 | B44: Senior Artisan | E44: HRS | H44: 350 | I44: =SUM(G44*H44) -> 0
A45: 3 | B45: Artisan (Trade Tested) | E45: HRS | G45: 1 | H45: 300 | I45: =SUM(G45*H45) -> 300
A46: 4 | B46: Utility Man (Non - Trade Tested) | E46: HRS | G46: 1 | H46: 200 | I46: =SUM(G46*H46) -> 200
A47: 5 | B47: Artisan Aid | E47: HRS | H47: 200 | I47: =SUM(G47*H47) -> 0
A48: 6 | B48: General Worker | E48: HRS | H48: 140 | I48: =SUM(G48*H48) -> 0
A52: Sub Total C | I52: =SUM(I43:I51) -> 500
A53: TRANSPORT
A54: Item 4 | B54: Destinantion | E54: No of Trips | G54: KMs | H54: Rate | I54: Amount
A55: 1 | B55: 18 pier St Southend to Gqebera CHC
B56: and back. | E56: 1 | G56: 11.8 | H56: 5 | I56: =H56*G56 -> 59
A58: Sub Total D | I58: =SUM(I55:I57) -> 59
G60: Sub Total (A+B+C+D) | I60: =I58+I52+I40 -> 559
G62: Sub Total | I62: =I60+I61 -> 559

Sheet Dora Ngiza (40)
A9: QUOTE TO : | F9: Qoute No | H9: =#REF! -> #REF!
A10: Department of Health | F10: Date | H10: =#REF! -> #REF!
A11: 717 Dukumbana Building | F11: Facility | H11: =#REF! -> #REF!
A12: Independent Avenue | F12: Work Order | H12: 888
A13: Bhisho | F13: Tender No | H13: SCMU3 - 17/18-0303 - HO
F14: Contract Term | H14: 24 MONTHS
A15: WORK REQUEST : Generator fuel is leaking.
A16: SCHEDULED WORK
A17: Item 1 | B17: Description | E17: Unit | F17: Sch No | G17: Quantity | H17: Rate | I17: Amount
I18: =SUM(G18*H18) -> 0
I19: =SUM(G19*H19) -> 0
I20: =SUM(G20*H20) -> 0
A21: Sub Total A | I21: =SUM(I18:I20) -> 0
A22: NON SCHEDULED WORK
A23: Item 2 | B23: Description | G23: Quantity | H23: Rate | I23: Amount
A38: Sub Total | I38: =SUM(I24:I37) -> 0
A39: Mark - Up 15% | I39: =ROUND((I38*0.15),2) -> 0
A40: SUb Total B | I40: =I38+I39 -> 0
A41: LABOUR
A42: Item 3 | B42: (Normal Rate) | E42: Unit | G42: Quantity | H42: Rate | I42: Amount
A43: 1 | B43: Techinician | E43: HRS | H43: 450 | I43: =SUM(G43*H43) -> 0
A44: 2 | B44: Senior Artisan | E44: HRS | H44: 350 | I44: =SUM(G44*H44) -> 0
A45: 3 | B45: Artisan (Trade Tested) | E45: HRS | G45: 1 | H45: 300 | I45: =SUM(G45*H45) -> 300
A46: 4 | B46: Utility Man (Non - Trade Tested) | E46: HRS | G46: 1 | H46: 200 | I46: =SUM(G46*H46) -> 200
A47: 5 | B47: Artisan Aid | E47: HRS | H47: 200 | I47: =SUM(G47*H47) -> 0
A48: 6 | B48: General Worker | E48: HRS | H48: 140 | I48: =SUM(G48*H48) -> 0
A52: Sub Total C | I52: =SUM(I43:I51) -> 500
A53: TRANSPORT
A54: Item 4 | B54: Destinantion | E54: No of Trips | G54: KMs | H54: Rate | I54: Amount
A55: 1 | B55: 18 pier St Southend to Dora Nginza
B56: and back. | E56: 1 | G56: 33.2 | H56: 5 | I56: =H56*G56 -> 166
A58: Sub Total D | I58: =SUM(I55:I57) -> 166
G60: Sub Total (A+B+C+D) | I60: =I58+I52+I40 -> 666
G62: Sub Total | I62: =I60+I61 -> 666

Sheet PE Pronvincial Hospital (41)
A9: QUOTE TO : | F9: Qoute No | H9: =#REF! -> #REF!
A10: Department of Health | F10: Date | H10: =#REF! -> #REF!
A11: 717 Dukumbana Building | F11: Facility | H11: =#REF! -> #REF!
A12: Independent Avenue | F12: Work Order | H12: 1007
A13: Bhisho | F13: Tender No | H13: SCMU3 - 17/18-0303 - HO
F14: Contract Term | H14: 24 MONTHS
A15: WORK REQUEST : Generator fuel is leaking.
A16: SCHEDULED WORK
A17: Item 1 | B17: Description | E17: Unit | F17: Sch No | G17: Quantity | H17: Rate | I17: Amount
I18: =SUM(G18*H18) -> 0
I19: =SUM(G19*H19) -> 0
I20: =SUM(G20*H20) -> 0
A21: Sub Total A | I21: =SUM(I18:I20) -> 0
A22: NON SCHEDULED WORK
A23: Item 2 | B23: Description | G23: Quantity | H23: Rate | I23: Amount
A38: Sub Total | I38: =SUM(I24:I37) -> 0
A39: Mark - Up 15% | I39: =ROUND((I38*0.15),2) -> 0
A40: SUb Total B | I40: =I38+I39 -> 0
A41: LABOUR
A42: Item 3 | B42: (Normal Rate) | E42: Unit | G42: Quantity | H42: Rate | I42: Amount
A43: 1 | B43: Techinician | E43: HRS | H43: 450 | I43: =SUM(G43*H43) -> 0
A44: 2 | B44: Senior Artisan | E44: HRS | H44: 350 | I44: =SUM(G44*H44) -> 0
A45: 3 | B45: Artisan (Trade Tested) | E45: HRS | G45: 3 | H45: 300 | I45: =SUM(G45*H45) -> 900
A46: 4 | B46: Utility Man (Non - Trade Tested) | E46: HRS | G46: 3 | H46: 200 | I46: =SUM(G46*H46) -> 600
A47: 5 | B47: Artisan Aid | E47: HRS | H47: 200 | I47: =SUM(G47*H47) -> 0
A48: 6 | B48: General Worker | E48: HRS | H48: 140 | I48: =SUM(G48*H48) -> 0
A52: Sub Total C | I52: =SUM(I43:I51) -> 1500
A53: TRANSPORT
A54: Item 4 | B54: Destinantion | E54: No of Trips | G54: KMs | H54: Rate | I54: Amount
A55: 1 | B55: 18 pier St Southend to PE Prov. Hospital
B56: and back. | E56: 1 | G56: 19.6 | H56: 5 | I56: =H56*G56 -> 98
A58: Sub Total D | I58: =SUM(I55:I57) -> 98
G60: Sub Total (A+B+C+D) | I60: =I58+I52+I40 -> 1598
G62: Sub Total | I62: =I60+I61 -> 1598

Sheet Motherwell CHC (42)
A9: QUOTE TO : | F9: Qoute No | H9: =#REF! -> #REF!
A10: Department of Health | F10: Date | H10: =#REF! -> #REF!
A11: 717 Dukumbana Building | F11: Facility | H11: =#REF! -> #REF!
A12: Independent Avenue | F12: Work Order | H12: 1708
A13: Bhisho | F13: Tender No | H13: SCMU3 - 17/18-0303 - HO
F14: Contract Term | H14: 24 MONTHS
F15: GEN Id | H15: GEN/NMM/MOT/01
A16: WORK REQUEST : Generator fuse blown .
A17: SCHEDULED WORK
A18: Item 1 | B18: Description | E18: Unit | F18: Sch No | G18: Quantity | H18: Rate | I18: Amount
I19: =SUM(G19*H19) -> 0
I20: =SUM(G20*H20) -> 0
I21: =SUM(G21*H21) -> 0
A22: Sub Total A | I22: =SUM(I19:I21) -> 0
A23: NON SCHEDULED WORK
A24: Item 2 | B24: Description | G24: Quantity | H24: Rate | I24: Amount
A39: Sub Total | I39: =SUM(I25:I38) -> 0
A40: Mark - Up 15% | I40: =ROUND((I39*0.15),2) -> 0
A41: SUb Total B | I41: =I39+I40 -> 0
A42: LABOUR
A43: Item 3 | B43: (Normal Rate) | E43: Unit | G43: Quantity | H43: Rate | I43: Amount
A44: 1 | B44: Techinician | E44: HRS | H44: 450 | I44: =SUM(G44*H44) -> 0
A45: 2 | B45: Senior Artisan | E45: HRS | H45: 350 | I45: =SUM(G45*H45) -> 0
A46: 3 | B46: Artisan (Trade Tested) | E46: HRS | G46: 2 | H46: 300 | I46: =SUM(G46*H46) -> 600
A47: 4 | B47: Utility Man (Non - Trade Tested) | E47: HRS | G47: 2 | H47: 200 | I47: =SUM(G47*H47) -> 400
A48: 5 | B48: Artisan Aid | E48: HRS | H48: 200 | I48: =SUM(G48*H48) -> 0
A49: 6 | B49: General Worker | E49: HRS | H49: 140 | I49: =SUM(G49*H49) -> 0
A53: Sub Total C | I53: =SUM(I44:I52) -> 1000
A54: TRANSPORT
A55: Item 4 | B55: Destinantion | E55: No of Trips | G55: KMs | H55: Rate | I55: Amount
A56: 1 | B56: 18 pier St Southend to Motherwell CHC
B57: and back. | E57: 1 | G57: 59.6 | H57: 5 | I57: =H57*G57 -> 298
A59: Sub Total D | I59: =SUM(I56:I58) -> 298
G61: Sub Total (A+B+C+D) | I61: =I59+I53+I41 -> 1298
G63: Sub Total | I63: =I61+I62 -> 1298

Sheet Westend Clinic (43)
A9: QUOTE TO : | F9: Qoute No | H9: =#REF! -> #REF!
A10: Department of Health | F10: Date | H10: =#REF! -> #REF!
A11: 717 Dukumbana Building | F11: Facility | H11: =#REF! -> #REF!
A12: Independent Avenue | F12: Work Order | H12: 1745
A13: Bhisho | F13: Tender No | H13: SCMU3 - 17/18-0303 - HO
F14: Contract Term | H14: 24 MONTHS
F15: GEN Id | H15: GEN/NMM/WES/01
A16: WORK REQUEST : Generator not working.
A17: SCHEDULED WORK
A18: Item 1 | B18: Description | E18: Unit | F18: Sch No | G18: Quantity | H18: Rate | I18: Amount
I19: =SUM(G19*H19) -> 0
I20: =SUM(G20*H20) -> 0
I21: =SUM(G21*H21) -> 0
A22: Sub Total A | I22: =SUM(I19:I21) -> 0
A23: NON SCHEDULED WORK
A24: Item 2 | B24: Description | G24: Quantity | H24: Rate | I24: Amount
A25: 1 | B25: Battery 638 | G25: 1 | H25: 1380 | I25: =H25*G25 -> 1380
A39: Sub Total | I39: =SUM(I25:I38) -> 1380
A40: Mark - Up 15% | I40: =ROUND((I39*0.15),2) -> 207
A41: SUb Total B | I41: =I39+I40 -> 1587
A42: LABOUR
A43: Item 3 | B43: (Normal Rate) | E43: Unit | G43: Quantity | H43: Rate | I43: Amount
A44: 1 | B44: Techinician | E44: HRS | H44: 450 | I44: =SUM(G44*H44) -> 0
A45: 2 | B45: Senior Artisan | E45: HRS | H45: 350 | I45: =SUM(G45*H45) -> 0
A46: 3 | B46: Artisan (Trade Tested) | E46: HRS | G46: 2 | H46: 300 | I46: =SUM(G46*H46) -> 600
A47: 4 | B47: Utility Man (Non - Trade Tested) | E47: HRS | G47: 2 | H47: 200 | I47: =SUM(G47*H47) -> 400
A48: 5 | B48: Artisan Aid | E48: HRS | H48: 200 | I48: =SUM(G48*H48) -> 0
A49: 6 | B49: General Worker | E49: HRS | H49: 140 | I49: =SUM(G49*H49) -> 0
A53: Sub Total C | I53: =SUM(I44:I52) -> 1000
A54: TRANSPORT
A55: Item 4 | B55: Destinantion | E55: No of Trips | G55: KMs | H55: Rate | I55: Amount
A56: 1 | B56: 18 pier St Southend to West End CHC
B57: and back. | E57: 1 | G57: 34 | H57: 5 | I57: =H57*G57 -> 170
A59: Sub Total D | I59: =SUM(I56:I58) -> 170
G61: Sub Total (A+B+C+D) | I61: =I59+I53+I41 -> 2757
G63: Sub Total | I63: =I61+I62 -> 2757

Sheet Dora Ngiza (44)
A9: QUOTE TO : | F9: Qoute No | H9: =#REF! -> #REF!
A10: Department of Health | F10: Date | H10: =#REF! -> #REF!
A11: 717 Dukumbana Building | F11: Facility | H11: =#REF! -> #REF!
A12: Independent Avenue | F12: Work Order | H12: 1814
A13: Bhisho | F13: Tender No | H13: SCMU3 - 17/18-0303 - HO
F14: Contract Term | H14: 24 MONTHS
F15: GEN Id | H15: GEN/NMM/DOR/05
A16: WORK REQUEST : Change over switch is faulty in lab.
A17: SCHEDULED WORK
A18: Item 1 | B18: Description | E18: Unit | F18: Sch No | G18: Quantity | H18: Rate | I18: Amount
I19: =SUM(G19*H19) -> 0
I20: =SUM(G20*H20) -> 0
I21: =SUM(G21*H21) -> 0
A22: Sub Total A | I22: =SUM(I19:I21) -> 0
A23: NON SCHEDULED WORK
A24: Item 2 | B24: Description | G24: Quantity | H24: Rate | I24: Amount
A39: Sub Total | I39: =SUM(I25:I38) -> 0
A40: Mark - Up 15% | I40: =ROUND((I39*0.15),2) -> 0
A41: SUb Total B | I41: =I39+I40 -> 0
A42: LABOUR
A43: Item 3 | B43: (Normal Rate) | E43: Unit | G43: Quantity | H43: Rate | I43: Amount
A44: 1 | B44: Techinician | E44: HRS | H44: 450 | I44: =SUM(G44*H44) -> 0
A45: 2 | B45: Senior Artisan | E45: HRS | H45: 350 | I45: =SUM(G45*H45) -> 0
A46: 3 | B46: Artisan (Trade Tested) | E46: HRS | G46: 4 | H46: 300 | I46: =SUM(G46*H46) -> 1200
A47: 4 | B47: Utility Man (Non - Trade Tested) | E47: HRS | G47: 4 | H47: 200 | I47: =SUM(G47*H47) -> 800
A48: 5 | B48: Artisan Aid | E48: HRS | H48: 200 | I48: =SUM(G48*H48) -> 0
A49: 6 | B49: General Worker | E49: HRS | H49: 140 | I49: =SUM(G49*H49) -> 0
A53: Sub Total C | I53: =SUM(I44:I52) -> 2000
A54: TRANSPORT
A55: Item 4 | B55: Destinantion | E55: No of Trips | G55: KMs | H55: Rate | I55: Amount
A56: 1 | B56: 18 pier St Southend to Dora Ngiza Hospital
B57: and back. | E57: 1 | G57: 66.4 | H57: 5 | I57: =H57*G57 -> 332
A59: Sub Total D | I59: =SUM(I56:I58) -> 332
G61: Sub Total (A+B+C+D) | I61: =I59+I53+I41 -> 2332
G63: Sub Total | I63: =I61+I62 -> 2332

Sheet Elizabeth Hospital (45)
A9: QUOTE TO : | F9: Qoute No | H9: =#REF! -> #REF!
A10: Department of Health | F10: Date | H10: =#REF! -> #REF!
A11: 717 Dukumbana Building | F11: Facility | H11: =#REF! -> #REF!
A12: Independent Avenue | F12: Work Order | H12: 2592
A13: Bhisho | F13: Tender No | H13: SCMU3 - 17/18-0303 - HO
F14: Contract Term | H14: 24 MONTHS
F15: GEN Id | H15: GEN/NMM/DON/01
A16: WORK REQUEST : Generator is faulty.
A17: SCHEDULED WORK
A18: Item 1 | B18: Description | E18: Unit | F18: Sch No | G18: Quantity | H18: Rate | I18: Amount
I19: =SUM(G19*H19) -> 0
I20: =SUM(G20*H20) -> 0
I21: =SUM(G21*H21) -> 0
A22: Sub Total A | I22: =SUM(I19:I21) -> 0
A23: NON SCHEDULED WORK
A24: Item 2 | B24: Description | G24: Quantity | H24: Rate | I24: Amount
A25: 1 | B25: VDO Fuel sender unit 0 - 180 ohms | G25: 1 | H25: 1850 | I25: =H25*G25 -> 1850
A26: 2 | B26: Courer | G26: 1 | H26: 390 | I26: =H26*G26 -> 390
A39: Sub Total | I39: =SUM(I25:I38) -> 2240
A40: Mark - Up 15% | I40: =ROUND((I39*0.15),2) -> 336
A41: SUb Total B | I41: =I39+I40 -> 2576
A42: LABOUR
A43: Item 3 | B43: (Normal Rate) | E43: Unit | G43: Quantity | H43: Rate | I43: Amount
A44: 1 | B44: Techinician | E44: HRS | H44: 450 | I44: =SUM(G44*H44) -> 0
A45: 2 | B45: Senior Artisan | E45: HRS | H45: 350 | I45: =SUM(G45*H45) -> 0
A46: 3 | B46: Artisan (Trade Tested) | E46: HRS | G46: 4.5 | H46: 300 | I46: =SUM(G46*H46) -> 1350
A47: 4 | B47: Utility Man (Non - Trade Tested) | E47: HRS | G47: 4.5 | H47: 200 | I47: =SUM(G47*H47) -> 900
A48: 5 | B48: Artisan Aid | E48: HRS | H48: 200 | I48: =SUM(G48*H48) -> 0
A49: 6 | B49: General Worker | E49: HRS | H49: 140 | I49: =SUM(G49*H49) -> 0
A53: Sub Total C | I53: =SUM(I44:I52) -> 2250
A54: TRANSPORT
A55: Item 4 | B55: Destinantion | E55: No of Trips | G55: KMs | H55: Rate | I55: Amount
A56: 1 | B56: 18 pier St Southend to Elizabeth Donkin Hospital
B57: and back. | E57: 1 | G57: 39.2 | H57: 5 | I57: =H57*G57 -> 196
A59: Sub Total D | I59: =SUM(I56:I58) -> 196
G61: Sub Total (A+B+C+D) | I61: =I59+I53+I41 -> 5022
G63: Sub Total | I63: =I61+I62 -> 5022

Sheet Jose Pearson (46)
A9: QUOTE TO : | F9: Qoute No | H9: =#REF! -> #REF!
A10: Department of Health | F10: Date | H10: =#REF! -> #REF!
A11: 717 Dukumbana Building | F11: Facility | H11: =#REF! -> #REF!
A12: Independent Avenue | F12: Work Order | H12: 2886
A13: Bhisho | F13: Tender No | H13: SCMU3 - 17/18-0303 - HO
F14: Contract Term | H14: 24 MONTHS
F15: GEN Id | H15: GEN/NMM/JOS/01
A16: WORK REQUEST : Generator not kicking in.
A17: SCHEDULED WORK
A18: Item 1 | B18: Description | E18: Unit | F18: Sch No | G18: Quantity | H18: Rate | I18: Amount
I19: =SUM(G19*H19) -> 0
I20: =SUM(G20*H20) -> 0
I21: =SUM(G21*H21) -> 0
A22: Sub Total A | I22: =SUM(I19:I21) -> 0
A23: NON SCHEDULED WORK
A24: Item 2 | B24: Description | G24: Quantity | H24: Rate | I24: Amount
A25: 1 | B25: R120 ASS p/pump | G25: 1 | H25: 2091.25 | I25: =H25*G25 -> 2091.25
A39: Sub Total | I39: =SUM(I25:I38) -> 2091.25
A40: Mark - Up 15% | I40: =ROUND((I39*0.15),2) -> 313.69
A41: SUb Total B | I41: =I39+I40 -> 2404.94
A42: LABOUR
A43: Item 3 | B43: (Normal Rate) | E43: Unit | G43: Quantity | H43: Rate | I43: Amount
A44: 1 | B44: Techinician | E44: HRS | H44: 450 | I44: =SUM(G44*H44) -> 0
A45: 2 | B45: Senior Artisan | E45: HRS | H45: 350 | I45: =SUM(G45*H45) -> 0
A46: 3 | B46: Artisan (Trade Tested) | E46: HRS | G46: 4.5 | H46: 300 | I46: =SUM(G46*H46) -> 1350
A47: 4 | B47: Utility Man (Non - Trade Tested) | E47: HRS | G47: 4.5 | H47: 200 | I47: =SUM(G47*H47) -> 900
A48: 5 | B48: Artisan Aid | E48: HRS | H48: 200 | I48: =SUM(G48*H48) -> 0
A49: 6 | B49: General Worker | E49: HRS | H49: 140 | I49: =SUM(G49*H49) -> 0
A53: Sub Total C | I53: =SUM(I44:I52) -> 2250
A54: TRANSPORT
A55: Item 4 | B55: Destinantion | E55: No of Trips | G55: KMs | H55: Rate | I55: Amount
A56: 1 | B56: 18 pier St Southend to Jose Pearson TB Hospital
B57: and back. | E57: 1 | G57: 113.2 | H57: 5 | I57: =H57*G57 -> 566
A59: Sub Total D | I59: =SUM(I56:I58) -> 566
G61: Sub Total (A+B+C+D) | I61: =I59+I53+I41 -> 5220.94
G63: Sub Total | I63: =I61+I62 -> 5220.94

Sheet Livingstone Hospital (47)
A9: QUOTE TO : | F9: Qoute No | H9: =#REF! -> #REF!
A10: Department of Health | F10: Date | H10: =#REF! -> #REF!
A11: 717 Dukumbana Building | F11: Facility | H11: =#REF! -> #REF!
A12: Independent Avenue | F12: Work Order | H12: =#REF! -> #REF!
A13: Bhisho | F13: Tender No | H13: SCMU3 - 17/18-0303 - HO
F14: Contract Term | H14: 24 MONTHS
F15: GEN Id | H15: GEN/NMM/LIV/02
A16: WORK REQUEST : Request for repair of power generator GEN/NMM/LIV/01 ,GEN/NMM/LIV/02 faulty battery charger and GEN/NMM/LIV/03 faulty earth leakage and battery charger.
A17: SCHEDULED WORK
A18: Item 1 | B18: Description | E18: Unit | F18: Sch No | G18: Quantity | H18: Rate | I18: Amount
I19: =SUM(G19*H19) -> 0
I20: =SUM(G20*H20) -> 0
I21: =SUM(G21*H21) -> 0
A22: Sub Total A | I22: =SUM(I19:I21) -> 0
A23: NON SCHEDULED WORK
A24: Item 2 | B24: Description | G24: Quantity | H24: Rate | I24: Amount
A25: 1 | B25: 63A isolater | G25: 1 | H25: 160 | I25: =H25*G25 -> 160
A26: 2 | B26: Monitor | G26: 1 | H26: 211 | I26: =H26*G26 -> 211
A27: 3 | B27: Battery charger | G27: 1 | H27: 1094 | I27: =H27*G27 -> 1094
A39: Sub Total | I39: =SUM(I25:I38) -> 1465
A40: Mark - Up 15% | I40: =ROUND((I39*0.15),2) -> 219.75
A41: SUb Total B | I41: =I39+I40 -> 1684.75
A42: LABOUR
A43: Item 3 | B43: (Normal Rate) | E43: Unit | G43: Quantity | H43: Rate | I43: Amount
A44: 1 | B44: Techinician | E44: HRS | H44: 450 | I44: =SUM(G44*H44) -> 0
A45: 2 | B45: Senior Artisan | E45: HRS | H45: 350 | I45: =SUM(G45*H45) -> 0
A46: 3 | B46: Artisan (Trade Tested) | E46: HRS | G46: 7.5 | H46: 300 | I46: =SUM(G46*H46) -> 2250
A47: 4 | B47: Utility Man (Non - Trade Tested) | E47: HRS | H47: 200 | I47: =SUM(G47*H47) -> 0
A48: 5 | B48: Artisan Aid | E48: HRS | G48: 7.5 | H48: 200 | I48: =SUM(G48*H48) -> 1500
A49: 6 | B49: General Worker | E49: HRS | H49: 140 | I49: =SUM(G49*H49) -> 0
A53: Sub Total C | I53: =SUM(I44:I52) -> 3750
A54: TRANSPORT
A55: Item 4 | B55: Destinantion | E55: No of Trips | G55: KMs | H55: Rate | I55: Amount
A56: 1 | B56: 14 Milner Rd ,Mt Pleasant to Living Hospital
B57: and back. | E57: 2 | G57: 21.2 | H57: 5 | I57: =H57*G57 -> 106
A59: Sub Total D | I59: =SUM(I56:I58) -> 106
G61: Sub Total (A+B+C+D) | I61: =I59+I53+I41 -> 5540.75
G63: Sub Total | I63: =I61+I62 -> 5540.75

Sheet PE Pro. Hosp (48)
A9: QUOTE TO : | F9: Qoute No | H9: 47
A10: Department of Health | F10: Date | H10: =#REF! -> #REF!
A11: 717 Dukumbana Building | F11: Facility | H11: =#REF! -> #REF!
A12: Independent Avenue | F12: Work Order | H12: =#REF! -> #REF!
A13: Bhisho | F13: Tender No | H13: SCMU3 - 17/18-0303 - HO
F14: Contract Term | H14: 24 MONTHS
F15: GEN Id | H15: GEN/NMM/JOS/01
A16: WORK REQUEST : Generator not working.
A17: SCHEDULED WORK
A18: Item 1 | B18: Description | E18: Unit | F18: Sch No | G18: Quantity | H18: Rate | I18: Amount
I19: =SUM(G19*H19) -> 0
I20: =SUM(G20*H20) -> 0
I21: =SUM(G21*H21) -> 0
A22: Sub Total A | I22: =SUM(I19:I21) -> 0
A23: NON SCHEDULED WORK
A24: Item 2 | B24: Description | G24: Quantity | H24: Rate | I24: Amount
A25: 1 | B25: 50 KVA Alternator double bearings | G25: 1 | H25: 14550 | I25: =H25*G25 -> 14550
A26: 2 | B26: SX 460 AVR | G26: 1 | H26: 3705 | I26: =H26*G26 -> 3705
B28: Approved Quotation
A39: Sub Total | I39: =SUM(I25:I38) -> 18255
A40: Mark - Up 15% | I40: =ROUND((I39*0.15),2) -> 2738.25
A41: SUb Total B | I41: =I39+I40 -> 20993.25
A42: LABOUR
A43: Item 3 | B43: (Normal Rate) | E43: Unit | G43: Quantity | H43: Rate | I43: Amount
A44: 1 | B44: Techinician | E44: HRS | G44: 10 | H44: 450 | I44: =SUM(G44*H44) -> 4500
A45: 2 | B45: Senior Artisan | E45: HRS | H45: 350 | I45: =SUM(G45*H45) -> 0
A46: 3 | B46: Artisan (Trade Tested) | E46: HRS | H46: 300 | I46: =SUM(G46*H46) -> 0
A47: 4 | B47: Utility Man (Non - Trade Tested) | E47: HRS | H47: 200 | I47: =SUM(G47*H47) -> 0
A48: 5 | B48: Artisan Aid | E48: HRS | H48: 200 | I48: =SUM(G48*H48) -> 0
A49: 6 | B49: General Worker (2) | E49: HRS | G49: 20 | H49: 140 | I49: =SUM(G49*H49) -> 2800
A53: Sub Total C | I53: =SUM(I44:I52) -> 7300
A54: TRANSPORT
A55: Item 4 | B55: Destinantion | E55: No of Trips | G55: KMs | H55: Rate | I55: Amount
A56: 1 | B56: 14 Milner Rd ,Mt Pleasant PE to PE Prov. Hospital
B57: and back. | E57: 3 | G57: 58.8 | H57: 5 | I57: =H57*G57 -> 294
A59: Sub Total D | I59: =SUM(I56:I58) -> 294
G61: Sub Total (A+B+C+D) | I61: =I59+I53+I41 -> 28587.25
G63: Sub Total | I63: =I61+I62 -> 28587.25

Sheet Elizabeth Donken hosp.(49)
A9: QUOTE TO : | F9: Qoute No | H9: =#REF! -> #REF!
A10: Department of Health | F10: Date | H10: =#REF! -> #REF!
A11: 717 Dukumbana Building | F11: Facility | H11: =#REF! -> #REF!
A12: Independent Avenue | F12: Work Order | H12: =#REF! -> #REF!
A13: Bhisho | F13: Tender No | H13: SCMU3 - 17/18-0303 - HO
F14: Contract Term | H14: 24 MONTHS
F15: GEN Id | H15: GEN/NMM/DON/01
A16: WORK REQUEST : Repairs to fuel hose and heater hose for generator.
A17: SCHEDULED WORK
A18: Item 1 | B18: Description | E18: Unit | F18: Sch No | G18: Quantity | H18: Rate | I18: Amount
I19: =SUM(G19*H19) -> 0
I20: =SUM(G20*H20) -> 0
I21: =SUM(G21*H21) -> 0
A22: Sub Total A | I22: =SUM(I19:I21) -> 0
A23: NON SCHEDULED WORK
A24: Item 2 | B24: Description | G24: Quantity | H24: Rate | I24: Amount
A25: 1 | B25: Fuel line | G25: 1 | H25: 682 | I25: =H25*G25 -> 682
A26: 2 | B26: Hose (5m) | G26: 1 | H26: 248.85 | I26: =H26*G26 -> 248.85
A39: Sub Total | I39: =SUM(I25:I38) -> 930.85
A40: Mark - Up 15% | I40: =ROUND((I39*0.15),2) -> 139.63
A41: SUb Total B | I41: =I39+I40 -> 1070.48
A42: LABOUR
A43: Item 3 | B43: (Normal Rate) | E43: Unit | G43: Quantity | H43: Rate | I43: Amount
A44: 1 | B44: Techinician | E44: HRS | G44: 4 | H44: 450 | I44: =SUM(G44*H44) -> 1800
A45: 2 | B45: Senior Artisan | E45: HRS | H45: 350 | I45: =SUM(G45*H45) -> 0
A46: 3 | B46: Artisan (Trade Tested) | E46: HRS | H46: 300 | I46: =SUM(G46*H46) -> 0
A47: 4 | B47: Utility Man (Non - Trade Tested) | E47: HRS | H47: 200 | I47: =SUM(G47*H47) -> 0
A48: 5 | B48: Artisan Aid | E48: HRS | G48: 4 | H48: 200 | I48: =SUM(G48*H48) -> 800
A49: 6 | B49: General Worker (2) | E49: HRS | H49: 140 | I49: =SUM(G49*H49) -> 0
A53: Sub Total C | I53: =SUM(I44:I52) -> 2600
A54: TRANSPORT
A55: Item 4 | B55: Destinantion | E55: No of Trips | G55: KMs | H55: Rate | I55: Amount
A56: 1 | B56: 14 Milner Rd ,Mt Pleasant PE to Elizabeth Donkin Hospital
B57: and back. | E57: 2 | G57: 39.6 | H57: 5 | I57: =H57*G57 -> 198
A59: Sub Total D | I59: =SUM(I56:I58) -> 198
G61: Sub Total (A+B+C+D) | I61: =I59+I53+I41 -> 3868.48
G63: Sub Total | I63: =I61+I62 -> 3868.48

Sheet Dora Ngiza (50)
A9: QUOTE TO : | F9: Qoute No | H9: =#REF! -> #REF!
A10: Department of Health | F10: Date | H10: =#REF! -> #REF!
A11: 717 Dukumbana Building | F11: Facility | H11: =#REF! -> #REF!
A12: Independent Avenue | F12: Work Order | H12: =#REF! -> #REF!
A13: Bhisho | F13: Tender No | H13: SCMU3 - 17/18-0303 - HO
F14: Contract Term | H14: 24 MONTHS
F15: GEN Id | H15: GEN/NMM/DOR/01
A16: WORK REQUEST : Casual generator is faulty at Dora Ngiza Hospital.
A17: SCHEDULED WORK
A18: Item 1 | B18: Description | E18: Unit | F18: Sch No | G18: Quantity | H18: Rate | I18: Amount
I19: =SUM(G19*H19) -> 0
I20: =SUM(G20*H20) -> 0
I21: =SUM(G21*H21) -> 0
A22: Sub Total A | I22: =SUM(I19:I21) -> 0
A23: NON SCHEDULED WORK
A24: Item 2 | B24: Description | G24: Quantity | H24: Rate | I24: Amount
I25: =H25*G25 -> 0
I26: =H26*G26 -> 0
A39: Sub Total | I39: =SUM(I25:I38) -> 0
A40: Mark - Up 15% | I40: =ROUND((I39*0.15),2) -> 0
A41: SUb Total B | I41: =I39+I40 -> 0
A42: LABOUR
A43: Item 3 | B43: (Normal Rate) | E43: Unit | G43: Quantity | H43: Rate | I43: Amount
A44: 1 | B44: Techinician | E44: HRS | H44: 450 | I44: =SUM(G44*H44) -> 0
A45: 2 | B45: Senior Artisan | E45: HRS | H45: 350 | I45: =SUM(G45*H45) -> 0
A46: 3 | B46: Artisan (Trade Tested) | E46: HRS | G46: 1 | H46: 300 | I46: =SUM(G46*H46) -> 300
A47: 4 | B47: Utility Man (Non - Trade Tested) | E47: HRS | H47: 200 | I47: =SUM(G47*H47) -> 0
A48: 5 | B48: Artisan Aid | E48: HRS | G48: 1 | H48: 200 | I48: =SUM(G48*H48) -> 200
A49: 6 | B49: General Worker (2) | E49: HRS | H49: 140 | I49: =SUM(G49*H49) -> 0
A53: Sub Total C | I53: =SUM(I44:I52) -> 500
A54: TRANSPORT
A55: Item 4 | B55: Destinantion | E55: No of Trips | G55: KMs | H55: Rate | I55: Amount
A56: 1 | B56: Office to Dora Ngiza Hospital
B57: and back. | E57: 1 | G57: 33.4 | H57: 5 | I57: =H57*G57 -> 167
A59: Sub Total D | I59: =SUM(I56:I58) -> 167
G61: Sub Total (A+B+C+D) | I61: =I59+I53+I41 -> 667
G63: Sub Total | I63: =I61+I62 -> 667

Sheet Dora Ngiza (51)
A9: QUOTE TO : | F9: Qoute No | H9: =#REF! -> #REF!
A10: Department of Health | F10: Date | H10: =#REF! -> #REF!
A11: 717 Dukumbana Building | F11: Facility | H11: =#REF! -> #REF!
A12: Independent Avenue | F12: Work Order | H12: =#REF! -> #REF!
A13: Bhisho | F13: Tender No | H13: SCMU3 - 17/18-0303 - HO
F14: Contract Term | H14: 24 MONTHS
F15: GEN Id | H15: GEN/NMM/DOR/05
A16: WORK REQUEST : Casualty generator is leaking oil.
A17: SCHEDULED WORK
A18: Item 1 | B18: Description | E18: Unit | F18: Sch No | G18: Quantity | H18: Rate | I18: Amount
I19: =SUM(G19*H19) -> 0
I20: =SUM(G20*H20) -> 0
I21: =SUM(G21*H21) -> 0
A22: Sub Total A | I22: =SUM(I19:I21) -> 0
A23: NON SCHEDULED WORK
A24: Item 2 | B24: Description | G24: Quantity | H24: Rate | I24: Amount
A25: 1 | B25: Recondition of the engine (Subcob ) | G25: 1 | H25: 3167.47 | I25: =H25*G25 -> 3167.47
A39: Sub Total | I39: =SUM(I25:I38) -> 3167.47
A40: Mark - Up 15% | I40: =ROUND((I39*0.15),2) -> 475.12
A41: SUb Total B | I41: =I39+I40 -> 3642.59
A42: LABOUR
A43: Item 3 | B43: (Normal Rate) | E43: Unit | G43: Quantity | H43: Rate | I43: Amount
A44: 1 | B44: Techinician | E44: HRS | H44: 450 | I44: =SUM(G44*H44) -> 0
A45: 2 | B45: Senior Artisan | E45: HRS | H45: 350 | I45: =SUM(G45*H45) -> 0
A46: 3 | B46: Artisan (Trade Tested) | E46: HRS | G46: 2.5 | H46: 300 | I46: =SUM(G46*H46) -> 750
A47: 4 | B47: Utility Man (Non - Trade Tested) | E47: HRS | H47: 200 | I47: =SUM(G47*H47) -> 0
A48: 5 | B48: Artisan Aid | E48: HRS | G48: 2.5 | H48: 200 | I48: =SUM(G48*H48) -> 500
A49: 6 | B49: General Worker (3) | E49: HRS | H49: 140 | I49: =SUM(G49*H49) -> 0
A53: Sub Total C | I53: =SUM(I44:I52) -> 1250
A54: TRANSPORT
A55: Item 4 | B55: Destinantion | E55: No of Trips | G55: KMs | H55: Rate | I55: Amount
A56: 1 | B56: Office to Dora Ngiza Hospital
B57: and back. | E57: 1 | G57: 66.4 | H57: 5 | I57: =H57*G57 -> 332
A59: Sub Total D | I59: =SUM(I56:I58) -> 332
G61: Sub Total (A+B+C+D) | I61: =I59+I53+I41 -> 5224.59
G63: Sub Total | I63: =I61+I62 -> 5224.59

Sheet West End (52)
A9: QUOTE TO : | F9: Qoute No | H9: =#REF! -> #REF!
A10: Department of Health | F10: Date | H10: =#REF! -> #REF!
A11: 717 Dukumbana Building | F11: Facility | H11: =#REF! -> #REF!
A12: Independent Avenue | F12: Work Order | H12: =#REF! -> #REF!
A13: Bhisho | F13: Tender No | H13: SCMU3 - 17/18-0303 - HO
F14: Contract Term | H14: 24 MONTHS
F15: GEN Id | H15: GEN/NMM/WES/01
A16: WORK REQUEST : Generator leaking oil.
A17: SCHEDULED WORK
A18: Item 1 | B18: Description | E18: Unit | F18: Sch No | G18: Quantity | H18: Rate | I18: Amount
I19: =SUM(G19*H19) -> 0
I20: =SUM(G20*H20) -> 0
I21: =SUM(G21*H21) -> 0
A22: Sub Total A | I22: =SUM(I19:I21) -> 0
A23: NON SCHEDULED WORK
A24: Item 2 | B24: Description | G24: Quantity | H24: Rate | I24: Amount
A39: Sub Total | I39: =SUM(I25:I38) -> 0
A40: Mark - Up 15% | I40: =ROUND((I39*0.15),2) -> 0
A41: SUb Total B | I41: =I39+I40 -> 0
A42: LABOUR
A43: Item 3 | B43: (Normal Rate) | E43: Unit | G43: Quantity | H43: Rate | I43: Amount
A44: 1 | B44: Techinician | E44: HRS | H44: 450 | I44: =SUM(G44*H44) -> 0
A45: 2 | B45: Senior Artisan | E45: HRS | H45: 350 | I45: =SUM(G45*H45) -> 0
A46: 3 | B46: Artisan (Trade Tested) | E46: HRS | G46: 3 | H46: 300 | I46: =SUM(G46*H46) -> 900
A47: 4 | B47: Utility Man (Non - Trade Tested) | E47: HRS | H47: 200 | I47: =SUM(G47*H47) -> 0
A48: 5 | B48: Artisan Aid | E48: HRS | G48: 3 | H48: 200 | I48: =SUM(G48*H48) -> 600
A49: 6 | B49: General Worker (3) | E49: HRS | H49: 140 | I49: =SUM(G49*H49) -> 0
A53: Sub Total C | I53: =SUM(I44:I52) -> 1500
A54: TRANSPORT
A55: Item 4 | B55: Destinantion | E55: No of Trips | G55: KMs | H55: Rate | I55: Amount
A56: 1 | B56: Office to West End CHC
B57: and back. | E57: 1 | G57: 34 | H57: 5 | I57: =H57*G57 -> 170
A59: Sub Total D | I59: =SUM(I56:I58) -> 170
G61: Sub Total (A+B+C+D) | I61: =I59+I53+I41 -> 1670
G63: Sub Total | I63: =I61+I62 -> 1670

Sheet Elizabeth Hospital (53)
A9: QUOTE TO : | F9: Qoute No | H9: =#REF! -> #REF!
A10: Department of Health | F10: Date | H10: =#REF! -> #REF!
A11: 717 Dukumbana Building | F11: Facility | H11: =#REF! -> #REF!
A12: Independent Avenue | F12: Work Order | H12: =#REF! -> #REF!
A13: Bhisho | F13: Tender No | H13: SCMU3 - 17/18-0303 - HO
F14: Contract Term | H14: 24 MONTHS
F15: GEN Id | H15: GEN/NMM/DON/01
A16: WORK REQUEST : Generator leaking oil.
A17: SCHEDULED WORK
A18: Item 1 | B18: Description | E18: Unit | F18: Sch No | G18: Quantity | H18: Rate | I18: Amount
I19: =SUM(G19*H19) -> 0
I20: =SUM(G20*H20) -> 0
I21: =SUM(G21*H21) -> 0
A22: Sub Total A | I22: =SUM(I19:I21) -> 0
A23: NON SCHEDULED WORK
A24: Item 2 | B24: Description | G24: Quantity | H24: Rate | I24: Amount
A39: Sub Total | I39: =SUM(I25:I38) -> 0
A40: Mark - Up 15% | I40: =ROUND((I39*0.15),2) -> 0
A41: SUb Total B | I41: =I39+I40 -> 0
A42: LABOUR
A43: Item 3 | B43: (Normal Rate) | E43: Unit | G43: Quantity | H43: Rate | I43: Amount
A44: 1 | B44: Techinician | E44: HRS | H44: 450 | I44: =SUM(G44*H44) -> 0
A45: 2 | B45: Senior Artisan | E45: HRS | H45: 350 | I45: =SUM(G45*H45) -> 0
A46: 3 | B46: Artisan (Trade Tested) | E46: HRS | G46: 1.5 | H46: 300 | I46: =SUM(G46*H46) -> 450
A47: 4 | B47: Utility Man (Non - Trade Tested) | E47: HRS | H47: 200 | I47: =SUM(G47*H47) -> 0
A48: 5 | B48: Artisan Aid | E48: HRS | G48: 1.5 | H48: 200 | I48: =SUM(G48*H48) -> 300
A49: 6 | B49: General Worker (3) | E49: HRS | H49: 140 | I49: =SUM(G49*H49) -> 0
A53: Sub Total C | I53: =SUM(I44:I52) -> 750
A54: TRANSPORT
A55: Item 4 | B55: Destinantion | E55: No of Trips | G55: KMs | H55: Rate | I55: Amount
A56: 1 | B56: Office to Elizabeth Donking Hospital
B57: and back. | E57: 1 | G57: 19.8 | H57: 5 | I57: =H57*G57 -> 99
A59: Sub Total D | I59: =SUM(I56:I58) -> 99
G61: Sub Total (A+B+C+D) | I61: =I59+I53+I41 -> 849
G63: Sub Total | I63: =I61+I62 -> 849

Sheet Orsmond TB Hosp.(54)
A9: QUOTE TO : | F9: Qoute No | H9: =#REF! -> #REF!
A10: Department of Health | F10: Date | H10: =#REF! -> #REF!
A11: 717 Dukumbana Building | F11: Facility | H11: =#REF! -> #REF!
A12: Independent Avenue | F12: Work Order | H12: =#REF! -> #REF!
A13: Bhisho | F13: Tender No | H13: SCMU3 - 17/18-0303 - HO
F14: Contract Term | H14: 24 MONTHS
F15: GEN Id | H15: GEN/NMM/DON/01
A16: WORK REQUEST : Water jacket heater not working.
A17: SCHEDULED WORK
A18: Item 1 | B18: Description | E18: Unit | F18: Sch No | G18: Quantity | H18: Rate | I18: Amount
I19: =SUM(G19*H19) -> 0
I20: =SUM(G20*H20) -> 0
I21: =SUM(G21*H21) -> 0
A22: Sub Total A | I22: =SUM(I19:I21) -> 0
A23: NON SCHEDULED WORK
A24: Item 2 | B24: Description | G24: Quantity | H24: Rate | I24: Amount
A25: 1 | B25: Thermostat | G25: 1 | H25: 150.43 | I25: =H25*G25 -> 150.43
A26: 2 | B26: Mini Geyser | G26: 1 | H26: 299 | I26: =H26*G26 -> 299
A27: 3 | B27: Antifreeze (5L) | G27: 1 | H27: 249.5 | I27: =H27*G27 -> 249.5
A39: Sub Total | I39: =SUM(I25:I38) -> 698.93
A40: Mark - Up 15% | I40: =ROUND((I39*0.15),2) -> 104.84
A41: SUb Total B | I41: =I39+I40 -> 803.77
A42: LABOUR
A43: Item 3 | B43: (Normal Rate) | E43: Unit | G43: Quantity | H43: Rate | I43: Amount
A44: 1 | B44: Techinician | E44: HRS | H44: 450 | I44: =SUM(G44*H44) -> 0
A45: 2 | B45: Senior Artisan | E45: HRS | H45: 350 | I45: =SUM(G45*H45) -> 0
A46: 3 | B46: Artisan (Trade Tested) | E46: HRS | G46: 3.5 | H46: 300 | I46: =SUM(G46*H46) -> 1050
A47: 4 | B47: Utility Man (Non - Trade Tested) | E47: HRS | H47: 200 | I47: =SUM(G47*H47) -> 0
A48: 5 | B48: Artisan Aid | E48: HRS | G48: 3.5 | H48: 200 | I48: =SUM(G48*H48) -> 700
A49: 6 | B49: General Worker (3) | E49: HRS | H49: 140 | I49: =SUM(G49*H49) -> 0
A53: Sub Total C | I53: =SUM(I44:I52) -> 1750
A54: TRANSPORT
A55: Item 4 | B55: Destinantion | E55: No of Trips | G55: KMs | H55: Rate | I55: Amount
A56: 1 | B56: Office to Orsmond TB Hospital
B57: and back. | E57: 1 | G57: 81.8 | H57: 5 | I57: =H57*G57 -> 409
A59: Sub Total D | I59: =SUM(I56:I58) -> 409
G61: Sub Total (A+B+C+D) | I61: =I59+I53+I41 -> 2962.77
G63: Sub Total | I63: =I61+I62 -> 2962.77

Sheet Port Elizabeth (55)
A9: QUOTE TO : | F9: Qoute No | H9: =#REF! -> #REF!
A10: Department of Health | F10: Date | H10: =#REF! -> #REF!
A11: 717 Dukumbana Building | F11: Facility | H11: =#REF! -> #REF!
A12: Independent Avenue | F12: Work Order | H12: =#REF! -> #REF!
A13: Bhisho | F13: Tender No | H13: SCMU3 - 17/18-0303 - HO
F14: Contract Term | H14: 24 MONTHS
F15: GEN Id | H15: GEN/NMM/PEP/01
A16: WORK REQUEST : Generator is faulty.
A17: SCHEDULED WORK
A18: Item 1 | B18: Description | E18: Unit | F18: Sch No | G18: Quantity | H18: Rate | I18: Amount
I19: =SUM(G19*H19) -> 0
I20: =SUM(G20*H20) -> 0
I21: =SUM(G21*H21) -> 0
A22: Sub Total A | I22: =SUM(I19:I21) -> 0
A23: NON SCHEDULED WORK
A24: Item 2 | B24: Description | G24: Quantity | H24: Rate | I24: Amount
A39: Sub Total | I39: =SUM(I25:I38) -> 0
A40: Mark - Up 15% | I40: =ROUND((I39*0.15),2) -> 0
A41: SUb Total B | I41: =I39+I40 -> 0
A42: LABOUR
A43: Item 3 | B43: (Normal Rate) | E43: Unit | G43: Quantity | H43: Rate | I43: Amount
A44: 1 | B44: Techinician | E44: HRS | H44: 450 | I44: =SUM(G44*H44) -> 0
A45: 2 | B45: Senior Artisan | E45: HRS | H45: 350 | I45: =SUM(G45*H45) -> 0
A46: 3 | B46: Artisan (Trade Tested) | E46: HRS | G46: 2 | H46: 300 | I46: =SUM(G46*H46) -> 600
A47: 4 | B47: Utility Man (Non - Trade Tested) | E47: HRS | H47: 200 | I47: =SUM(G47*H47) -> 0
A48: 5 | B48: Artisan Aid | E48: HRS | G48: 2 | H48: 200 | I48: =SUM(G48*H48) -> 400
A49: 6 | B49: General Worker (3) | E49: HRS | H49: 140 | I49: =SUM(G49*H49) -> 0
A53: Sub Total C | I53: =SUM(I44:I52) -> 1000
A54: TRANSPORT
A55: Item 4 | B55: Destinantion | E55: No of Trips | G55: KMs | H55: Rate | I55: Amount
A56: 1 | B56: Office to PE Prov. Hospital
B57: and back. | E57: 1 | G57: 19.6 | H57: 5 | I57: =H57*G57 -> 98
A59: Sub Total D | I59: =SUM(I56:I58) -> 98
G61: Sub Total (A+B+C+D) | I61: =I59+I53+I41 -> 1098
G63: Sub Total | I63: =I61+I62 -> 1098

Sheet Livingston Hosp (56)
A9: QUOTE TO : | F9: Qoute No | H9: =#REF! -> #REF!
A10: Department of Health | F10: Date | H10: =#REF! -> #REF!
A11: 717 Dukumbana Building | F11: Facility | H11: =#REF! -> #REF!
A12: Independent Avenue | F12: Work Order | H12: =#REF! -> #REF!
A13: Bhisho | F13: Tender No | H13: SCMU3 - 17/18-0303 - HO
F14: Contract Term | H14: 24 MONTHS
F15: GEN Id | H15: GEN/NMM/LIV/01
A16: WORK REQUEST : Generator not starting.
A17: SCHEDULED WORK
A18: Item 1 | B18: Description | E18: Unit | F18: Sch No | G18: Quantity | H18: Rate | I18: Amount
I19: =SUM(G19*H19) -> 0
I20: =SUM(G20*H20) -> 0
I21: =SUM(G21*H21) -> 0
A22: Sub Total A | I22: =SUM(I19:I21) -> 0
A23: NON SCHEDULED WORK
A24: Item 2 | B24: Description | G24: Quantity | H24: Rate | I24: Amount
A39: Sub Total | I39: =SUM(I25:I38) -> 0
A40: Mark - Up 15% | I40: =ROUND((I39*0.15),2) -> 0
A41: SUb Total B | I41: =I39+I40 -> 0
A42: LABOUR
A43: Item 3 | B43: (Normal Rate) | E43: Unit | G43: Quantity | H43: Rate | I43: Amount
A44: 1 | B44: Techinician | E44: HRS | H44: 450 | I44: =SUM(G44*H44) -> 0
A45: 2 | B45: Senior Artisan | E45: HRS | H45: 350 | I45: =SUM(G45*H45) -> 0
A46: 3 | B46: Artisan (Trade Tested) | E46: HRS | G46: 1 | H46: 300 | I46: =SUM(G46*H46) -> 300
A47: 4 | B47: Utility Man (Non - Trade Tested) | E47: HRS | H47: 200 | I47: =SUM(G47*H47) -> 0
A48: 5 | B48: Artisan Aid | E48: HRS | G48: 1 | H48: 200 | I48: =SUM(G48*H48) -> 200
A49: 6 | B49: General Worker (3) | E49: HRS | H49: 140 | I49: =SUM(G49*H49) -> 0
A53: Sub Total C | I53: =SUM(I44:I52) -> 500
A54: TRANSPORT
A55: Item 4 | B55: Destinantion | E55: No of Trips | G55: KMs | H55: Rate | I55: Amount
A56: 1 | B56: Office to Livingston Hospital
B57: and back. | E57: 1 | G57: 21.2 | H57: 5 | I57: =H57*G57 -> 106
A59: Sub Total D | I59: =SUM(I56:I58) -> 106
G61: Sub Total (A+B+C+D) | I61: =I59+I53+I41 -> 606
G63: Sub Total | I63: =I61+I62 -> 606

Sheet New Brighton M.(57)
A9: QUOTE TO : | F9: Qoute No | H9: =#REF! -> #REF!
A10: Department of Health | F10: Date | H10: =#REF! -> #REF!
A11: 717 Dukumbana Building | F11: Facility | H11: =#REF! -> #REF!
A12: Independent Avenue | F12: Work Order | H12: =#REF! -> #REF!
A13: Bhisho | F13: Tender No | H13: SCMU3 - 17/18-0303 - HO
F14: Contract Term | H14: 24 MONTHS
F15: GEN Id | H15: GEN/NMM/NEW/01
A16: WORK REQUEST : Generator is faulty.
A17: SCHEDULED WORK
A18: Item 1 | B18: Description | E18: Unit | F18: Sch No | G18: Quantity | H18: Rate | I18: Amount
I19: =SUM(G19*H19) -> 0
I20: =SUM(G20*H20) -> 0
I21: =SUM(G21*H21) -> 0
A22: Sub Total A | I22: =SUM(I19:I21) -> 0
A23: NON SCHEDULED WORK
A24: Item 2 | B24: Description | G24: Quantity | H24: Rate | I24: Amount
A25: 1 | B25: Battery 674 | G25: 1 | H25: 1652.17 | I25: =H25*G25 -> 1652.17
A39: Sub Total | I39: =SUM(I25:I38) -> 1652.17
A40: Mark - Up 15% | I40: =ROUND((I39*0.15),2) -> 247.83
A41: SUb Total B | I41: =I39+I40 -> 1900
A42: LABOUR
A43: Item 3 | B43: (Normal Rate) | E43: Unit | G43: Quantity | H43: Rate | I43: Amount
A44: 1 | B44: Techinician | E44: HRS | H44: 450 | I44: =SUM(G44*H44) -> 0
A45: 2 | B45: Senior Artisan | E45: HRS | H45: 350 | I45: =SUM(G45*H45) -> 0
A46: 3 | B46: Artisan (Trade Tested) | E46: HRS | G46: 1 | H46: 300 | I46: =SUM(G46*H46) -> 300
A47: 4 | B47: Utility Man (Non - Trade Tested) | E47: HRS | H47: 200 | I47: =SUM(G47*H47) -> 0
A48: 5 | B48: Artisan Aid | E48: HRS | G48: 1 | H48: 200 | I48: =SUM(G48*H48) -> 200
A49: 6 | B49: General Worker (3) | E49: HRS | H49: 140 | I49: =SUM(G49*H49) -> 0
A53: Sub Total C | I53: =SUM(I44:I52) -> 500
A54: TRANSPORT
A55: Item 4 | B55: Destinantion | E55: No of Trips | G55: KMs | H55: Rate | I55: Amount
A56: 1 | B56: Office to New Brighton Mortuary
B57: and back. | E57: 1 | G57: 26.2 | H57: 5 | I57: =H57*G57 -> 131
A59: Sub Total D | I59: =SUM(I56:I58) -> 131
G61: Sub Total (A+B+C+D) | I61: =I59+I53+I41 -> 2531
G63: Sub Total | I63: =I61+I62 -> 2531

Sheet West End (58)
A9: QUOTE TO : | F9: Qoute No | H9: =#REF! -> #REF!
A10: Department of Health | F10: Date | H10: =#REF! -> #REF!
A11: 717 Dukumbana Building | F11: Facility | H11: =#REF! -> #REF!
A12: Independent Avenue | F12: Work Order | H12: =#REF! -> #REF!
A13: Bhisho | F13: Tender No | H13: SCMU3 - 17/18-0303 - HO
F14: Contract Term | H14: 24 MONTHS
F15: GEN Id | H15: GEN/NMM/WES/01
A16: WORK REQUEST : Generator is faulty.
A17: SCHEDULED WORK
A18: Item 1 | B18: Description | E18: Unit | F18: Sch No | G18: Quantity | H18: Rate | I18: Amount
I19: =SUM(G19*H19) -> 0
I20: =SUM(G20*H20) -> 0
I21: =SUM(G21*H21) -> 0
A22: Sub Total A | I22: =SUM(I19:I21) -> 0
A23: NON SCHEDULED WORK
A24: Item 2 | B24: Description | G24: Quantity | H24: Rate | I24: Amount
A25: 1 | B25: Battery 658 | G25: 1 | H25: 1686.96 | I25: =H25*G25 -> 1686.96
A39: Sub Total | I39: =SUM(I25:I38) -> 1686.96
A40: Mark - Up 15% | I40: =ROUND((I39*0.15),2) -> 253.04
A41: SUb Total B | I41: =I39+I40 -> 1940
A42: LABOUR
A43: Item 3 | B43: (Normal Rate) | E43: Unit | G43: Quantity | H43: Rate | I43: Amount
A44: 1 | B44: Techinician | E44: HRS | H44: 450 | I44: =SUM(G44*H44) -> 0
A45: 2 | B45: Senior Artisan | E45: HRS | H45: 350 | I45: =SUM(G45*H45) -> 0
A46: 3 | B46: Artisan (Trade Tested) | E46: HRS | G46: 1 | H46: 300 | I46: =SUM(G46*H46) -> 300
A47: 4 | B47: Utility Man (Non - Trade Tested) | E47: HRS | H47: 200 | I47: =SUM(G47*H47) -> 0
A48: 5 | B48: Artisan Aid | E48: HRS | G48: 1 | H48: 200 | I48: =SUM(G48*H48) -> 200
A49: 6 | B49: General Worker (3) | E49: HRS | H49: 140 | I49: =SUM(G49*H49) -> 0
A53: Sub Total C | I53: =SUM(I44:I52) -> 500
A54: TRANSPORT
A55: Item 4 | B55: Destinantion | E55: No of Trips | G55: KMs | H55: Rate | I55: Amount
A56: 1 | B56: Office to West End
B57: and back. | E57: 1 | G57: 34 | H57: 5 | I57: =H57*G57 -> 170
A59: Sub Total D | I59: =SUM(I56:I58) -> 170
G61: Sub Total (A+B+C+D) | I61: =I59+I53+I41 -> 2610
G63: Sub Total | I63: =I61+I62 -> 2610

Sheet Dora Ngiza chc (59)
A9: QUOTE TO : | F9: Qoute No | H9: =#REF! -> #REF!
A10: Department of Health | F10: Date | H10: =#REF! -> #REF!
A11: 717 Dukumbana Building | F11: Facility | H11: =#REF! -> #REF!
A12: Independent Avenue | F12: Work Order | H12: =#REF! -> #REF!
A13: Bhisho | F13: Tender No | H13: SCMU3 - 17/18-0303 - HO
F14: Contract Term | H14: 24 MONTHS
F15: GEN Id | H15: GEN/NMM/DOR/01
A16: WORK REQUEST : Generator is faulty.
A17: SCHEDULED WORK
A18: Item 1 | B18: Description | E18: Unit | F18: Sch No | G18: Quantity | H18: Rate | I18: Amount
I19: =SUM(G19*H19) -> 0
I20: =SUM(G20*H20) -> 0
I21: =SUM(G21*H21) -> 0
A22: Sub Total A | I22: =SUM(I19:I21) -> 0
A23: NON SCHEDULED WORK
A24: Item 2 | B24: Description | G24: Quantity | H24: Rate | I24: Amount
A25: 1 | B25: Battery 682 | G25: 2 | H25: 2343.48 | I25: =H25*G25 -> 4686.96
A26: 2 | B26: 60A Circuit Breaker | G26: 1 | H26: 498 | I26: =H26*G26 -> 498
A39: Sub Total | I39: =SUM(I25:I38) -> 5184.96
A40: Mark - Up 15% | I40: =ROUND((I39*0.15),2) -> 777.74
A41: SUb Total B | I41: =I39+I40 -> 5962.7
A42: LABOUR
A43: Item 3 | B43: (Normal Rate) | E43: Unit | G43: Quantity | H43: Rate | I43: Amount
A44: 1 | B44: Techinician | E44: HRS | G44: 6 | H44: 450 | I44: =SUM(G44*H44) -> 2700
A45: 2 | B45: Senior Artisan | E45: HRS | H45: 350 | I45: =SUM(G45*H45) -> 0
A46: 3 | B46: Artisan (Trade Tested) | E46: HRS | H46: 300 | I46: =SUM(G46*H46) -> 0
A47: 4 | B47: Utility Man (Non - Trade Tested) | E47: HRS | H47: 200 | I47: =SUM(G47*H47) -> 0
A48: 5 | B48: Artisan Aid | E48: HRS | G48: 6 | H48: 200 | I48: =SUM(G48*H48) -> 1200
A49: 6 | B49: General Worker (3) | E49: HRS | H49: 140 | I49: =SUM(G49*H49) -> 0
A53: Sub Total C | I53: =SUM(I44:I52) -> 3900
A54: TRANSPORT
A55: Item 4 | B55: Destinantion | E55: No of Trips | G55: KMs | H55: Rate | I55: Amount
A56: 1 | B56: Office to Dora Ngiza Hospital
B57: and back. | E57: 2 | G57: 66.4 | H57: 5 | I57: =H57*G57 -> 332
A59: Sub Total D | I59: =SUM(I56:I58) -> 332
G61: Sub Total (A+B+C+D) | I61: =I59+I53+I41 -> 10194.7
G63: Sub Total | I63: =I61+I62 -> 10194.7

Sheet New Brighston (60)
A9: QUOTE TO : | F9: Qoute No | H9: =#REF! -> #REF!
A10: Department of Health | F10: Date | H10: =#REF! -> #REF!
A11: 717 Dukumbana Building | F11: Facility | H11: =#REF! -> #REF!
A12: Independent Avenue | F12: Work Order | H12: =#REF! -> #REF!
A13: Bhisho | F13: Tender No | H13: SCMU3 - 17/18-0303 - HO
F14: Contract Term | H14: 24 MONTHS
F15: GEN Id | H15: GEN/NMM/NEW/01
A16: WORK REQUEST : Connection of other areas to the generator.
A17: SCHEDULED WORK
A18: Item 1 | B18: Description | E18: Unit | F18: Sch No | G18: Quantity | H18: Rate | I18: Amount
I19: =SUM(G19*H19) -> 0
I20: =SUM(G20*H20) -> 0
I21: =SUM(G21*H21) -> 0
A22: Sub Total A | I22: =SUM(I19:I21) -> 0
A23: NON SCHEDULED WORK
A24: Item 2 | B24: Description | G24: Quantity | H24: Rate | I24: Amount
A25: 1 | B25: Spray fast dry | G25: 3 | H25: 65.21 | I25: =H25*G25 -> 195.63
A26: 2 | B26: Water paper sheet | G26: 4 | H26: 12.17 | I26: =H26*G26 -> 48.68
A27: 3 | B27: Water paper sheet grit | G27: 1 | H27: 57.39 | I27: =H27*G27 -> 57.39
A39: Sub Total | I39: 301.73
A40: Mark - Up 15% | I40: =ROUND((I39*0.15),2) -> 45.26
A41: SUb Total B | I41: =I39+I40 -> 346.99
A42: LABOUR
A43: Item 3 | B43: (Normal Rate) | E43: Unit | G43: Quantity | H43: Rate | I43: Amount
A44: 1 | B44: Techinician | E44: HRS | H44: 450 | I44: =SUM(G44*H44) -> 0
A45: 2 | B45: Senior Artisan | E45: HRS | H45: 350 | I45: =SUM(G45*H45) -> 0
A46: 3 | B46: Artisan (Trade Tested) | E46: HRS | G46: 34 | H46: 300 | I46: =SUM(G46*H46) -> 10200
A47: 4 | B47: Utility Man (Non - Trade Tested) | E47: HRS | H47: 200 | I47: =SUM(G47*H47) -> 0
A48: 5 | B48: Artisan Aid | E48: HRS | G48: 34 | H48: 200 | I48: =SUM(G48*H48) -> 6800
A49: 6 | B49: General Worker (3) | E49: HRS | H49: 140 | I49: =SUM(G49*H49) -> 0
A53: Sub Total C | I53: =SUM(I44:I52) -> 17000
A54: TRANSPORT
A55: Item 4 | B55: Destinantion | E55: No of Trips | G55: KMs | H55: Rate | I55: Amount
A56: 1 | B56: Office to New Brighston Forensic
B57: and back. | E57: 4 | G57: 104.8 | H57: 5 | I57: =H57*G57 -> 524
A59: Sub Total D | I59: =SUM(I56:I58) -> 524
G61: Sub Total (A+B+C+D) | I61: =I59+I53+I41 -> 17870.99
G63: Sub Total | I63: =I61+I62 -> 17870.99

Sheet Jose Pearson TB Hosp (61)
A9: QUOTE TO : | F9: Qoute No | H9: =#REF! -> #REF!
A10: Department of Health | F10: Date | H10: =#REF! -> #REF!
A11: 717 Dukumbana Building | F11: Facility | H11: =#REF! -> #REF!
A12: Independent Avenue | F12: Work Order | H12: =#REF! -> #REF!
A13: Bhisho | F13: Tender No | H13: SCMU3 - 17/18-0303 - HO
F14: Contract Term | H14: 24 MONTHS
F15: GEN Id | H15: GEN/NMM/JOS/01
A16: WORK REQUEST : Generator not strting up.
A17: SCHEDULED WORK
A18: Item 1 | B18: Description | E18: Unit | F18: Sch No | G18: Quantity | H18: Rate | I18: Amount
I19: =SUM(G19*H19) -> 0
I20: =SUM(G20*H20) -> 0
I21: =SUM(G21*H21) -> 0
A22: Sub Total A | I22: =SUM(I19:I21) -> 0
A23: NON SCHEDULED WORK
A24: Item 2 | B24: Description | G24: Quantity | H24: Rate | I24: Amount
A39: Sub Total
A40: Mark - Up 15%
A41: SUb Total B
A42: LABOUR
A43: Item 3 | B43: (Normal Rate) | E43: Unit | G43: Quantity | H43: Rate | I43: Amount
A44: 1 | B44: Techinician | E44: HRS | H44: 450 | I44: =SUM(G44*H44) -> 0
A45: 2 | B45: Senior Artisan | E45: HRS | H45: 350 | I45: =SUM(G45*H45) -> 0
A46: 3 | B46: Artisan (Trade Tested) | E46: HRS | G46: 1 | H46: 300 | I46: =SUM(G46*H46) -> 300
A47: 4 | B47: Utility Man (Non - Trade Tested) | E47: HRS | H47: 200 | I47: =SUM(G47*H47) -> 0
A48: 5 | B48: Artisan Aid | E48: HRS | G48: 1 | H48: 200 | I48: =SUM(G48*H48) -> 200
A49: 6 | B49: General Worker (3) | E49: HRS | H49: 140 | I49: =SUM(G49*H49) -> 0
A53: Sub Total C | I53: =SUM(I44:I52) -> 500
A54: TRANSPORT
A55: Item 4 | B55: Destinantion | E55: No of Trips | G55: KMs | H55: Rate | I55: Amount
A56: 1 | B56: Office to Jose Pearson TB Hospital
B57: and back. | E57: 1 | G57: 56.6 | H57: 5 | I57: =H57*G57 -> 283
A59: Sub Total D | I59: =SUM(I56:I58) -> 283
G61: Sub Total (A+B+C+D) | I61: =I59+I53+I41 -> 783
G63: Sub Total | I63: =I61+I62 -> 783

Sheet Jose Pearson TB Hosp (62)
A9: QUOTE TO : | F9: Qoute No | H9: =#REF! -> #REF!
A10: Department of Health | F10: Date | H10: =#REF! -> #REF!
A11: 717 Dukumbana Building | F11: Facility | H11: =#REF! -> #REF!
A12: Independent Avenue | F12: Work Order | H12: =#REF! -> #REF!
A13: Bhisho | F13: Tender No | H13: SCMU3 - 17/18-0303 - HO
F14: Contract Term | H14: 24 MONTHS
F15: GEN Id | H15: GEN/NMM/JOS/01
A16: WORK REQUEST : Stand by generator is faulty.
A17: SCHEDULED WORK
A18: Item 1 | B18: Description | E18: Unit | F18: Sch No | G18: Quantity | H18: Rate | I18: Amount
I19: =SUM(G19*H19) -> 0
I20: =SUM(G20*H20) -> 0
I21: =SUM(G21*H21) -> 0
A22: Sub Total A | I22: =SUM(I19:I21) -> 0
A23: NON SCHEDULED WORK
A24: Item 2 | B24: Description | G24: Quantity | H24: Rate | I24: Amount
A25: 1 | B25: Control module (7320 Deep sea) | G25: 1 | H25: 9509 | I25: =H25*G25 -> 9509
A39: Sub Total | I39: =SUM(I25:I38) -> 9509
A40: Mark - Up 15% | I40: =ROUND((I39*0.15),2) -> 1426.35
A41: SUb Total B | I41: =I39+I40 -> 10935.35
A42: LABOUR
A43: Item 3 | B43: (Normal Rate) | E43: Unit | G43: Quantity | H43: Rate | I43: Amount
A44: 1 | B44: Techinician | E44: HRS | H44: 450 | I44: =SUM(G44*H44) -> 0
A45: 2 | B45: Senior Artisan | E45: HRS | H45: 350 | I45: =SUM(G45*H45) -> 0
A46: 3 | B46: Artisan (Trade Tested) | E46: HRS | G46: 3 | H46: 300 | I46: =SUM(G46*H46) -> 900
A47: 4 | B47: Utility Man (Non - Trade Tested) | E47: HRS | H47: 200 | I47: =SUM(G47*H47) -> 0
A48: 5 | B48: Artisan Aid | E48: HRS | G48: 3 | H48: 200 | I48: =SUM(G48*H48) -> 600
A49: 6 | B49: General Worker (3) | E49: HRS | H49: 140 | I49: =SUM(G49*H49) -> 0
A53: Sub Total C | I53: =SUM(I44:I52) -> 1500
A54: TRANSPORT
A55: Item 4 | B55: Destinantion | E55: No of Trips | G55: KMs | H55: Rate | I55: Amount
A56: 1 | B56: Office to Jose Pearson TB Hospital
B57: and back. | E57: 1 | G57: 56.6 | H57: 5 | I57: =H57*G57 -> 283
A59: Sub Total D | I59: =SUM(I56:I58) -> 283
G61: Sub Total (A+B+C+D) | I61: =I59+I53+I41 -> 12718.35
G63: Sub Total | I63: =I61+I62 -> 12718.35

Sheet Livingstone Hosp (63)
A9: QUOTE TO : | F9: Qoute No | H9: =#REF! -> #REF!
A10: Department of Health | F10: Date | H10: =#REF! -> #REF!
A11: 717 Dukumbana Building | F11: Facility | H11: =#REF! -> #REF!
A12: Independent Avenue | F12: Work Order | H12: =#REF! -> #REF!
A13: Bhisho | F13: Tender No | H13: SCMU3 - 17/18-0303 - HO
F14: Contract Term | H14: 24 MONTHS
F15: GEN Id | H15: GEN/NMM/LIV/01
A16: WORK REQUEST : Generator is faulty.
A17: SCHEDULED WORK
A18: Item 1 | B18: Description | E18: Unit | F18: Sch No | G18: Quantity | H18: Rate | I18: Amount
I19: =SUM(G19*H19) -> 0
I20: =SUM(G20*H20) -> 0
I21: =SUM(G21*H21) -> 0
A22: Sub Total A | I22: =SUM(I19:I21) -> 0
A23: NON SCHEDULED WORK
A24: Item 2 | B24: Description | G24: Quantity | H24: Rate | I24: Amount
A25: 1 | B25: Battery 689 | G25: 2 | H25: 2582.6 | I25: =H25*G25 -> 5165.2
A26: 2 | B26: Battery terminals | G26: 2 | H26: 45 | I26: =H26*G26 -> 90
A39: Sub Total | I39: =SUM(I25:I38) -> 5255.2
A40: Mark - Up 15% | I40: =ROUND((I39*0.15),2) -> 788.28
A41: SUb Total B | I41: =I39+I40 -> 6043.48
A42: LABOUR
A43: Item 3 | B43: (Normal Rate) | E43: Unit | G43: Quantity | H43: Rate | I43: Amount
A44: 1 | B44: Techinician | E44: HRS | H44: 450 | I44: =SUM(G44*H44) -> 0
A45: 2 | B45: Senior Artisan | E45: HRS | H45: 350 | I45: =SUM(G45*H45) -> 0
A46: 3 | B46: Artisan (Trade Tested) | E46: HRS | G46: 2 | H46: 300 | I46: =SUM(G46*H46) -> 600
A47: 4 | B47: Utility Man (Non - Trade Tested) | E47: HRS | H47: 200 | I47: =SUM(G47*H47) -> 0
A48: 5 | B48: Artisan Aid | E48: HRS | G48: 2 | H48: 200 | I48: =SUM(G48*H48) -> 400
A49: 6 | B49: General Worker (3) | E49: HRS | H49: 140 | I49: =SUM(G49*H49) -> 0
A53: Sub Total C | I53: =SUM(I44:I52) -> 1000
A54: TRANSPORT
A55: Item 4 | B55: Destinantion | E55: No of Trips | G55: KMs | H55: Rate | I55: Amount
A56: 1 | B56: Office to Livingston Hospital and back. | E56: 1 | G56: 21.2 | H56: 5 | I56: =H56*G56 -> 106
A58: Sub Total D | I58: =SUM(I56:I57) -> 106
G60: Sub Total (A+B+C+D) | I60: =I58+I53+I41 -> 7149.48
G62: Sub Total | I62: =I60+I61 -> 7149.48

Sheet Jose Pearson TB Hosp (64)
A9: QUOTE TO : | F9: Qoute No | H9: =#REF! -> #REF!
A10: Department of Health | F10: Date | H10: =#REF! -> #REF!
A11: 717 Dukumbana Building | F11: Facility | H11: =#REF! -> #REF!
A12: Independent Avenue | F12: Work Order | H12: =#REF! -> #REF!
A13: Bhisho | F13: Tender No | H13: SCMU3 - 17/18-0303 - HO
F14: Contract Term | H14: 24 MONTHS
F15: GEN Id | H15: GEN/NMM/JOS/01
A16: WORK REQUEST : Generator is faulty.
A17: SCHEDULED WORK
A18: Item 1 | B18: Description | E18: Unit | F18: Sch No | G18: Quantity | H18: Rate | I18: Amount
I19: =SUM(G19*H19) -> 0
I20: =SUM(G20*H20) -> 0
I21: =SUM(G21*H21) -> 0
A22: Sub Total A | I22: =SUM(I19:I21) -> 0
A23: NON SCHEDULED WORK
A24: Item 2 | B24: Description | G24: Quantity | H24: Rate | I24: Amount
A25: 1 | B25: Water sep | G25: 1 | H25: 651 | I25: =H25*G25 -> 651
A26: 2 | B26: Diesel filter | G26: 1 | H26: 482.94 | I26: =H26*G26 -> 482.94
A27: 3 | B27: Diesel fix | G27: 2 | H27: 271.3 | I27: =H27*G27 -> 542.6
A39: Sub Total | I39: =SUM(I25:I38) -> 1676.54
A40: Mark - Up 15% | I40: =ROUND((I39*0.15),2) -> 251.48
A41: SUb Total B | I41: =I39+I40 -> 1928.02
A42: LABOUR
A43: Item 3 | B43: (Normal Rate) | E43: Unit | G43: Quantity | H43: Rate | I43: Amount
A44: 1 | B44: Techinician | E44: HRS | H44: 450 | I44: =SUM(G44*H44) -> 0
A45: 2 | B45: Senior Artisan | E45: HRS | H45: 350 | I45: =SUM(G45*H45) -> 0
A46: 3 | B46: Artisan (Trade Tested) | E46: HRS | G46: 12 | H46: 300 | I46: =SUM(G46*H46) -> 3600
A47: 4 | B47: Utility Man (Non - Trade Tested) | E47: HRS | H47: 200 | I47: =SUM(G47*H47) -> 0
A48: 5 | B48: Artisan Aid | E48: HRS | G48: 12 | H48: 200 | I48: =SUM(G48*H48) -> 2400
A49: 6 | B49: General Worker (3) | E49: HRS | H49: 140 | I49: =SUM(G49*H49) -> 0
A53: Sub Total C | I53: =SUM(I44:I52) -> 6000
A54: TRANSPORT
A55: Item 4 | B55: Destinantion | E55: No of Trips | G55: KMs | H55: Rate | I55: Amount
A56: 1 | B56: Office to Jose Pearson TB Hospital and back | E56: 2 | G56: 113.2 | H56: 5 | I56: =H56*G56 -> 566
A58: Sub Total D | I58: =SUM(I56:I57) -> 566
G60: Sub Total (A+B+C+D) | I60: =I58+I53+I41 -> 8494.02
G62: Sub Total | I62: =I60+I61 -> 8494.02

Sheet Motherwell chc (65)
A9: QUOTE TO : | F9: Qoute No | H9: =#REF! -> #REF!
A10: Department of Health | F10: Date | H10: =#REF! -> #REF!
A11: 717 Dukumbana Building | F11: Facility | H11: =#REF! -> #REF!
A12: Independent Avenue | F12: Work Order | H12: =#REF! -> #REF!
A13: Bhisho | F13: Tender No | H13: SCMU3 - 17/18-0303 - HO
F14: Contract Term | H14: 24 MONTHS
F15: GEN Id | H15: GEN/NMM/JOS/01
A16: WORK REQUEST : Generator exhaust is faulty and battery tail is leaking.
A17: SCHEDULED WORK
A18: Item 1 | B18: Description | E18: Unit | F18: Sch No | G18: Quantity | H18: Rate | I18: Amount
I19: =SUM(G19*H19) -> 0
I20: =SUM(G20*H20) -> 0
I21: =SUM(G21*H21) -> 0
A22: Sub Total A | I22: =SUM(I19:I21) -> 0
A23: NON SCHEDULED WORK
A24: Item 2 | B24: Description | G24: Quantity | H24: Rate | I24: Amount
A25: 1 | B25: Pipe flex | G25: 1 | H25: 1650 | I25: =H25*G25 -> 1650
A26: 2 | B26: Battery 683 | G26: 2 | H26: 2239.13 | I26: =H26*G26 -> 4478.26
A27: 3 | I27: =H27*G27 -> 0
A39: Sub Total | I39: =SUM(I25:I38) -> 6128.26
A40: Mark - Up 15% | I40: =ROUND((I39*0.15),2) -> 919.24
A41: SUb Total B | I41: =I39+I40 -> 7047.5
A42: LABOUR
A43: Item 3 | B43: (Normal Rate) | E43: Unit | G43: Quantity | H43: Rate | I43: Amount
A44: 1 | B44: Techinician | E44: HRS | H44: 450 | I44: =SUM(G44*H44) -> 0
A45: 2 | B45: Senior Artisan | E45: HRS | H45: 350 | I45: =SUM(G45*H45) -> 0
A46: 3 | B46: Artisan (Trade Tested) | E46: HRS | G46: 8 | H46: 300 | I46: =SUM(G46*H46) -> 2400
A47: 4 | B47: Utility Man (Non - Trade Tested) | E47: HRS | H47: 200 | I47: =SUM(G47*H47) -> 0
A48: 5 | B48: Artisan Aid | E48: HRS | G48: 8 | H48: 200 | I48: =SUM(G48*H48) -> 1600
A49: 6 | B49: General Worker (3) | E49: HRS | H49: 140 | I49: =SUM(G49*H49) -> 0
A53: Sub Total C | I53: =SUM(I44:I52) -> 4000
A54: TRANSPORT
A55: Item 4 | B55: Destinantion | E55: No of Trips | G55: KMs | H55: Rate | I55: Amount
A56: 1 | B56: Office to Motherwell chc and back | E56: 2 | G56: 131.6 | H56: 5 | I56: =H56*G56 -> 658
A58: Sub Total D | I58: =SUM(I56:I57) -> 658
G60: Sub Total (A+B+C+D) | I60: =I58+I53+I41 -> 11705.5
G62: Sub Total | I62: =I60+I61 -> 11705.5

Sheet Dora Ngiza (66)
A9: QUOTE TO : | F9: Qoute No | H9: 66
A10: Department of Health | F10: Date | H10: 44155
A11: 717 Dukumbana Building | F11: Facility | H11: Dora Ngiza chc
A12: Independent Avenue | F12: Work Order | H12: ECDOH 102875
A13: Bhisho | F13: Tender No | H13: SCMU3 - 17/18-0303 - HO
F14: Contract Term | H14: 24 MONTHS
F15: GEN Id
A16: WORK REQUEST : 4 X Generator batteries to bechanged.
A17: SCHEDULED WORK
A18: Item 1 | B18: Description | E18: Unit | F18: Sch No | G18: Quantity | H18: Rate | I18: Amount
I19: =SUM(G19*H19) -> 0
I20: =SUM(G20*H20) -> 0
I21: =SUM(G21*H21) -> 0
A22: Sub Total A | I22: =SUM(I19:I21) -> 0
A23: NON SCHEDULED WORK
A24: Item 2 | B24: Description | G24: Quantity | H24: Rate | I24: Amount
A25: 1 | B25: 695SHD (B183C) - 12V 220AH SMF | G25: 2 | H25: 3324.17 | I25: =H25*G25 -> 6648.34
A26: 2 | B26: 683HC (B121C) - 12V 140AH SMF | G26: 2 | H26: 2239.13 | I26: =H26*G26 -> 4478.26
A27: 3 | B27: 683HC (B121C) - 12V 140AH SMF | G27: 2 | H27: 2239.13 | I27: =H27*G27 -> 4478.26
A28: 4 | B28: 683HC (B121C) - 12V 140AH SMF | G28: 2 | H28: 2239.13 | I28: =H28*G28 -> 4478.26
A39: Sub Total | I39: =SUM(I25:I38) -> 20083.12
A40: Mark - Up 15% | I40: =ROUND((I39*0.15),2) -> 3012.47
A41: SUb Total B | I41: =I39+I40 -> 23095.59
A42: LABOUR
A43: Item 3 | B43: (Normal Rate) | E43: Unit | G43: Quantity | H43: Rate | I43: Amount
A44: 1 | B44: Techinician | E44: HRS | H44: 450 | I44: =SUM(G44*H44) -> 0
A45: 2 | B45: Senior Artisan | E45: HRS | H45: 350 | I45: =SUM(G45*H45) -> 0
A46: 3 | B46: Artisan (Trade Tested) | E46: HRS | G46: 5 | H46: 300 | I46: =SUM(G46*H46) -> 1500
A47: 4 | B47: Utility Man (Non - Trade Tested) | E47: HRS | H47: 200 | I47: =SUM(G47*H47) -> 0
A48: 5 | B48: Artisan Aid | E48: HRS | G48: 5 | H48: 200 | I48: =SUM(G48*H48) -> 1000
A49: 6 | B49: General Worker (3) | E49: HRS | H49: 140 | I49: =SUM(G49*H49) -> 0
A53: Sub Total C | I53: =SUM(I44:I52) -> 2500
A54: TRANSPORT
A55: Item 4 | B55: Destinantion | E55: No of Trips | G55: KMs | H55: Rate | I55: Amount
A56: 1 | B56: Office to Dora Ngiz aHospital and back | E56: 2 | G56: 92 | H56: 5 | I56: =H56*G56 -> 460
A58: Sub Total D | I58: =SUM(I56:I57) -> 460
G60: Sub Total (A+B+C+D) | I60: =I58+I53+I41 -> 26055.59
G62: Sub Total | I62: =I60+I61 -> 26055.59

Sheet Orsmond TB Hosp (66)
A9: QUOTE TO : | F9: Qoute No | H9: 66
A10: Department of Health | F10: Date | H10: =#REF! -> #REF!
A11: 717 Dukumbana Building | F11: Facility | H11: =#REF! -> #REF!
A12: Independent Avenue | F12: Work Order | H12: =#REF! -> #REF!
A13: Bhisho | F13: Tender No | H13: SCMU3 - 17/18-0303 - HO
F14: Contract Term | H14: 24 MONTHS
F15: GEN ID | H15: GEN/NMM/ORS/01
A16: WORK REQUEST : Generator is faulty.
A17: SCHEDULED WORK
A18: Item 1 | B18: Description | E18: Unit | F18: Sch No | G18: Quantity | H18: Rate | I18: Amount
I19: =SUM(G19*H19) -> 0
I20: =SUM(G20*H20) -> 0
I21: =SUM(G21*H21) -> 0
A22: Sub Total A | I22: =SUM(I19:I21) -> 0
A23: NON SCHEDULED WORK
A24: Item 2 | B24: Description | G24: Quantity | H24: Rate | I24: Amount
A39: Sub Total | I39: =SUM(I25:I38) -> 0
A40: Mark - Up 15% | I40: =ROUND((I39*0.15),2) -> 0
A41: SUb Total B | I41: =I39+I40 -> 0
A42: LABOUR
A43: Item 3 | B43: (Normal Rate) | E43: Unit | G43: Quantity | H43: Rate | I43: Amount
A44: 1 | B44: Techinician | E44: HRS | H44: 450 | I44: =SUM(G44*H44) -> 0
A45: 2 | B45: Senior Artisan | E45: HRS | H45: 350 | I45: =SUM(G45*H45) -> 0
A46: 3 | B46: Artisan (Trade Tested) | E46: HRS | G46: 1 | H46: 300 | I46: =SUM(G46*H46) -> 300
A47: 4 | B47: Utility Man (Non - Trade Tested) | E47: HRS | H47: 200 | I47: =SUM(G47*H47) -> 0
A48: 5 | B48: Artisan Aid | E48: HRS | G48: 1 | H48: 200 | I48: =SUM(G48*H48) -> 200
A49: 6 | B49: General Worker (3) | E49: HRS | H49: 140 | I49: =SUM(G49*H49) -> 0
A53: Sub Total C | I53: =SUM(I44:I52) -> 500
A54: TRANSPORT
A55: Item 4 | B55: Destinantion | E55: No of Trips | G55: KMs | H55: Rate | I55: Amount
A56: 1 | B56: Office to Orsmond TB Hospital and back | E56: 1 | G56: 81.8 | H56: 5 | I56: =H56*G56 -> 409
A58: Sub Total D | I58: =SUM(I56:I57) -> 409
G60: Sub Total (A+B+C+D) | I60: =I58+I53+I41 -> 909
G62: Sub Total | I62: =I60+I61 -> 909

Sheet Dora Ngiza Hosp (67)
A9: QUOTE TO : | F9: Qoute No | H9: =#REF! -> #REF!
A10: Department of Health | F10: Date | H10: =#REF! -> #REF!
A11: 717 Dukumbana Building | F11: Facility | H11: =#REF! -> #REF!
A12: Independent Avenue | F12: Work Order | H12: =#REF! -> #REF!
A13: Bhisho | F13: Tender No | H13: SCMU3 - 17/18-0303 - HO
F14: Contract Term | H14: 24 MONTHS
F15: GEN ID | H15: GEN/NMM/DOR/04
A16: WORK REQUEST : Generator is faulty.
A17: SCHEDULED WORK
A18: Item 1 | B18: Description | E18: Unit | F18: Sch No | G18: Quantity | H18: Rate | I18: Amount
I19: =SUM(G19*H19) -> 0
I20: =SUM(G20*H20) -> 0
I21: =SUM(G21*H21) -> 0
A22: Sub Total A | I22: =SUM(I19:I21) -> 0
A23: NON SCHEDULED WORK
A24: Item 2 | B24: Description | G24: Quantity | H24: Rate | I24: Amount
A39: Sub Total | I39: =SUM(I25:I38) -> 0
A40: Mark - Up 15% | I40: =ROUND((I39*0.15),2) -> 0
A41: SUb Total B | I41: =I39+I40 -> 0
A42: LABOUR
A43: Item 3 | B43: (Normal Rate) | E43: Unit | G43: Quantity | H43: Rate | I43: Amount
A44: 1 | B44: Techinician | E44: HRS | H44: 450 | I44: =SUM(G44*H44) -> 0
A45: 2 | B45: Senior Artisan | E45: HRS | H45: 350 | I45: =SUM(G45*H45) -> 0
A46: 3 | B46: Artisan (Trade Tested) | E46: HRS | G46: 2 | H46: 300 | I46: =SUM(G46*H46) -> 600
A47: 4 | B47: Utility Man (Non - Trade Tested) | E47: HRS | H47: 200 | I47: =SUM(G47*H47) -> 0
A48: 5 | B48: Artisan Aid | E48: HRS | G48: 2 | H48: 200 | I48: =SUM(G48*H48) -> 400
A49: 6 | B49: General Worker (3) | E49: HRS | H49: 140 | I49: =SUM(G49*H49) -> 0
A53: Sub Total C | I53: =SUM(I44:I52) -> 1000
A54: TRANSPORT
A55: Item 4 | B55: Destinantion | E55: No of Trips | G55: KMs | H55: Rate | I55: Amount
A56: 1 | B56: Office to EMS Dora Ngiza and back | E56: 1 | G56: 33.2 | H56: 5 | I56: =H56*G56 -> 166
A58: Sub Total D | I58: =SUM(I56:I57) -> 166
G60: Sub Total (A+B+C+D) | I60: =I58+I53+I41 -> 1166
G62: Sub Total | I62: =I60+I61 -> 1166

Sheet Uitenhage Forensic (68)
A9: QUOTE TO : | F9: Qoute No | H9: =#REF! -> #REF!
A10: Department of Health | F10: Date | H10: =#REF! -> #REF!
A11: 717 Dukumbana Building | F11: Facility | H11: =#REF! -> #REF!
A12: Independent Avenue | F12: Work Order | H12: =#REF! -> #REF!
A13: Bhisho | F13: Tender No | H13: SCMU3 - 17/18-0303 - HO
F14: Contract Term | H14: 24 MONTHS
F15: GEN ID | H15: GEN/NMM/UFP/01
A16: WORK REQUEST : Generator battery is faulty
A17: SCHEDULED WORK
A18: Item 1 | B18: Description | E18: Unit | F18: Sch No | G18: Quantity | H18: Rate | I18: Amount
I19: =SUM(G19*H19) -> 0
I20: =SUM(G20*H20) -> 0
I21: =SUM(G21*H21) -> 0
A22: Sub Total A | I22: =SUM(I19:I21) -> 0
A23: NON SCHEDULED WORK
A24: Item 2 | B24: Description | G24: Quantity | H24: Rate | I24: Amount
A25: 1 | B25: Battery 646 | G25: 1 | H25: 963.9 | I25: =H25*G25 -> 963.9
A39: Sub Total | I39: =SUM(I25:I38) -> 963.9
A40: Mark - Up 15% | I40: =ROUND((I39*0.15),2) -> 144.59
A41: SUb Total B | I41: =I39+I40 -> 1108.49
A42: LABOUR
A43: Item 3 | B43: (Normal Rate) | E43: Unit | G43: Quantity | H43: Rate | I43: Amount
A44: 1 | B44: Techinician | E44: HRS | H44: 450 | I44: =SUM(G44*H44) -> 0
A45: 2 | B45: Senior Artisan | E45: HRS | H45: 350 | I45: =SUM(G45*H45) -> 0
A46: 3 | B46: Artisan (Trade Tested) | E46: HRS | G46: 1 | H46: 300 | I46: =SUM(G46*H46) -> 300
A47: 4 | B47: Utility Man (Non - Trade Tested) | E47: HRS | H47: 200 | I47: =SUM(G47*H47) -> 0
A48: 5 | B48: Artisan Aid | E48: HRS | G48: 1 | H48: 200 | I48: =SUM(G48*H48) -> 200
A49: 6 | B49: General Worker (3) | E49: HRS | H49: 140 | I49: =SUM(G49*H49) -> 0
A53: Sub Total C | I53: =SUM(I44:I52) -> 500
A54: TRANSPORT
A55: Item 4 | B55: Destinantion | E55: No of Trips | G55: KMs | H55: Rate | I55: Amount
A56: 1 | B56: Office to Unitenhage Frensic phat and back | E56: 1 | G56: 84.2 | H56: 5 | I56: =H56*G56 -> 421
A58: Sub Total D | I58: =SUM(I56:I57) -> 421
G60: Sub Total (A+B+C+D) | I60: =I58+I53+I41 -> 2029.49
G62: Sub Total | I62: =I60+I61 -> 2029.49

Sheet Dora Ngiza Hospital (70)
A9: QUOTE TO : | F9: Qoute No | H9: =#REF! -> #REF!
A10: Department of Health | F10: Date | H10: =#REF! -> #REF!
A11: 717 Dukumbana Building | F11: Facility | H11: =#REF! -> #REF!
A12: Independent Avenue | F12: Work Order | H12: =#REF! -> #REF!
A13: Bhisho | F13: Tender No | H13: SCMU3 - 17/18-0303 - HO
F14: Contract Term | H14: 24 MONTHS
F15: GEN ID | H15: GEN/NMM/DOR/01-04
A16: WORK REQUEST : 4 x generators batteries to be changed
A17: SCHEDULED WORK
A18: Item 1 | B18: Description | E18: Unit | F18: Sch No | G18: Quantity | H18: Rate | I18: Amount
I19: =SUM(G19*H19) -> 0
I20: =SUM(G20*H20) -> 0
I21: =SUM(G21*H21) -> 0
A22: Sub Total A | I22: =SUM(I19:I21) -> 0
A23: NON SCHEDULED WORK
A24: Item 2 | B24: Description | G24: Quantity | H24: Rate | I24: Amount
A25: 1 | B25: Battery (695) | G25: 2 | H25: 3728.09 | I25: =H25*G25 -> 7456.18
A26: 2 | B26: Battery (683) | G26: 2 | H26: 2439.13 | I26: =H26*G26 -> 4878.26
A27: 3 | B27: Battery (683) | G27: 2 | H27: 2439.13 | I27: =H27*G27 -> 4878.26
A28: 4 | B28: Battery (683) | G28: 2 | H28: 2439.13 | I28: =H28*G28 -> 4878.26
A29: 5 | B29: scrap value back | G29: 8 | H29: -230 | I29: =H29*G29 -> -1840
A39: Sub Total | I39: =SUM(I25:I38) -> 20250.96
A40: Mark - Up 15% | I40: =ROUND((I39*0.15),2) -> 3037.64
A41: SUb Total B | I41: =I39+I40 -> 23288.6
A42: LABOUR
A43: Item 3 | B43: (Normal Rate) | E43: Unit | G43: Quantity | H43: Rate | I43: Amount
A44: 1 | B44: Techinician | E44: HRS | H44: 450 | I44: =SUM(G44*H44) -> 0
A45: 2 | B45: Senior Artisan | E45: HRS | H45: 350 | I45: =SUM(G45*H45) -> 0
A46: 3 | B46: Artisan (Trade Tested) | E46: HRS | G46: 1.5 | H46: 300 | I46: =SUM(G46*H46) -> 450
A47: 4 | B47: Utility Man (Non - Trade Tested) | E47: HRS | H47: 200 | I47: =SUM(G47*H47) -> 0
A48: 5 | B48: Artisan Aid | E48: HRS | G48: 1.5 | H48: 200 | I48: =SUM(G48*H48) -> 300
A49: 6 | B49: General Worker | E49: HRS | H49: 140 | I49: =SUM(G49*H49) -> 0
A53: Sub Total C | I53: =SUM(I44:I52) -> 750
A54: TRANSPORT
A55: Item 4 | B55: Destinantion | E55: No of Trips | G55: KMs | H55: Rate | I55: Amount
A56: 1 | B56: Office to Dora Ngiza Hospital and back | E56: 2 | G56: 66.4 | H56: 5 | I56: =H56*G56 -> 332
A58: Sub Total D | I58: =SUM(I56:I57) -> 332
